Workbook
Name Типичные_операции: Бух.операции!$A$2:$A$29

Sheet Бух.операции
A1: Типичные операции
A3: Поступили членские взносы от нанимателя
A4: Поступили по кол.договорам
A5: Начислены % банка
A6: Получено по чеку №
A7: Выдано по расходно-кассовому ордеру №
A8: Плата за межбанковские переводы
A9: Плата за выдачу нал.ден.средств
A10: Плата за выдачу чековой книжки
A11: Акт на списание КО-2
A12: Материальная помощь
A13: Закрытие месяца
... A15: туристический слет

Sheet Титульный
A9: Журнал-главная
A11: Профсоюзная организация ___________________________________________
A13: на 2021 год

Sheet январь
B1: за | C1: январь | D1: 2021 года
A3: № п/п | B3: Число, месяц | C3: Краткое содержание операции или номер документа | D3: Сумма | E3: Счет 01 | G3: Счет 02 | I3: Счет 10 | K3: Счет 50 | M3: Счет 51 | O3: Счет 55 | Q3: Счет 60 | S3: Счет 68 | U3: Счет 71 | W3: Счет 76 | Y3: Счет 79 | AA3: Счет 86/01 | AC3: Расшифровка счета 86/01 | AF3: счет 86/01 Расшифровка счета | AJ3: Счет 26/01 | AL3: Расшифровка счета 26/01 | AW3: Счет 86/02 | AY3: Счет 26/02 | BA3: Расшифровка счета 26/02 | BE3: Контрольные суммы | BG3: Забалансовый счет 006
E4: Основные средства | G4: Амортизация осн.средств | I4: Материалы | K4: Касса | M4: Текущий расчетный счет | O4: Специальные счета в банках (депозитный) | Q4: Расчеты с поставщиками и подрядчиками | S4: Расчеты по налогам и сборам | U4: Расчеты с подотчетными лицами | W4: Расчеты с разными дебиторами и кредиторами | Y4: Внутрихозяйственные расчеты | AA4: Общехозяйственные доходы | AC4: Отчисления от членских профвзносов | AD4: % банка | AE4: % банка по депозиту | AF4: фонд помощи | AH4: другие статьи не включенные в фонд | AJ4: Общехозяйственные расходы | AL4: Материальная помощь членам профсоюза | AM4: Детское оздоровление | AN4: Благотворительная помощь | AO4: Обучение профсоюзного актива | AP4: Туристическо-экскурсионная деятельность, в т.ч. Услуги ТЭУП "Беларустурист" | AQ4: Культурно-массовая работа | AR4: Спортивная и культурно-массовая работа | AS4: Информационная работа, в т.ч.подписка на "Беларускi час" | AT4: Вознаграждение профсоюзному активу за выполнение общественной нагрузки | AU4: Расходы на целевые мероприятия (в районе, городе, области) | AV4: Прочие расходы, в т.ч.комиссионное вознаграждение банку | AW4: Общехозяйственные доходы (Целевые поступления по коллективным договорам) | AY4: Общехозяйственные расходы | BA4: Туристическо-экскурсионная деятельность, в т.ч. Услуги ТЭУП "Беларустурист" | BB4: матпомощь (страховка) | BC4: Культурно-массовая работа | BD4: Спортивная работа
E6: дебет | F6: кредит | G6: дебет | H6: кредит | I6: дебет | J6: кредит | K6: дебет | L6: кредит | M6: дебет | N6: кредит | O6: дебет | P6: кредит | Q6: дебет | R6: кредит | S6: дебет | T6: кредит | U6: дебет | V6: кредит | W6: дебет | X6: кредит | Y6: дебет | Z6: кредит | AA6: дебет | AB6: кредит | AF6: дебет | AG6: кредит | AH6: дебет | AI6: кредит | AJ6: дебет | AK6: кредит | AL6: фонд помощи | AO6: другие статьи не включенные в фонд | AW6: дебет | AX6: кредит | AY6: дебет | AZ6: кредит | BE6: дебет | BF6: кредит | BG6: кол-во | BH6: сумма
C7: Сальдо на 01.01.2021г. | D7: 1704.73 | M7: 1704.73 | N7: 0 | O7: 0 | P7: 0 | Q7: 0 | R7: 0 | S7: 0 | T7: 0 | U7: 0 | V7: 0 | W7: 0 | X7: 0 | Y7: 0 | Z7: 0 | AB7: 1704.73 | AG7: 0 | AH7: 0 | AI7: 0 | AJ7: 0 | AK7: 0 | AL7: 0 | AM7: 0 | AN7: 0 | AO7: 0 | AP7: 0 | AQ7: 0 | AR7: 0 | AS7: 0 | AT7: 0 | AU7: 0 | AV7: 0 | AW7: 0 | AY7: 0 | AZ7: 0 | BA7: 0 | BC7: 0 | BD7: 0 | BE7: =SUM(E7,G7,I7,K7,M7,O7,Q7,S7,U7,W7,Y7,AA7,AJ7,AW7,AY7) -> 1704.73 | BF7: =SUM(F7,H7,J7,L7,N7,P7,R7,T7,V7,X7,Z7,AB7,AK7,AX7,AZ7) -> 1704.73 | BG7: 0 | BH7: 0
A8: 1 | B8: 44202 | C8: Поступили членские взносы от нанимателя | D8: 323.18 | M8: 323.18 | AA8: =SUM(AF8,,AH8) -> 0 | AB8: =SUM(AC8:AE8) -> 323.18 | AC8: 323.18 | AG8: =AC8*$AF$5 -> 0 | AI8: =AC8*$AH$5 -> 0 | AJ8: =SUM(AL8:AV8) -> 0 | AY8: =SUM(BA8:BD8) -> 0 | BE8: =SUM(E8,G8,I8,K8,M8,O8,Q8,S8,U8,W8,Y8,AA8,AJ8,AW8,AY8) -> 323.18 | BF8: =SUM(F8,H8,J8,L8,N8,P8,R8,T8,V8,X8,Z8,AB8,AK8,AX8,AZ8) -> 323.18
A9: 2 | B9: 44208 | C9: Начислены % банка | D9: 11.7 | N9: 11.7 | AA9: =SUM(AF9,,AH9) -> 0 | AB9: =SUM(AC9:AE9) -> 0 | AG9: =AC9*$AF$5 -> 0 | AI9: =AC9*$AH$5 -> 0 | AJ9: =SUM(AL9:AV9) -> 11.7 | AV9: 11.7 | AY9: =SUM(BA9:BD9) -> 0 | BE9: =SUM(E9,G9,I9,K9,M9,O9,Q9,S9,U9,W9,Y9,AA9,AJ9,AW9,AY9) -> 11.7 | BF9: =SUM(F9,H9,J9,L9,N9,P9,R9,T9,V9,X9,Z9,AB9,AK9,AX9,AZ9) -> 11.7
A10: 3 | B10: 44214 | C10: Денежное вознаграждение к Благодарности Ломако Л.В. | D10: 50 | M10: 50 | Z10: 50 | AA10: =SUM(AF10,,AH10) -> 0 | AB10: =SUM(AC10:AE10) -> 0 | AG10: =AC10*$AF$5 -> 0 | AI10: =AC10*$AH$5 -> 0 | AJ10: =SUM(AL10:AV10) -> 0 | AY10: =SUM(BA10:BD10) -> 0 | BE10: =SUM(E10,G10,I10,K10,M10,O10,Q10,S10,U10,W10,Y10,AA10,AJ10,AW10,AY10) -> 50 | BF10: =SUM(F10,H10,J10,L10,N10,P10,R10,T10,V10,X10,Z10,AB10,AK10,AX10,AZ10) -> 50
A11: 4 | B11: 44225 | C11: Начислены % банка | D11: 0.83 | M11: 0.83 | AA11: =SUM(AF11,,AH11) -> 0 | AB11: =SUM(AC11:AE11) -> 0.83 | AD11: 0.83 | AG11: =AC11*$AF$5 -> 0 | AI11: =AC11*$AH$5 -> 0 | AJ11: =SUM(AL11:AV11) -> 0 | AY11: =SUM(BA11:BD11) -> 0 | BE11: =SUM(E11,G11,I11,K11,M11,O11,Q11,S11,U11,W11,Y11,AA11,AJ11,AW11,AY11) -> 0.83 | BF11: =SUM(F11,H11,J11,L11,N11,P11,R11,T11,V11,X11,Z11,AB11,AK11,AX11,AZ11) -> 0.83
A12: 5 | B12: 44227 | C12: Закрытие месяца | D12: 11.7 | AA12: =SUM(AF12,,AH12) -> 11.7 | AB12: =SUM(AC12:AE12) -> 0 | AG12: =AC12*$AF$5 -> 0 | AH12: 11.7 | AI12: =AC12*$AH$5 -> 0 | AJ12: =SUM(AL12:AV12) -> 0 | AK12: 11.7 | AY12: =SUM(BA12:BD12) -> 0 | BE12: =SUM(E12,G12,I12,K12,M12,O12,Q12,S12,U12,W12,Y12,AA12,AJ12,AW12,AY12) -> 11.7 | BF12: =SUM(F12,H12,J12,L12,N12,P12,R12,T12,V12,X12,Z12,AB12,AK12,AX12,AZ12) -> 11.7
A13: 6 | AA13: =SUM(AF13,,AH13) -> 0 | AB13: =SUM(AC13:AE13) -> 0 | AG13: =AC13*$AF$5 -> 0 | AI13: =AC13*$AH$5 -> 0 | AJ13: =SUM(AL13:AV13) -> 0 | AY13: =SUM(BA13:BD13) -> 0 | BE13: =SUM(E13,G13,I13,K13,M13,O13,Q13,S13,U13,W13,Y13,AA13,AJ13,AW13,AY13) -> 0 | BF13: =SUM(F13,H13,J13,L13,N13,P13,R13,T13,V13,X13,Z13,AB13,AK13,AX13,AZ13) -> 0
A14: 7 | AA14: =SUM(AF14,,AH14) -> 0 | AB14: =SUM(AC14:AE14) -> 0 | AG14: =AC14*$AF$5 -> 0 | AI14: =AC14*$AH$5 -> 0 | AJ14: =SUM(AL14:AV14) -> 0 | AY14: =SUM(BA14:BD14) -> 0 | BE14: =SUM(E14,G14,I14,K14,M14,O14,Q14,S14,U14,W14,Y14,AA14,AJ14,AW14,AY14) -> 0 | BF14: =SUM(F14,H14,J14,L14,N14,P14,R14,T14,V14,X14,Z14,AB14,AK14,AX14,AZ14) -> 0
A15: 8 | AA15: =SUM(AF15,,AH15) -> 0 | AB15: =SUM(AC15:AE15) -> 0 | AG15: =AC15*$AF$5 -> 0 | AI15: =AC15*$AH$5 -> 0 | AJ15: =SUM(AL15:AV15) -> 0 | AY15: =SUM(BA15:BD15) -> 0 | BE15: =SUM(E15,G15,I15,K15,M15,O15,Q15,S15,U15,W15,Y15,AA15,AJ15,AW15,AY15) -> 0 | BF15: =SUM(F15,H15,J15,L15,N15,P15,R15,T15,V15,X15,Z15,AB15,AK15,AX15,AZ15) -> 0
A16: 9 | AA16: =SUM(AF16,,AH16) -> 0 | AB16: =SUM(AC16:AE16) -> 0 | AG16: =AC16*$AF$5 -> 0 | AI16: =AC16*$AH$5 -> 0 | AJ16: =SUM(AL16:AV16) -> 0 | AY16: =SUM(BA16:BD16) -> 0 | BE16: =SUM(E16,G16,I16,K16,M16,O16,Q16,S16,U16,W16,Y16,AA16,AJ16,AW16,AY16) -> 0 | BF16: =SUM(F16,H16,J16,L16,N16,P16,R16,T16,V16,X16,Z16,AB16,AK16,AX16,AZ16) -> 0
A17: 10 | AA17: =SUM(AF17,,AH17) -> 0 | AB17: =SUM(AC17:AE17) -> 0 | AG17: =AC17*$AF$5 -> 0 | AI17: =AC17*$AH$5 -> 0 | AJ17: =SUM(AL17:AV17) -> 0 | AY17: =SUM(BA17:BD17) -> 0 | BE17: =SUM(E17,G17,I17,K17,M17,O17,Q17,S17,U17,W17,Y17,AA17,AJ17,AW17,AY17) -> 0 | BF17: =SUM(F17,H17,J17,L17,N17,P17,R17,T17,V17,X17,Z17,AB17,AK17,AX17,AZ17) -> 0
A18: 11 | AA18: =SUM(AF18,,AH18) -> 0 | AB18: =SUM(AC18:AE18) -> 0 | AG18: =AC18*$AF$5 -> 0 | AI18: =AC18*$AH$5 -> 0 | AJ18: =SUM(AL18:AV18) -> 0 | AY18: =SUM(BA18:BD18) -> 0 | BE18: =SUM(E18,G18,I18,K18,M18,O18,Q18,S18,U18,W18,Y18,AA18,AJ18,AW18,AY18) -> 0 | BF18: =SUM(F18,H18,J18,L18,N18,P18,R18,T18,V18,X18,Z18,AB18,AK18,AX18,AZ18) -> 0
A19: 12 | AA19: =SUM(AF19,,AH19) -> 0 | AB19: =SUM(AC19:AE19) -> 0 | AG19: =AC19*$AF$5 -> 0 | AI19: =AC19*$AH$5 -> 0 | AJ19: =SUM(AL19:AV19) -> 0 | AY19: =SUM(BA19:BD19) -> 0 | BE19: =SUM(E19,G19,I19,K19,M19,O19,Q19,S19,U19,W19,Y19,AA19,AJ19,AW19,AY19) -> 0 | BF19: =SUM(F19,H19,J19,L19,N19,P19,R19,T19,V19,X19,Z19,AB19,AK19,AX19,AZ19) -> 0
A20: 13 | AA20: =SUM(AF20,,AH20) -> 0 | AB20: =SUM(AC20:AE20) -> 0 | AG20: =AC20*$AF$5 -> 0 | AI20: =AC20*$AH$5 -> 0 | AJ20: =SUM(AL20:AV20) -> 0 | AY20: =SUM(BA20:BD20) -> 0 | BE20: =SUM(E20,G20,I20,K20,M20,O20,Q20,S20,U20,W20,Y20,AA20,AJ20,AW20,AY20) -> 0 | BF20: =SUM(F20,H20,J20,L20,N20,P20,R20,T20,V20,X20,Z20,AB20,AK20,AX20,AZ20) -> 0
A21: 14 | AA21: =SUM(AF21,,AH21) -> 0 | AB21: =SUM(AC21:AE21) -> 0 | AG21: =AC21*$AF$5 -> 0 | AI21: =AC21*$AH$5 -> 0 | AJ21: =SUM(AL21:AV21) -> 0 | AY21: =SUM(BA21:BD21) -> 0 | BE21: =SUM(E21,G21,I21,K21,M21,O21,Q21,S21,U21,W21,Y21,AA21,AJ21,AW21,AY21) -> 0 | BF21: =SUM(F21,H21,J21,L21,N21,P21,R21,T21,V21,X21,Z21,AB21,AK21,AX21,AZ21) -> 0
C22: Обороты | D22: =SUM(D8:D21) -> 397.41 | E22: =SUM(E8:E21) -> 0 | F22: =SUM(F8:F21) -> 0 | G22: =SUM(G8:G21) -> 0 | H22: =SUM(H8:H21) -> 0 | I22: =SUM(I8:I21) -> 0 | J22: =SUM(J8:J21) -> 0 | K22: =SUM(K8:K21) -> 0 | ... BH22: =SUM(BH8:BH21) -> 0
C23: Сальдо на 01.02.2021г. | E23: =IF((SUM(E$7,E$22)-(SUM(F$7,F$22))<0),0)+IF((SUM(E$7,E$22)-(SUM(F$7,F$22))>0),(SUM(E$7,E$22)-(SUM(F$7,F$22)))) -> 0 | F23: =IF((SUM(F$7,F$22)-(SUM(E$7,E$22))<0),0)+IF((SUM(F$7,F$22)-(SUM(E$7,E$22))>0),(SUM(F$7,F$22)-(SUM(E$7,E$22)))) -> 0 | G23: =IF((SUM(G$7,G$22)-(SUM(H$7,H$22))<0),0)+IF((SUM(G$7,G$22)-(SUM(H$7,H$22))>0),(SUM(G$7,G$22)-(SUM(H$7,H$22)))) -> 0 | H23: =IF((SUM(H$7,H$22)-(SUM(G$7,G$22))<0),0)+IF((SUM(H$7,H$22)-(SUM(G$7,G$22))>0),(SUM(H$7,H$22)-(SUM(G$7,G$22)))) -> 0 | I23: =IF((SUM(I$7,I$22)-(SUM(J$7,J$22))<0),0)+IF((SUM(I$7,I$22)-(SUM(J$7,J$22))>0),(SUM(I$7,I$22)-(SUM(J$7,J$22)))) -> 0 | J23: =IF((SUM(J$7,J$22)-(SUM(I$7,I$22))<0),0)+IF((SUM(J$7,J$22)-(SUM(I$7,I$22))>0),(SUM(J$7,J$22)-(SUM(I$7,I$22)))) -> 0 | K23: =IF((SUM(K$7,K$22)-(SUM(L$7,L$22))<0),0)+IF((SUM(K$7,K$22)-(SUM(L$7,L$22))>0),(SUM(K$7,K$22)-(SUM(L$7,L$22)))) -> 0 | L23: =IF((SUM(L$7,L$22)-(SUM(K$7,K$22))<0),0)+IF((SUM(L$7,L$22)-(SUM(K$7,K$22))>0),(SUM(L$7,L$22)-(SUM(K$7,K$22)))) -> 0 | M23: =IF((SUM(M$7,M$22)-(SUM(N$7,N$22))<0),0)+IF((SUM(M$7,M$22)-(SUM(N$7,N$22))>0),(SUM(M$7,M$22)-(SUM(N$7,N$22)))) -> 2067.04 | N23: =IF((SUM(N$7,N$22)-(SUM(M$7,M$22))<0),0)+IF((SUM(N$7,N$22)-(SUM(M$7,M$22))>0),(SUM(N$7,N$22)-(SUM(M$7,M$22)))) -> 0 | O23: =IF((SUM(O$7,O$22)-(SUM(P$7,P$22))<0),0)+IF((SUM(O$7,O$22)-(SUM(P$7,P$22))>0),(SUM(O$7,O$22)-(SUM(P$7,P$22)))) -> 0 | P23: =IF((SUM(P$7,P$22)-(SUM(O$7,O$22))<0),0)+IF((SUM(P$7,P$22)-(SUM(O$7,O$22))>0),(SUM(P$7,P$22)-(SUM(O$7,O$22)))) -> 0 | Q23: =IF((SUM(Q$7,Q$22)-(SUM(R$7,R$22))<0),0)+IF((SUM(Q$7,Q$22)-(SUM(R$7,R$22))>0),(SUM(Q$7,Q$22)-(SUM(R$7,R$22)))) -> 0 | R23: =IF((SUM(R$7,R$22)-(SUM(Q$7,Q$22))<0),0)+IF((SUM(R$7,R$22)-(SUM(Q$7,Q$22))>0),(SUM(R$7,R$22)-(SUM(Q$7,Q$22)))) -> 0 | S23: =IF((SUM(S$7,S$22)-(SUM(T$7,T$22))<0),0)+IF((SUM(S$7,S$22)-(SUM(T$7,T$22))>0),(SUM(S$7,S$22)-(SUM(T$7,T$22)))) -> 0 | T23: =IF((SUM(T$7,T$22)-(SUM(S$7,S$22))<0),0)+IF((SUM(T$7,T$22)-(SUM(S$7,S$22))>0),(SUM(T$7,T$22)-(SUM(S$7,S$22)))) -> 0 | U23: =IF((SUM(U$7,U$22)-(SUM(V$7,V$22))<0),0)+IF((SUM(U$7,U$22)-(SUM(V$7,V$22))>0),(SUM(U$7,U$22)-(SUM(V$7,V$22)))) -> 0 | V23: =IF((SUM(V$7,V$22)-(SUM(U$7,U$22))<0),0)+IF((SUM(V$7,V$22)-(SUM(U$7,U$22))>0),(SUM(V$7,V$22)-(SUM(U$7,U$22)))) -> 0 | W23: =IF((SUM(W$7,W$22)-(SUM(X$7,X$22))<0),0)+IF((SUM(W$7,W$22)-(SUM(X$7,X$22))>0),(SUM(W$7,W$22)-(SUM(X$7,X$22)))) -> 0 | X23: =IF((SUM(X$7,X$22)-(SUM(W$7,W$22))<0),0)+IF((SUM(X$7,X$22)-(SUM(W$7,W$22))>0),(SUM(X$7,X$22)-(SUM(W$7,W$22)))) -> 0 | Y23: =IF((SUM(Y$7,Y$22)-(SUM(Z$7,Z$22))<0),0)+IF((SUM(Y$7,Y$22)-(SUM(Z$7,Z$22))>0),(SUM(Y$7,Y$22)-(SUM(Z$7,Z$22)))) -> 0 | Z23: =IF((SUM(Z$7,Z$22)-(SUM(Y$7,Y$22))<0),0)+IF((SUM(Z$7,Z$22)-(SUM(Y$7,Y$22))>0),(SUM(Z$7,Z$22)-(SUM(Y$7,Y$22)))) -> 50 | AA23: =IF((SUM(AA$7,AA$22)-(SUM(AB$7,AB$22))<0),0)+IF((SUM(AA$7,AA$22)-(SUM(AB$7,AB$22))>0),(SUM(AA$7,AA$22)-(SUM(AB$7,AB$22)))) -> 0 | AB23: =IF((SUM(AB$7,AB$22)-(SUM(AA$7,AA$22))<0),0)+IF((SUM(AB$7,AB$22)-(SUM(AA$7,AA$22))>0),(SUM(AB$7,AB$22)-(SUM(AA$7,AA$22)))) -> 2017.04 | AC23: =AC7+AC22 -> 323.18 | AD23: =AD7+AD22 -> 0.83 | AE23: =AE7+AE22 -> 0 | AF23: =IF((SUM(AF$7,AF$22)-(SUM(AG$7,AG$22))<0),0)+IF((SUM(AF$7,AF$22)-(SUM(AG$7,AG$22))>0),(SUM(AF$7,AF$22)-(SUM(AG$7,AG$22)))) -> 0 | AG23: =IF((SUM(AG$7,AG$22)-(SUM(AF$7,AF$22))<0),0)+IF((SUM(AG$7,AG$22)-(SUM(AF$7,AF$22))>0),(SUM(AG$7,AG$22)-(SUM(AF$7,AF$22)))) -> 0 | AH23: =IF((SUM(AH$7,AH$22)-(SUM(AI$7,AI$22))<0),0)+IF((SUM(AH$7,AH$22)-(SUM(AI$7,AI$22))>0),(SUM(AH$7,AH$22)-(SUM(AI$7,AI$22)))) -> 11.7 | AI23: =IF((SUM(AI$7,AI$22)-(SUM(AH$7,AH$22))<0),0)+IF((SUM(AI$7,AI$22)-(SUM(AH$7,AH$22))>0),(SUM(AI$7,AI$22)-(SUM(AH$7,AH$22)))) -> 0 | AJ23: =IF((SUM(AJ$7,AJ$22)-(SUM(AK$7,AK$22))<0),0)+IF((SUM(AJ$7,AJ$22)-(SUM(AK$7,AK$22))>0),(SUM(AJ$7,AJ$22)-(SUM(AK$7,AK$22)))) -> 0 | AK23: =IF((SUM(AK$7,AK$22)-(SUM(AJ$7,AJ$22))<0),0)+IF((SUM(AK$7,AK$22)-(SUM(AJ$7,AJ$22))>0),(SUM(AK$7,AK$22)-(SUM(AJ$7,AJ$22)))) -> 0 | AL23: =AL7+AL22 -> 0 | AM23: =AM7+AM22 -> 0 | AN23: =AN7+AN22 -> 0 | AO23: =AO7+AO22 -> 0 | AP23: =AP7+AP22 -> 0 | AQ23: =AQ7+AQ22 -> 0 | AR23: =AR7+AR22 -> 0 | AS23: =AS7+AS22 -> 0 | ... AV23: =AV7+AV22 -> 11.7 | AW23: =IF((SUM(AW$7,AW$22)-(SUM(AX$7,AX$22))<0),0)+IF((SUM(AW$7,AW$22)-(SUM(AX$7,AX$22))>0),(SUM(AW$7,AW$22)-(SUM(AX$7,AX$22)))) -> 0 | AX23: =IF((SUM(AX$7,AX$22)-(SUM(AW$7,AW$22))<0),0)+IF((SUM(AX$7,AX$22)-(SUM(AW$7,AW$22))>0),(SUM(AX$7,AX$22)-(SUM(AW$7,AW$22)))) -> 0 | AY23: =IF((SUM(AY$7,AY$22)-(SUM(AZ$7,AZ$22))<0),0)+IF((SUM(AY$7,AY$22)-(SUM(AZ$7,AZ$22))>0),(SUM(AY$7,AY$22)-(SUM(AZ$7,AZ$22)))) -> 0 | AZ23: =IF((SUM(AZ$7,AZ$22)-(SUM(AY$7,AY$22))<0),0)+IF((SUM(AZ$7,AZ$22)-(SUM(AY$7,AY$22))>0),(SUM(AZ$7,AZ$22)-(SUM(AY$7,AY$22)))) -> 0 | BA23: =BA7+BA22 -> 0 | BB23: =BB7+BB22 -> 0 | BC23: =BC7+BC22 -> 0 | BD23: =BD7+BD22 -> 0 | BE23: =SUM(E23,G23,I23,K23,M23,O23,Q23,S23,U23,W23,Y23,AA23,AJ23,AW23,AY23) -> 2067.04 | BF23: =SUM(F23,H23,J23,L23,N23,P23,R23,T23,V23,X23,Z23,AB23,AK23,AX23,AZ23) -> 2067.04 | BG23: =BG7-BG22 -> 0 | BH23: =BH7-BH22 -> 0
BF25: =BF23-BE23 -> 0

Sheet февраль
B1: за | C1: февраль | D1: 2021 года
A3: № п/п | B3: Число, месяц | C3: Краткое содержание операции или номер документа | D3: Сумма | E3: Счет 01 | G3: Счет 02 | I3: Счет 10 | K3: Счет 50 | M3: Счет 51 | O3: Счет 55 | Q3: Счет 60 | S3: Счет 68 | U3: Счет 71 | W3: Счет 76 | Y3: Счет 79 | AA3: Счет 86/01 | AC3: Расшифровка счета 86/01 | AF3: счет 86/01 Расшифровка счета | AJ3: Счет 26/01 | AL3: Расшифровка счета 26/01 | AW3: Счет 86/02 | AY3: Счет 26/02 | BA3: Расшифровка счета 26/02 | BE3: Контрольные суммы | BG3: Забалансовый счет 006
E4: Основные средства | G4: Амортизация осн.средств | I4: Материалы | K4: Касса | M4: Текущий расчетный счет | O4: Специальные счета в банках (депозитный) | Q4: Расчеты с поставщиками и подрядчиками | S4: Расчеты по налогам и сборам | U4: Расчеты с подотчетными лицами | W4: Расчеты с разными дебиторами и кредиторами | Y4: Внутрихозяйственные расчеты | AA4: Общехозяйственные доходы | AC4: Отчисления от членских профвзносов | AD4: % банка | AE4: % банка по депозиту | AF4: фонд помощи | AH4: другие статьи не включенные в фонд | AJ4: Общехозяйственные расходы | AL4: Материальная помощь членам профсоюза | AM4: Детское оздоровление | AN4: Благотворительная помощь | AO4: Обучение профсоюзного актива | AP4: Туристическо-экскурсионная деятельность, в т.ч. Услуги ТЭУП "Беларустурист" | AQ4: Культурно-массовая работа | AR4: Спортивная и культурно-массовая работа | AS4: Информационная работа, в т.ч.подписка на "Беларускi час" | AT4: Вознаграждение профсоюзному активу за выполнение общественной нагрузки | AU4: Расходы на целевые мероприятия (в районе, городе, области) | AV4: Прочие расходы, в т.ч.комиссионное вознаграждение банку | AW4: Общехозяйственные доходы (Целевые поступления по коллективным договорам) | AY4: Общехозяйственные расходы | BA4: Туристическо-экскурсионная деятельность, в т.ч. Услуги ТЭУП "Беларустурист" | BB4: =январь!BB4 -> матпомощь (страховка) | BC4: Культурно-массовая работа | BD4: Спортивная работа
E6: дебет | F6: кредит | G6: дебет | H6: кредит | I6: дебет | J6: кредит | K6: дебет | L6: кредит | M6: дебет | N6: кредит | O6: дебет | P6: кредит | Q6: дебет | R6: кредит | S6: дебет | T6: кредит | U6: дебет | V6: кредит | W6: дебет | X6: кредит | Y6: дебет | Z6: кредит | AA6: дебет | AB6: кредит | AF6: дебет | AG6: кредит | AH6: дебет | AI6: кредит | AJ6: дебет | AK6: кредит | AL6: фонд помощи | AO6: другие статьи не включенные в фонд | AW6: дебет | AX6: кредит | AY6: дебет | AZ6: кредит | BE6: дебет | BF6: кредит | BG6: кол-во | BH6: сумма
C7: Сальдо на 01.02.2021г. | E7: =январь!E23 -> 0 | F7: =январь!F23 -> 0 | G7: =январь!G23 -> 0 | H7: =январь!H23 -> 0 | I7: =январь!I23 -> 0 | J7: =январь!J23 -> 0 | K7: =январь!K23 -> 0 | L7: =январь!L23 -> 0 | ... BH7: =январь!BH23 -> 0
A8: 1 | B8: 44228 | C8: Начислены % банка | D8: 11.7 | N8: 11.7 | AA8: =SUM(AF8,AH8) -> 0 | AB8: =SUM(AC8:AE8) -> 0 | AG8: =AC8*$AF$5 -> 0 | AI8: =AC8*$AH$5 -> 0 | AJ8: =SUM(AL8:AV8) -> 11.7 | AV8: 11.7 | AY8: =SUM(BA8:BD8) -> 0 | BE8: =SUM(E8,G8,I8,K8,M8,O8,Q8,S8,U8,W8,Y8,AA8,AJ8,AW8,AY8) -> 11.7 | BF8: =SUM(F8,H8,J8,L8,N8,P8,R8,T8,V8,X8,Z8,AB8,AK8,AX8,AZ8) -> 11.7
A9: 2 | B9: 44228 | C9: Денежное вознаграждение к Благодарности Ломако Л.В. | D9: 50 | N9: 50 | Y9: 50 | AA9: =SUM(AF9,AH9) -> 0 | AB9: =SUM(AC9:AE9) -> 0 | AG9: =AC9*$AF$5 -> 0 | AI9: =AC9*$AH$5 -> 0 | AJ9: =SUM(AL9:AV9) -> 0 | AY9: =SUM(BA9:BD9) -> 0 | BE9: =SUM(E9,G9,I9,K9,M9,O9,Q9,S9,U9,W9,Y9,AA9,AJ9,AW9,AY9) -> 50 | BF9: =SUM(F9,H9,J9,L9,N9,P9,R9,T9,V9,X9,Z9,AB9,AK9,AX9,AZ9) -> 50
A10: 3 | B10: 44228 | C10: Начислены % банка | D10: 0.01 | M10: 0.01 | AA10: =SUM(AF10,AH10) -> 0 | AB10: =SUM(AC10:AE10) -> 0.01 | AD10: 0.01 | AG10: =AC10*$AF$5 -> 0 | AI10: =AC10*$AH$5 -> 0 | AJ10: =SUM(AL10:AV10) -> 0 | AY10: =SUM(BA10:BD10) -> 0 | BE10: =SUM(E10,G10,I10,K10,M10,O10,Q10,S10,U10,W10,Y10,AA10,AJ10,AW10,AY10) -> 0.01 | BF10: =SUM(F10,H10,J10,L10,N10,P10,R10,T10,V10,X10,Z10,AB10,AK10,AX10,AZ10) -> 0.01
A11: 4 | B11: 44228 | C11: Поступили членские взносы от нанимателя | D11: 6.74 | M11: 6.74 | AA11: =SUM(AF11,AH11) -> 0 | AB11: =SUM(AC11:AE11) -> 6.74 | AC11: 6.74 | AG11: =AC11*$AF$5 -> 0 | AI11: =AC11*$AH$5 -> 0 | AJ11: =SUM(AL11:AV11) -> 0 | AY11: =SUM(BA11:BD11) -> 0 | BE11: =SUM(E11,G11,I11,K11,M11,O11,Q11,S11,U11,W11,Y11,AA11,AJ11,AW11,AY11) -> 6.74 | BF11: =SUM(F11,H11,J11,L11,N11,P11,R11,T11,V11,X11,Z11,AB11,AK11,AX11,AZ11) -> 6.74
A12: 5 | B12: 44229 | C12: Возврат денежного вознаграждения к Благодарности Ломако Л.В. | D12: 50 | M12: 50 | Z12: 50 | AA12: =SUM(AF12,AH12) -> 0 | AB12: =SUM(AC12:AE12) -> 0 | AG12: =AC12*$AF$5 -> 0 | AI12: =AC12*$AH$5 -> 0 | AJ12: =SUM(AL12:AV12) -> 0 | AY12: =SUM(BA12:BD12) -> 0 | BE12: =SUM(E12,G12,I12,K12,M12,O12,Q12,S12,U12,W12,Y12,AA12,AJ12,AW12,AY12) -> 50 | BF12: =SUM(F12,H12,J12,L12,N12,P12,R12,T12,V12,X12,Z12,AB12,AK12,AX12,AZ12) -> 50
A13: 6 | B13: 44231 | C13: Начислены % банка | D13: 1 | N13: 1 | AA13: =SUM(AF13,AH13) -> 0 | AB13: =SUM(AC13:AE13) -> 0 | AG13: =AC13*$AF$5 -> 0 | AI13: =AC13*$AH$5 -> 0 | AJ13: =SUM(AL13:AV13) -> 1 | AV13: 1 | AY13: =SUM(BA13:BD13) -> 0 | BE13: =SUM(E13,G13,I13,K13,M13,O13,Q13,S13,U13,W13,Y13,AA13,AJ13,AW13,AY13) -> 1 | BF13: =SUM(F13,H13,J13,L13,N13,P13,R13,T13,V13,X13,Z13,AB13,AK13,AX13,AZ13) -> 1
A14: 7 | B14: 44231 | C14: Денежное вознаграждение к Благодарности Ломако Л.В. | D14: 50 | N14: 50 | Y14: 50 | AA14: =SUM(AF14,AH14) -> 0 | AB14: =SUM(AC14:AE14) -> 0 | AG14: =AC14*$AF$5 -> 0 | AI14: =AC14*$AH$5 -> 0 | AJ14: =SUM(AL14:AV14) -> 0 | AY14: =SUM(BA14:BD14) -> 0 | BE14: =SUM(E14,G14,I14,K14,M14,O14,Q14,S14,U14,W14,Y14,AA14,AJ14,AW14,AY14) -> 50 | BF14: =SUM(F14,H14,J14,L14,N14,P14,R14,T14,V14,X14,Z14,AB14,AK14,AX14,AZ14) -> 50
A15: 8 | B15: 44238 | C15: Материальная помощь | D15: 150 | M15: 150 | Z15: 150 | AA15: =SUM(AF15,AH15) -> 0 | AB15: =SUM(AC15:AE15) -> 0 | AG15: =AC15*$AF$5 -> 0 | AI15: =AC15*$AH$5 -> 0 | AJ15: =SUM(AL15:AV15) -> 0 | AY15: =SUM(BA15:BD15) -> 0 | BE15: =SUM(E15,G15,I15,K15,M15,O15,Q15,S15,U15,W15,Y15,AA15,AJ15,AW15,AY15) -> 150 | BF15: =SUM(F15,H15,J15,L15,N15,P15,R15,T15,V15,X15,Z15,AB15,AK15,AX15,AZ15) -> 150
B16: 44244 | C16: Начислены % банка | D16: 4.76 | N16: 4.76 | AI16: =AC16*$AH$5 -> 0 | AJ16: =SUM(AL16:AV16) -> 4.76 | AV16: 4.76
A17: 9 | B17: 44244 | C17: Материальная помощь | D17: 238 | N17: 238 | Y17: 150 | AA17: =SUM(AF17,AH17) -> 0 | AB17: =SUM(AC17:AE17) -> 0 | AG17: =AC17*$AF$5 -> 0 | AI17: =AC17*$AH$5 -> 0 | AJ17: =SUM(AL17:AV17) -> 88 | AL17: 88 | AY17: =SUM(BA17:BD17) -> 0 | BE17: =SUM(E17,G17,I17,K17,M17,O17,Q17,S17,U17,W17,Y17,AA17,AJ17,AW17,AY17) -> 238 | BF17: =SUM(F17,H17,J17,L17,N17,P17,R17,T17,V17,X17,Z17,AB17,AK17,AX17,AZ17) -> 238
A18: 10 | B18: 44252 | C18: Поступили членские взносы от нанимателя | D18: 332.84 | M18: 332.84 | AA18: =SUM(AF18,AH18) -> 0 | AB18: =SUM(AC18:AE18) -> 332.84 | AC18: 332.84 | AG18: =AC18*$AF$5 -> 0 | AI18: =AC18*$AH$5 -> 0 | AJ18: =SUM(AL18:AV18) -> 0 | AY18: =SUM(BA18:BD18) -> 0 | BE18: =SUM(E18,G18,I18,K18,M18,O18,Q18,S18,U18,W18,Y18,AA18,AJ18,AW18,AY18) -> 332.84 | BF18: =SUM(F18,H18,J18,L18,N18,P18,R18,T18,V18,X18,Z18,AB18,AK18,AX18,AZ18) -> 332.84
A19: 11 | B19: 44253 | C19: Начислены % банка | D19: 0.86 | M19: 0.86 | AA19: =SUM(AF19,AH19) -> 0 | AB19: =SUM(AC19:AE19) -> 0.86 | AD19: 0.86 | AG19: =AC19*$AF$5 -> 0 | AI19: =AC19*$AH$5 -> 0 | AJ19: =SUM(AL19:AV19) -> 0 | AY19: =SUM(BA19:BD19) -> 0 | BE19: =SUM(E19,G19,I19,K19,M19,O19,Q19,S19,U19,W19,Y19,AA19,AJ19,AW19,AY19) -> 0.86 | BF19: =SUM(F19,H19,J19,L19,N19,P19,R19,T19,V19,X19,Z19,AB19,AK19,AX19,AZ19) -> 0.86
A20: 12 | B20: 44255 | C20: Закрытие месяца | D20: 100.7 | AA20: =SUM(AF20,AH20) -> 105.46 | AB20: =SUM(AC20:AE20) -> 0 | AF20: 88 | AG20: =AC20*$AF$5 -> 0 | AH20: 17.46 | AI20: =AC20*$AH$5 -> 0 | AJ20: =SUM(AL20:AV20) -> 0 | AK20: 105.46 | AY20: =SUM(BA20:BD20) -> 0 | BE20: =SUM(E20,G20,I20,K20,M20,O20,Q20,S20,U20,W20,Y20,AA20,AJ20,AW20,AY20) -> 105.46 | BF20: =SUM(F20,H20,J20,L20,N20,P20,R20,T20,V20,X20,Z20,AB20,AK20,AX20,AZ20) -> 105.46
A21: 13 | AA21: =SUM(AF21,AH21) -> 0 | AB21: =SUM(AC21:AE21) -> 0 | AG21: =AC21*$AF$5 -> 0 | AI21: =AC21*$AH$5 -> 0 | AJ21: =SUM(AL21:AV21) -> 0 | AY21: =SUM(BA21:BD21) -> 0 | BE21: =SUM(E21,G21,I21,K21,M21,O21,Q21,S21,U21,W21,Y21,AA21,AJ21,AW21,AY21) -> 0 | BF21: =SUM(F21,H21,J21,L21,N21,P21,R21,T21,V21,X21,Z21,AB21,AK21,AX21,AZ21) -> 0
A22: 14 | AA22: =SUM(AF22,AH22) -> 0 | AB22: =SUM(AC22:AE22) -> 0 | AG22: =AC22*$AF$5 -> 0 | AI22: =AC22*$AH$5 -> 0 | AJ22: =SUM(AL22:AV22) -> 0 | AY22: =SUM(BA22:BD22) -> 0 | BE22: =SUM(E22,G22,I22,K22,M22,O22,Q22,S22,U22,W22,Y22,AA22,AJ22,AW22,AY22) -> 0 | BF22: =SUM(F22,H22,J22,L22,N22,P22,R22,T22,V22,X22,Z22,AB22,AK22,AX22,AZ22) -> 0
C23: Обороты | D23: =SUM(D8:D22) -> 996.61 | E23: =SUM(E8:E22) -> 0 | F23: =SUM(F8:F22) -> 0 | G23: =SUM(G8:G22) -> 0 | H23: =SUM(H8:H22) -> 0 | I23: =SUM(I8:I22) -> 0 | J23: =SUM(J8:J22) -> 0 | K23: =SUM(K8:K22) -> 0 | ... BH23: =SUM(BH8:BH22) -> 0
C24: Сальдо на 01.03.2021г. | E24: =IF((SUM(E$7,E$23)-(SUM(F$7,F$23))<0),0)+IF((SUM(E$7,E$23)-(SUM(F$7,F$23))>0),(SUM(E$7,E$23)-(SUM(F$7,F$23)))) -> 0 | F24: =IF((SUM(F$7,F$23)-(SUM(E$7,E$23))<0),0)+IF((SUM(F$7,F$23)-(SUM(E$7,E$23))>0),(SUM(F$7,F$23)-(SUM(E$7,E$23)))) -> 0 | G24: =IF((SUM(G$7,G$23)-(SUM(H$7,H$23))<0),0)+IF((SUM(G$7,G$23)-(SUM(H$7,H$23))>0),(SUM(G$7,G$23)-(SUM(H$7,H$23)))) -> 0 | H24: =IF((SUM(H$7,H$23)-(SUM(G$7,G$23))<0),0)+IF((SUM(H$7,H$23)-(SUM(G$7,G$23))>0),(SUM(H$7,H$23)-(SUM(G$7,G$23)))) -> 0 | I24: =IF((SUM(I$7,I$23)-(SUM(J$7,J$23))<0),0)+IF((SUM(I$7,I$23)-(SUM(J$7,J$23))>0),(SUM(I$7,I$23)-(SUM(J$7,J$23)))) -> 0 | J24: =IF((SUM(J$7,J$23)-(SUM(I$7,I$23))<0),0)+IF((SUM(J$7,J$23)-(SUM(I$7,I$23))>0),(SUM(J$7,J$23)-(SUM(I$7,I$23)))) -> 0 | K24: =IF((SUM(K$7,K$23)-(SUM(L$7,L$23))<0),0)+IF((SUM(K$7,K$23)-(SUM(L$7,L$23))>0),(SUM(K$7,K$23)-(SUM(L$7,L$23)))) -> 0 | L24: =IF((SUM(L$7,L$23)-(SUM(K$7,K$23))<0),0)+IF((SUM(L$7,L$23)-(SUM(K$7,K$23))>0),(SUM(L$7,L$23)-(SUM(K$7,K$23)))) -> 0 | M24: =IF((SUM(M$7,M$23)-(SUM(N$7,N$23))<0),0)+IF((SUM(M$7,M$23)-(SUM(N$7,N$23))>0),(SUM(M$7,M$23)-(SUM(N$7,N$23)))) -> 2252.03 | N24: =IF((SUM(N$7,N$23)-(SUM(M$7,M$23))<0),0)+IF((SUM(N$7,N$23)-(SUM(M$7,M$23))>0),(SUM(N$7,N$23)-(SUM(M$7,M$23)))) -> 0 | O24: =IF((SUM(O$7,O$23)-(SUM(P$7,P$23))<0),0)+IF((SUM(O$7,O$23)-(SUM(P$7,P$23))>0),(SUM(O$7,O$23)-(SUM(P$7,P$23)))) -> 0 | P24: =IF((SUM(P$7,P$23)-(SUM(O$7,O$23))<0),0)+IF((SUM(P$7,P$23)-(SUM(O$7,O$23))>0),(SUM(P$7,P$23)-(SUM(O$7,O$23)))) -> 0 | Q24: =IF((SUM(Q$7,Q$23)-(SUM(R$7,R$23))<0),0)+IF((SUM(Q$7,Q$23)-(SUM(R$7,R$23))>0),(SUM(Q$7,Q$23)-(SUM(R$7,R$23)))) -> 0 | R24: =IF((SUM(R$7,R$23)-(SUM(Q$7,Q$23))<0),0)+IF((SUM(R$7,R$23)-(SUM(Q$7,Q$23))>0),(SUM(R$7,R$23)-(SUM(Q$7,Q$23)))) -> 0 | S24: =IF((SUM(S$7,S$23)-(SUM(T$7,T$23))<0),0)+IF((SUM(S$7,S$23)-(SUM(T$7,T$23))>0),(SUM(S$7,S$23)-(SUM(T$7,T$23)))) -> 0 | T24: =IF((SUM(T$7,T$23)-(SUM(S$7,S$23))<0),0)+IF((SUM(T$7,T$23)-(SUM(S$7,S$23))>0),(SUM(T$7,T$23)-(SUM(S$7,S$23)))) -> 0 | U24: =IF((SUM(U$7,U$23)-(SUM(V$7,V$23))<0),0)+IF((SUM(U$7,U$23)-(SUM(V$7,V$23))>0),(SUM(U$7,U$23)-(SUM(V$7,V$23)))) -> 0 | V24: =IF((SUM(V$7,V$23)-(SUM(U$7,U$23))<0),0)+IF((SUM(V$7,V$23)-(SUM(U$7,U$23))>0),(SUM(V$7,V$23)-(SUM(U$7,U$23)))) -> 0 | W24: =IF((SUM(W$7,W$23)-(SUM(X$7,X$23))<0),0)+IF((SUM(W$7,W$23)-(SUM(X$7,X$23))>0),(SUM(W$7,W$23)-(SUM(X$7,X$23)))) -> 0 | X24: =IF((SUM(X$7,X$23)-(SUM(W$7,W$23))<0),0)+IF((SUM(X$7,X$23)-(SUM(W$7,W$23))>0),(SUM(X$7,X$23)-(SUM(W$7,W$23)))) -> 0 | Y24: =IF((SUM(Y$7,Y$23)-(SUM(Z$7,Z$23))<0),0)+IF((SUM(Y$7,Y$23)-(SUM(Z$7,Z$23))>0),(SUM(Y$7,Y$23)-(SUM(Z$7,Z$23)))) -> 0 | Z24: =IF((SUM(Z$7,Z$23)-(SUM(Y$7,Y$23))<0),0)+IF((SUM(Z$7,Z$23)-(SUM(Y$7,Y$23))>0),(SUM(Z$7,Z$23)-(SUM(Y$7,Y$23)))) -> 0 | AA24: =IF((SUM(AA$7,AA$23)-(SUM(AB$7,AB$23))<0),0)+IF((SUM(AA$7,AA$23)-(SUM(AB$7,AB$23))>0),(SUM(AA$7,AA$23)-(SUM(AB$7,AB$23)))) -> 0 | AB24: =IF((SUM(AB$7,AB$23)-(SUM(AA$7,AA$23))<0),0)+IF((SUM(AB$7,AB$23)-(SUM(AA$7,AA$23))>0),(SUM(AB$7,AB$23)-(SUM(AA$7,AA$23)))) -> 2252.03 | AC24: =AC7+AC23 -> 662.76 | AD24: =AD7+AD23 -> 1.7 | AE24: =AE7+AE23 -> 0 | AF24: =IF((SUM(AF$7,AF$23)-(SUM(AG$7,AG$23))<0),0)+IF((SUM(AF$7,AF$23)-(SUM(AG$7,AG$23))>0),(SUM(AF$7,AF$23)-(SUM(AG$7,AG$23)))) -> 88 | AG24: =IF((SUM(AG$7,AG$23)-(SUM(AF$7,AF$23))<0),0)+IF((SUM(AG$7,AG$23)-(SUM(AF$7,AF$23))>0),(SUM(AG$7,AG$23)-(SUM(AF$7,AF$23)))) -> 0 | AH24: =IF((SUM(AH$7,AH$23)-(SUM(AI$7,AI$23))<0),0)+IF((SUM(AH$7,AH$23)-(SUM(AI$7,AI$23))>0),(SUM(AH$7,AH$23)-(SUM(AI$7,AI$23)))) -> 29.16 | AI24: =IF((SUM(AI$7,AI$23)-(SUM(AH$7,AH$23))<0),0)+IF((SUM(AI$7,AI$23)-(SUM(AH$7,AH$23))>0),(SUM(AI$7,AI$23)-(SUM(AH$7,AH$23)))) -> 0 | AJ24: =IF((SUM(AJ$7,AJ$23)-(SUM(AK$7,AK$23))<0),0)+IF((SUM(AJ$7,AJ$23)-(SUM(AK$7,AK$23))>0),(SUM(AJ$7,AJ$23)-(SUM(AK$7,AK$23)))) -> 1.4210855e-14 | AK24: =IF((SUM(AK$7,AK$23)-(SUM(AJ$7,AJ$23))<0),0)+IF((SUM(AK$7,AK$23)-(SUM(AJ$7,AJ$23))>0),(SUM(AK$7,AK$23)-(SUM(AJ$7,AJ$23)))) -> 0 | AL24: =AL7+AL23 -> 88 | AM24: =AM7+AM23 -> 0 | AN24: =AN7+AN23 -> 0 | AO24: =AO7+AO23 -> 0 | AP24: =AP7+AP23 -> 0 | AQ24: =AQ7+AQ23 -> 0 | AR24: =AR7+AR23 -> 0 | AS24: =AS7+AS23 -> 0 | ... AV24: =AV7+AV23 -> 29.16 | AW24: =IF((SUM(AW$7,AW$23)-(SUM(AX$7,AX$23))<0),0)+IF((SUM(AW$7,AW$23)-(SUM(AX$7,AX$23))>0),(SUM(AW$7,AW$23)-(SUM(AX$7,AX$23)))) -> 0 | AX24: =IF((SUM(AX$7,AX$23)-(SUM(AW$7,AW$23))<0),0)+IF((SUM(AX$7,AX$23)-(SUM(AW$7,AW$23))>0),(SUM(AX$7,AX$23)-(SUM(AW$7,AW$23)))) -> 0 | AY24: =IF((SUM(AY$7,AY$23)-(SUM(AZ$7,AZ$23))<0),0)+IF((SUM(AY$7,AY$23)-(SUM(AZ$7,AZ$23))>0),(SUM(AY$7,AY$23)-(SUM(AZ$7,AZ$23)))) -> 0 | AZ24: =IF((SUM(AZ$7,AZ$23)-(SUM(AY$7,AY$23))<0),0)+IF((SUM(AZ$7,AZ$23)-(SUM(AY$7,AY$23))>0),(SUM(AZ$7,AZ$23)-(SUM(AY$7,AY$23)))) -> 0 | BA24: =BA7+BA23 -> 0 | BB24: =BB7+BB23 -> 0 | BC24: =BC7+BC23 -> 0 | BD24: =BD7+BD23 -> 0 | BE24: =SUM(E24,G24,I24,K24,M24,O24,Q24,S24,U24,W24,Y24,AA24,AJ24,AW24,AY24) -> 2252.03 | BF24: =SUM(F24,H24,J24,L24,N24,P24,R24,T24,V24,X24,Z24,AB24,AK24,AX24,AZ24) -> 2252.03 | BG24: =BG7-BG23 -> 0 | BH24: =BH7-BH23 -> 0
BF26: =BF24-BE24 -> 0

Sheet март
B1: за | C1: март | D1: 2021года
A3: № п/п | B3: Число, месяц | C3: Краткое содержание операции или номер документа | D3: Сумма | E3: Счет 01 | G3: Счет 02 | I3: Счет 10 | K3: Счет 50 | M3: Счет 51 | O3: Счет 55 | Q3: Счет 60 | S3: Счет 68 | U3: Счет 71 | W3: Счет 76 | Y3: Счет 79 | AA3: Счет 86/01 | AC3: Расшифровка счета 86/01 | AF3: счет 86/01 Расшифровка счета | AJ3: Счет 26/01 | AL3: Расшифровка счета 26/01 | AW3: Счет 86/02 | AY3: Счет 26/02 | BA3: Расшифровка счета 26/02 | BE3: Контрольные суммы | BG3: Забалансовый счет 006
E4: Основные средства | G4: Амортизация осн.средств | I4: Материалы | K4: Касса | M4: Текущий расчетный счет | O4: Специальные счета в банках (депозитный) | Q4: Расчеты с поставщиками и подрядчиками | S4: Расчеты по налогам и сборам | U4: Расчеты с подотчетными лицами | W4: Расчеты с разными дебиторами и кредиторами | Y4: Внутрихозяйственные расчеты | AA4: Общехозяйственные доходы | AC4: Отчисления от членских профвзносов | AD4: % банка | AE4: % банка по депозиту | AF4: фонд помощи | AH4: другие статьи не включенные в фонд | AJ4: Общехозяйственные расходы | AL4: Материальная помощь членам профсоюза | AM4: Детское оздоровление | AN4: Благотворительная помощь | AO4: Обучение профсоюзного актива | AP4: Туристическо-экскурсионная деятельность, в т.ч. Услуги ТЭУП "Беларустурист" | AQ4: Культурно-массовая работа | AR4: Спортивная и культурно-массовая работа | AS4: Информационная работа, в т.ч.подписка на "Беларускi час" | AT4: Вознаграждение профсоюзному активу за выполнение общественной нагрузки | AU4: Расходы на целевые мероприятия (в районе, городе, области) | AV4: Прочие расходы, в т.ч.комиссионное вознаграждение банку | AW4: Общехозяйственные доходы (Целевые поступления по коллективным договорам) | AY4: Общехозяйственные расходы | BA4: Туристическо-экскурсионная деятельность, в т.ч. Услуги ТЭУП "Беларустурист" | BB4: =февраль!BB4 -> матпомощь (страховка) | BC4: Культурно-массовая работа | BD4: Спортивная работа
E6: дебет | F6: кредит | G6: дебет | H6: кредит | I6: дебет | J6: кредит | K6: дебет | L6: кредит | M6: дебет | N6: кредит | O6: дебет | P6: кредит | Q6: дебет | R6: кредит | S6: дебет | T6: кредит | U6: дебет | V6: кредит | W6: дебет | X6: кредит | Y6: дебет | Z6: кредит | AA6: дебет | AB6: кредит | AF6: дебет | AG6: кредит | AH6: дебет | AI6: кредит | AJ6: дебет | AK6: кредит | AL6: фонд помощи | AO6: другие статьи не включенные в фонд | AW6: дебет | AX6: кредит | AY6: дебет | AZ6: кредит | BE6: дебет | BF6: кредит | BG6: кол-во | BH6: сумма
C7: Сальдо на 01.03.2021г. | E7: =февраль!E24 -> 0 | F7: =февраль!F24 -> 0 | G7: =февраль!G24 -> 0 | H7: =февраль!H24 -> 0 | I7: =февраль!I24 -> 0 | J7: =февраль!J24 -> 0 | K7: =февраль!K24 -> 0 | L7: =февраль!L24 -> 0 | ... BH7: =февраль!BH24 -> 0
A8: 8 | B8: 44256 | C8: Начислены % банка | D8: 11.7 | N8: 11.7 | AA8: =SUM(AF8,AH8) -> 0 | AB8: =SUM(AC8:AE8) -> 0 | AG8: =AC8*$AF$5 -> 0 | AI8: =AC8*$AH$5 -> 0 | AJ8: =SUM(AL8:AV8) -> 11.7 | AV8: 11.7 | AY8: =SUM(BA8:BD8) -> 0 | BE8: =SUM(E8,G8,I8,K8,M8,O8,Q8,S8,U8,W8,Y8,AA8,AJ8,AW8,AY8) -> 11.7 | BF8: =SUM(F8,H8,J8,L8,N8,P8,R8,T8,V8,X8,Z8,AB8,AK8,AX8,AZ8) -> 11.7
A9: 2 | B9: 44256 | C9: Поступили членские взносы от нанимателя | D9: 6.64 | M9: 6.64 | AA9: =SUM(AF9,AH9) -> 0 | AB9: =SUM(AC9:AE9) -> 6.64 | AC9: 6.64 | AG9: =AC9*$AF$5 -> 0 | AI9: =AC9*$AH$5 -> 0 | AJ9: =SUM(AL9:AV9) -> 0 | AY9: =SUM(BA9:BD9) -> 0 | BE9: =SUM(E9,G9,I9,K9,M9,O9,Q9,S9,U9,W9,Y9,AA9,AJ9,AW9,AY9) -> 6.64 | BF9: =SUM(F9,H9,J9,L9,N9,P9,R9,T9,V9,X9,Z9,AB9,AK9,AX9,AZ9) -> 6.64
A10: 3 | B10: 44256 | C10: Поступили членские взносы от нанимателя | D10: 374.19 | M10: 374.19 | AA10: =SUM(AF10,AH10) -> 0 | AB10: =SUM(AC10:AE10) -> 374.19 | AC10: 374.19 | AG10: =AC10*$AF$5 -> 0 | AI10: =AC10*$AH$5 -> 0 | AJ10: =SUM(AL10:AV10) -> 0 | AY10: =SUM(BA10:BD10) -> 0 | BE10: =SUM(E10,G10,I10,K10,M10,O10,Q10,S10,U10,W10,Y10,AA10,AJ10,AW10,AY10) -> 374.19 | BF10: =SUM(F10,H10,J10,L10,N10,P10,R10,T10,V10,X10,Z10,AB10,AK10,AX10,AZ10) -> 374.19
A11: 4 | B11: 44258 | C11: Подарочные сертификаты | D11: 760 | N11: 760 | AA11: =SUM(AF11,AH11) -> 760 | AB11: =SUM(AC11:AE11) -> 0 | AG11: =AC11*$AF$5 -> 0 | AH11: 760 | AI11: =AC11*$AH$5 -> 0 | AJ11: =SUM(AL11:AV11) -> 760 | AQ11: 760 | AY11: =SUM(BA11:BD11) -> 0 | BE11: =SUM(E11,G11,I11,K11,M11,O11,Q11,S11,U11,W11,Y11,AA11,AJ11,AW11,AY11) -> 1520 | BF11: =SUM(F11,H11,J11,L11,N11,P11,R11,T11,V11,X11,Z11,AB11,AK11,AX11,AZ11) -> 760
A12: 5 | B12: 44258 | C12: Подарочные сертификаты | D12: 760 | N12: 760 | AA12: =SUM(AF12,AH12) -> 760 | AB12: =SUM(AC12:AE12) -> 0 | AG12: =AC12*$AF$5 -> 0 | AH12: 760 | AI12: =AC12*$AH$5 -> 0 | AJ12: =SUM(AL12:AV12) -> 760 | AQ12: 760 | AY12: =SUM(BA12:BD12) -> 0 | BE12: =SUM(E12,G12,I12,K12,M12,O12,Q12,S12,U12,W12,Y12,AA12,AJ12,AW12,AY12) -> 1520 | BF12: =SUM(F12,H12,J12,L12,N12,P12,R12,T12,V12,X12,Z12,AB12,AK12,AX12,AZ12) -> 760
A13: 6 | B13: 44267 | C13: Материальная помощь | D13: 50 | M13: 50 | Z13: 50 | AA13: =SUM(AF13,AH13) -> 0 | AB13: =SUM(AC13:AE13) -> 0 | AG13: =AC13*$AF$5 -> 0 | AI13: =AC13*$AH$5 -> 0 | AJ13: =SUM(AL13:AV13) -> 0 | AY13: =SUM(BA13:BD13) -> 0 | BE13: =SUM(E13,G13,I13,K13,M13,O13,Q13,S13,U13,W13,Y13,AA13,AJ13,AW13,AY13) -> 50 | BF13: =SUM(F13,H13,J13,L13,N13,P13,R13,T13,V13,X13,Z13,AB13,AK13,AX13,AZ13) -> 50
A14: 7 | B14: 44274 | C14: Материальная помощь | D14: 292 | N14: 292 | Y14: 50 | AA14: =SUM(AF14,AH14) -> 0 | AB14: =SUM(AC14:AE14) -> 0 | AG14: =AC14*$AF$5 -> 0 | AI14: =AC14*$AH$5 -> 0 | AJ14: =SUM(AL14:AV14) -> 242 | AL14: 97 | AT14: 145 | AY14: =SUM(BA14:BD14) -> 0 | BE14: =SUM(E14,G14,I14,K14,M14,O14,Q14,S14,U14,W14,Y14,AA14,AJ14,AW14,AY14) -> 292 | BF14: =SUM(F14,H14,J14,L14,N14,P14,R14,T14,V14,X14,Z14,AB14,AK14,AX14,AZ14) -> 292
A15: 8 | B15: 44274 | C15: Начислены % банка | D15: 5.84 | N15: 5.84 | AA15: =SUM(AF15,AH15) -> 0 | AB15: =SUM(AC15:AE15) -> 0 | AG15: =AC15*$AF$5 -> 0 | AI15: =AC15*$AH$5 -> 0 | AJ15: =SUM(AL15:AV15) -> 5.84 | AV15: 5.84 | AY15: =SUM(BA15:BD15) -> 0 | BE15: =SUM(E15,G15,I15,K15,M15,O15,Q15,S15,U15,W15,Y15,AA15,AJ15,AW15,AY15) -> 5.84 | BF15: =SUM(F15,H15,J15,L15,N15,P15,R15,T15,V15,X15,Z15,AB15,AK15,AX15,AZ15) -> 5.84
A16: 9 | B16: 44286 | C16: Начислены % банка | D16: 0.46 | M16: 0.46 | AA16: =SUM(AF16,AH16) -> 0 | AB16: =SUM(AC16:AE16) -> 0.46 | AD16: 0.46 | AG16: =AC16*$AF$5 -> 0 | AI16: =AC16*$AH$5 -> 0 | AJ16: =SUM(AL16:AV16) -> 0 | AY16: =SUM(BA16:BD16) -> 0 | BE16: =SUM(E16,G16,I16,K16,M16,O16,Q16,S16,U16,W16,Y16,AA16,AJ16,AW16,AY16) -> 0.46 | BF16: =SUM(F16,H16,J16,L16,N16,P16,R16,T16,V16,X16,Z16,AB16,AK16,AX16,AZ16) -> 0.46
A17: 10 | B17: 44286 | C17: Закрытие месяца | D17: 259.54 | AA17: =SUM(AF17,AH17) -> 259.54 | AB17: =SUM(AC17:AE17) -> 0 | AF17: 97 | AG17: =AC17*$AF$5 -> 0 | AH17: 162.54 | AI17: =AC17*$AH$5 -> 0 | AJ17: =SUM(AL17:AV17) -> 0 | AK17: 1779.54 | AY17: =SUM(BA17:BD17) -> 0 | BE17: =SUM(E17,G17,I17,K17,M17,O17,Q17,S17,U17,W17,Y17,AA17,AJ17,AW17,AY17) -> 259.54 | BF17: =SUM(F17,H17,J17,L17,N17,P17,R17,T17,V17,X17,Z17,AB17,AK17,AX17,AZ17) -> 1779.54
A18: 11 | AA18: =SUM(AF18,AH18) -> 0 | AB18: =SUM(AC18:AE18) -> 0 | AG18: =AC18*$AF$5 -> 0 | AI18: =AC18*$AH$5 -> 0 | AJ18: =SUM(AL18:AV18) -> 0 | AY18: =SUM(BA18:BD18) -> 0 | BE18: =SUM(E18,G18,I18,K18,M18,O18,Q18,S18,U18,W18,Y18,AA18,AJ18,AW18,AY18) -> 0 | BF18: =SUM(F18,H18,J18,L18,N18,P18,R18,T18,V18,X18,Z18,AB18,AK18,AX18,AZ18) -> 0
A19: 12 | AA19: =SUM(AF19,AH19) -> 0 | AB19: =SUM(AC19:AE19) -> 0 | AG19: =AC19*$AF$5 -> 0 | AI19: =AC19*$AH$5 -> 0 | AJ19: =SUM(AL19:AV19) -> 0 | AY19: =SUM(BA19:BD19) -> 0 | BE19: =SUM(E19,G19,I19,K19,M19,O19,Q19,S19,U19,W19,Y19,AA19,AJ19,AW19,AY19) -> 0 | BF19: =SUM(F19,H19,J19,L19,N19,P19,R19,T19,V19,X19,Z19,AB19,AK19,AX19,AZ19) -> 0
A20: 13 | AA20: =SUM(AF20,AH20) -> 0 | AB20: =SUM(AC20:AE20) -> 0 | AG20: =AC20*$AF$5 -> 0 | AI20: =AC20*$AH$5 -> 0 | AJ20: =SUM(AL20:AV20) -> 0 | AY20: =SUM(BA20:BD20) -> 0 | BE20: =SUM(E20,G20,I20,K20,M20,O20,Q20,S20,U20,W20,Y20,AA20,AJ20,AW20,AY20) -> 0 | BF20: =SUM(F20,H20,J20,L20,N20,P20,R20,T20,V20,X20,Z20,AB20,AK20,AX20,AZ20) -> 0
A21: 14 | AA21: =SUM(AF21,AH21) -> 0 | AB21: =SUM(AC21:AE21) -> 0 | AG21: =AC21*$AF$5 -> 0 | AI21: =AC21*$AH$5 -> 0 | AJ21: =SUM(AL21:AV21) -> 0 | AY21: =SUM(BA21:BD21) -> 0 | BE21: =SUM(E21,G21,I21,K21,M21,O21,Q21,S21,U21,W21,Y21,AA21,AJ21,AW21,AY21) -> 0 | BF21: =SUM(F21,H21,J21,L21,N21,P21,R21,T21,V21,X21,Z21,AB21,AK21,AX21,AZ21) -> 0
C22: Обороты | D22: =SUM(D8:D21) -> 2520.37 | E22: =SUM(E8:E21) -> 0 | F22: =SUM(F8:F21) -> 0 | G22: =SUM(G8:G21) -> 0 | H22: =SUM(H8:H21) -> 0 | I22: =SUM(I8:I21) -> 0 | J22: =SUM(J8:J21) -> 0 | K22: =SUM(K8:K21) -> 0 | ... BH22: =SUM(BH8:BH21) -> 0
C23: Сальдо на 01.04.2021г. | E23: =IF((SUM(E$7,E$22)-(SUM(F$7,F$22))<0),0)+IF((SUM(E$7,E$22)-(SUM(F$7,F$22))>0),(SUM(E$7,E$22)-(SUM(F$7,F$22)))) -> 0 | F23: =IF((SUM(F$7,F$22)-(SUM(E$7,E$22))<0),0)+IF((SUM(F$7,F$22)-(SUM(E$7,E$22))>0),(SUM(F$7,F$22)-(SUM(E$7,E$22)))) -> 0 | G23: =IF((SUM(G$7,G$22)-(SUM(H$7,H$22))<0),0)+IF((SUM(G$7,G$22)-(SUM(H$7,H$22))>0),(SUM(G$7,G$22)-(SUM(H$7,H$22)))) -> 0 | H23: =IF((SUM(H$7,H$22)-(SUM(G$7,G$22))<0),0)+IF((SUM(H$7,H$22)-(SUM(G$7,G$22))>0),(SUM(H$7,H$22)-(SUM(G$7,G$22)))) -> 0 | I23: =IF((SUM(I$7,I$22)-(SUM(J$7,J$22))<0),0)+IF((SUM(I$7,I$22)-(SUM(J$7,J$22))>0),(SUM(I$7,I$22)-(SUM(J$7,J$22)))) -> 0 | J23: =IF((SUM(J$7,J$22)-(SUM(I$7,I$22))<0),0)+IF((SUM(J$7,J$22)-(SUM(I$7,I$22))>0),(SUM(J$7,J$22)-(SUM(I$7,I$22)))) -> 0 | K23: =IF((SUM(K$7,K$22)-(SUM(L$7,L$22))<0),0)+IF((SUM(K$7,K$22)-(SUM(L$7,L$22))>0),(SUM(K$7,K$22)-(SUM(L$7,L$22)))) -> 0 | L23: =IF((SUM(L$7,L$22)-(SUM(K$7,K$22))<0),0)+IF((SUM(L$7,L$22)-(SUM(K$7,K$22))>0),(SUM(L$7,L$22)-(SUM(K$7,K$22)))) -> 0 | M23: =IF((SUM(M$7,M$22)-(SUM(N$7,N$22))<0),0)+IF((SUM(M$7,M$22)-(SUM(N$7,N$22))>0),(SUM(M$7,M$22)-(SUM(N$7,N$22)))) -> 853.78 | N23: =IF((SUM(N$7,N$22)-(SUM(M$7,M$22))<0),0)+IF((SUM(N$7,N$22)-(SUM(M$7,M$22))>0),(SUM(N$7,N$22)-(SUM(M$7,M$22)))) -> 0 | O23: =IF((SUM(O$7,O$22)-(SUM(P$7,P$22))<0),0)+IF((SUM(O$7,O$22)-(SUM(P$7,P$22))>0),(SUM(O$7,O$22)-(SUM(P$7,P$22)))) -> 0 | P23: =IF((SUM(P$7,P$22)-(SUM(O$7,O$22))<0),0)+IF((SUM(P$7,P$22)-(SUM(O$7,O$22))>0),(SUM(P$7,P$22)-(SUM(O$7,O$22)))) -> 0 | Q23: =IF((SUM(Q$7,Q$22)-(SUM(R$7,R$22))<0),0)+IF((SUM(Q$7,Q$22)-(SUM(R$7,R$22))>0),(SUM(Q$7,Q$22)-(SUM(R$7,R$22)))) -> 0 | R23: =IF((SUM(R$7,R$22)-(SUM(Q$7,Q$22))<0),0)+IF((SUM(R$7,R$22)-(SUM(Q$7,Q$22))>0),(SUM(R$7,R$22)-(SUM(Q$7,Q$22)))) -> 0 | S23: =IF((SUM(S$7,S$22)-(SUM(T$7,T$22))<0),0)+IF((SUM(S$7,S$22)-(SUM(T$7,T$22))>0),(SUM(S$7,S$22)-(SUM(T$7,T$22)))) -> 0 | T23: =IF((SUM(T$7,T$22)-(SUM(S$7,S$22))<0),0)+IF((SUM(T$7,T$22)-(SUM(S$7,S$22))>0),(SUM(T$7,T$22)-(SUM(S$7,S$22)))) -> 0 | U23: =IF((SUM(U$7,U$22)-(SUM(V$7,V$22))<0),0)+IF((SUM(U$7,U$22)-(SUM(V$7,V$22))>0),(SUM(U$7,U$22)-(SUM(V$7,V$22)))) -> 0 | V23: =IF((SUM(V$7,V$22)-(SUM(U$7,U$22))<0),0)+IF((SUM(V$7,V$22)-(SUM(U$7,U$22))>0),(SUM(V$7,V$22)-(SUM(U$7,U$22)))) -> 0 | W23: =IF((SUM(W$7,W$22)-(SUM(X$7,X$22))<0),0)+IF((SUM(W$7,W$22)-(SUM(X$7,X$22))>0),(SUM(W$7,W$22)-(SUM(X$7,X$22)))) -> 0 | X23: =IF((SUM(X$7,X$22)-(SUM(W$7,W$22))<0),0)+IF((SUM(X$7,X$22)-(SUM(W$7,W$22))>0),(SUM(X$7,X$22)-(SUM(W$7,W$22)))) -> 0 | Y23: =IF((SUM(Y$7,Y$22)-(SUM(Z$7,Z$22))<0),0)+IF((SUM(Y$7,Y$22)-(SUM(Z$7,Z$22))>0),(SUM(Y$7,Y$22)-(SUM(Z$7,Z$22)))) -> 0 | Z23: =IF((SUM(Z$7,Z$22)-(SUM(Y$7,Y$22))<0),0)+IF((SUM(Z$7,Z$22)-(SUM(Y$7,Y$22))>0),(SUM(Z$7,Z$22)-(SUM(Y$7,Y$22)))) -> 0 | AA23: =IF((SUM(AA$7,AA$22)-(SUM(AB$7,AB$22))<0),0)+IF((SUM(AA$7,AA$22)-(SUM(AB$7,AB$22))>0),(SUM(AA$7,AA$22)-(SUM(AB$7,AB$22)))) -> 0 | AB23: =IF((SUM(AB$7,AB$22)-(SUM(AA$7,AA$22))<0),0)+IF((SUM(AB$7,AB$22)-(SUM(AA$7,AA$22))>0),(SUM(AB$7,AB$22)-(SUM(AA$7,AA$22)))) -> 853.78 | AC23: =AC7+AC22 -> 1043.59 | AD23: =AD7+AD22 -> 2.16 | AE23: =AE7+AE22 -> 0 | AF23: =IF((SUM(AF$7,AF$22)-(SUM(AG$7,AG$22))<0),0)+IF((SUM(AF$7,AF$22)-(SUM(AG$7,AG$22))>0),(SUM(AF$7,AF$22)-(SUM(AG$7,AG$22)))) -> 185 | AG23: =IF((SUM(AG$7,AG$22)-(SUM(AF$7,AF$22))<0),0)+IF((SUM(AG$7,AG$22)-(SUM(AF$7,AF$22))>0),(SUM(AG$7,AG$22)-(SUM(AF$7,AF$22)))) -> 0 | AH23: =IF((SUM(AH$7,AH$22)-(SUM(AI$7,AI$22))<0),0)+IF((SUM(AH$7,AH$22)-(SUM(AI$7,AI$22))>0),(SUM(AH$7,AH$22)-(SUM(AI$7,AI$22)))) -> 1711.7 | AI23: =IF((SUM(AI$7,AI$22)-(SUM(AH$7,AH$22))<0),0)+IF((SUM(AI$7,AI$22)-(SUM(AH$7,AH$22))>0),(SUM(AI$7,AI$22)-(SUM(AH$7,AH$22)))) -> 0 | AJ23: =IF((SUM(AJ$7,AJ$22)-(SUM(AK$7,AK$22))<0),0)+IF((SUM(AJ$7,AJ$22)-(SUM(AK$7,AK$22))>0),(SUM(AJ$7,AJ$22)-(SUM(AK$7,AK$22)))) -> 0 | AK23: =IF((SUM(AK$7,AK$22)-(SUM(AJ$7,AJ$22))<0),0)+IF((SUM(AK$7,AK$22)-(SUM(AJ$7,AJ$22))>0),(SUM(AK$7,AK$22)-(SUM(AJ$7,AJ$22)))) -> 0 | AL23: =AL7+AL22 -> 185 | AM23: =AM7+AM22 -> 0 | AN23: =AN7+AN22 -> 0 | AO23: =AO7+AO22 -> 0 | AP23: =AP7+AP22 -> 0 | AQ23: =AQ7+AQ22 -> 1520 | AR23: =AR7+AR22 -> 0 | AS23: =AS7+AS22 -> 0 | ... AV23: =AV7+AV22 -> 46.7 | AW23: =IF((SUM(AW$7,AW$22)-(SUM(AX$7,AX$22))<0),0)+IF((SUM(AW$7,AW$22)-(SUM(AX$7,AX$22))>0),(SUM(AW$7,AW$22)-(SUM(AX$7,AX$22)))) -> 0 | AX23: =IF((SUM(AX$7,AX$22)-(SUM(AW$7,AW$22))<0),0)+IF((SUM(AX$7,AX$22)-(SUM(AW$7,AW$22))>0),(SUM(AX$7,AX$22)-(SUM(AW$7,AW$22)))) -> 0 | AY23: =IF((SUM(AY$7,AY$22)-(SUM(AZ$7,AZ$22))<0),0)+IF((SUM(AY$7,AY$22)-(SUM(AZ$7,AZ$22))>0),(SUM(AY$7,AY$22)-(SUM(AZ$7,AZ$22)))) -> 0 | AZ23: =IF((SUM(AZ$7,AZ$22)-(SUM(AY$7,AY$22))<0),0)+IF((SUM(AZ$7,AZ$22)-(SUM(AY$7,AY$22))>0),(SUM(AZ$7,AZ$22)-(SUM(AY$7,AY$22)))) -> 0 | BA23: =BA7+BA22 -> 0 | BB23: =BB7+BB22 -> 0 | BC23: =BC7+BC22 -> 0 | BD23: =BD7+BD22 -> 0 | BE23: =SUM(E23,G23,I23,K23,M23,O23,Q23,S23,U23,W23,Y23,AA23,AJ23,AW23,AY23) -> 853.78 | BF23: =SUM(F23,H23,J23,L23,N23,P23,R23,T23,V23,X23,Z23,AB23,AK23,AX23,AZ23) -> 853.78 | BG23: =BG7-BG22 -> 0 | BH23: =BH7-BH22 -> 0
BF25: =BF23-BE23 -> 0

Sheet апрель
B1: за | C1: апрель | D1: 2021 года
A3: № п/п | B3: Число, месяц | C3: Краткое содержание операции или номер документа | D3: Сумма | E3: Счет 01 | G3: Счет 02 | I3: Счет 10 | K3: Счет 50 | M3: Счет 51 | O3: Счет 55 | Q3: Счет 60 | S3: Счет 68 | U3: Счет 71 | W3: Счет 76 | Y3: Счет 79 | AA3: Счет 86/01 | AC3: Расшифровка счета 86/01 | AF3: счет 86/01 Расшифровка счета | AJ3: Счет 26/01 | AL3: Расшифровка счета 26/01 | AW3: Счет 86/02 | AY3: Счет 26/02 | BA3: Расшифровка счета 26/02 | BE3: Контрольные суммы | BG3: Забалансовый счет 006
E4: Основные средства | G4: Амортизация осн.средств | I4: Материалы | K4: Касса | M4: Текущий расчетный счет | O4: Специальные счета в банках (депозитный) | Q4: Расчеты с поставщиками и подрядчиками | S4: Расчеты по налогам и сборам | U4: Расчеты с подотчетными лицами | W4: Расчеты с разными дебиторами и кредиторами | Y4: Внутрихозяйственные расчеты | AA4: Общехозяйственные доходы | AC4: Отчисления от членских профвзносов | AD4: % банка | AE4: % банка по депозиту | AF4: фонд помощи | AH4: другие статьи не включенные в фонд | AJ4: Общехозяйственные расходы | AL4: Материальная помощь членам профсоюза | AM4: Детское оздоровление | AN4: Благотворительная помощь | AO4: Обучение профсоюзного актива | AP4: Туристическо-экскурсионная деятельность, в т.ч. Услуги ТЭУП "Беларустурист" | AQ4: Культурно-массовая работа | AR4: Спортивная и культурно-массовая работа | AS4: Информационная работа, в т.ч.подписка на "Беларускi час" | AT4: Вознаграждение профсоюзному активу за выполнение общественной нагрузки | AU4: Расходы на целевые мероприятия (в районе, городе, области) | AV4: Прочие расходы, в т.ч.комиссионное вознаграждение банку | AW4: Общехозяйственные доходы (Целевые поступления по коллективным договорам) | AY4: Общехозяйственные расходы | BA4: Туристическо-экскурсионная деятельность, в т.ч. Услуги ТЭУП "Беларустурист" | BB4: =март!BB4 -> матпомощь (страховка) | BC4: Культурно-массовая работа | BD4: Спортивная работа
E6: дебет | F6: кредит | G6: дебет | H6: кредит | I6: дебет | J6: кредит | K6: дебет | L6: кредит | M6: дебет | N6: кредит | O6: дебет | P6: кредит | Q6: дебет | R6: кредит | S6: дебет | T6: кредит | U6: дебет | V6: кредит | W6: дебет | X6: кредит | Y6: дебет | Z6: кредит | AA6: дебет | AB6: кредит | AF6: дебет | AG6: кредит | AH6: дебет | AI6: кредит | AJ6: дебет | AK6: кредит | AL6: фонд помощи | AO6: другие статьи не включенные в фонд | AW6: дебет | AX6: кредит | AY6: дебет | AZ6: кредит | BE6: дебет | BF6: кредит | BG6: кол-во | BH6: сумма
C7: Сальдо на 01.04.2021г. | E7: =март!E23 -> 0 | F7: =март!F23 -> 0 | G7: =март!G23 -> 0 | H7: =март!H23 -> 0 | I7: =март!I23 -> 0 | J7: =март!J23 -> 0 | K7: =март!K23 -> 0 | L7: =март!L23 -> 0 | ... BH7: =март!BH23 -> 0
A8: 1 | B8: 44287 | C8: Начислены % банка | D8: 0.01 | M8: 0.01 | AA8: =SUM(AF8,AH8) -> 0 | AB8: =SUM(AC8:AE8) -> 0.01 | AD8: 0.01 | AG8: =AC8*$AF$5 -> 0 | AI8: =AC8*$AH$5 -> 0 | AJ8: =SUM(AL8:AV8) -> 0 | AY8: =SUM(BA8:BD8) -> 0 | BE8: =SUM(E8,G8,I8,K8,M8,O8,Q8,S8,U8,W8,Y8,AA8,AJ8,AW8,AY8) -> 0.01 | BF8: =SUM(F8,H8,J8,L8,N8,P8,R8,T8,V8,X8,Z8,AB8,AK8,AX8,AZ8) -> 0.01
A9: 2 | B9: 44287 | C9: Поступили членские взносы от нанимателя | D9: 21.96 | M9: 21.96 | AA9: =SUM(AF9,AH9) -> 0 | AB9: =SUM(AC9:AE9) -> 21.96 | AC9: 21.96 | AG9: =AC9*$AF$5 -> 0 | AI9: =AC9*$AH$5 -> 0 | AJ9: =SUM(AL9:AV9) -> 0 | AY9: =SUM(BA9:BD9) -> 0 | BE9: =SUM(E9,G9,I9,K9,M9,O9,Q9,S9,U9,W9,Y9,AA9,AJ9,AW9,AY9) -> 21.96 | BF9: =SUM(F9,H9,J9,L9,N9,P9,R9,T9,V9,X9,Z9,AB9,AK9,AX9,AZ9) -> 21.96
A10: 3 | B10: 44287 | C10: Поступили членские взносы от нанимателя | D10: 392.43 | M10: 392.43 | AA10: =SUM(AF10,AH10) -> 0 | AB10: =SUM(AC10:AE10) -> 392.43 | AC10: 392.43 | AG10: =AC10*$AF$5 -> 0 | AI10: =AC10*$AH$5 -> 0 | AJ10: =SUM(AL10:AV10) -> 0 | AY10: =SUM(BA10:BD10) -> 0 | BE10: =SUM(E10,G10,I10,K10,M10,O10,Q10,S10,U10,W10,Y10,AA10,AJ10,AW10,AY10) -> 392.43 | BF10: =SUM(F10,H10,J10,L10,N10,P10,R10,T10,V10,X10,Z10,AB10,AK10,AX10,AZ10) -> 392.43
A11: 4 | B11: 44288 | C11: Начислены % банка | D11: 11.7 | N11: 11.7 | AA11: =SUM(AF11,AH11) -> 0 | AB11: =SUM(AC11:AE11) -> 0 | AG11: =AC11*$AF$5 -> 0 | AI11: =AC11*$AH$5 -> 0 | AJ11: =SUM(AL11:AV11) -> 11.7 | AV11: 11.7 | AY11: =SUM(BA11:BD11) -> 0 | BE11: =SUM(E11,G11,I11,K11,M11,O11,Q11,S11,U11,W11,Y11,AA11,AJ11,AW11,AY11) -> 11.7 | BF11: =SUM(F11,H11,J11,L11,N11,P11,R11,T11,V11,X11,Z11,AB11,AK11,AX11,AZ11) -> 11.7
A12: 5 | B12: 44316 | C12: Начислены % банка | D12: 0.52 | M12: 0.52 | AA12: =SUM(AF12,AH12) -> 0 | AB12: =SUM(AC12:AE12) -> 0.52 | AD12: 0.52 | AG12: =AC12*$AF$5 -> 0 | AI12: =AC12*$AH$5 -> 0 | AJ12: =SUM(AL12:AV12) -> 0 | AY12: =SUM(BA12:BD12) -> 0 | BE12: =SUM(E12,G12,I12,K12,M12,O12,Q12,S12,U12,W12,Y12,AA12,AJ12,AW12,AY12) -> 0.52 | BF12: =SUM(F12,H12,J12,L12,N12,P12,R12,T12,V12,X12,Z12,AB12,AK12,AX12,AZ12) -> 0.52
A13: 6 | B13: 44316 | C13: Поступили членские взносы от нанимателя | D13: 9.12 | M13: 9.12 | AA13: =SUM(AF13,AH13) -> 0 | AB13: =SUM(AC13:AE13) -> 9.12 | AC13: 9.12 | AG13: =AC13*$AF$5 -> 0 | AI13: =AC13*$AH$5 -> 0 | AJ13: =SUM(AL13:AV13) -> 0 | AY13: =SUM(BA13:BD13) -> 0 | BE13: =SUM(E13,G13,I13,K13,M13,O13,Q13,S13,U13,W13,Y13,AA13,AJ13,AW13,AY13) -> 9.12 | BF13: =SUM(F13,H13,J13,L13,N13,P13,R13,T13,V13,X13,Z13,AB13,AK13,AX13,AZ13) -> 9.12
A14: 7 | B14: 44316 | C14: Закрытие месяца | D14: 11.7 | AA14: =SUM(AF14,AH14) -> 11.7 | AB14: =SUM(AC14:AE14) -> 0 | AG14: =AC14*$AF$5 -> 0 | AH14: 11.7 | AI14: =AC14*$AH$5 -> 0 | AJ14: =SUM(AL14:AV14) -> 0 | AK14: 11.7 | AY14: =SUM(BA14:BD14) -> 0 | BE14: =SUM(E14,G14,I14,K14,M14,O14,Q14,S14,U14,W14,Y14,AA14,AJ14,AW14,AY14) -> 11.7 | BF14: =SUM(F14,H14,J14,L14,N14,P14,R14,T14,V14,X14,Z14,AB14,AK14,AX14,AZ14) -> 11.7
A15: 8 | AA15: =SUM(AF15,AH15) -> 0 | AB15: =SUM(AC15:AE15) -> 0 | AG15: =AC15*$AF$5 -> 0 | AI15: =AC15*$AH$5 -> 0 | AJ15: =SUM(AL15:AV15) -> 0 | AY15: =SUM(BA15:BD15) -> 0 | BE15: =SUM(E15,G15,I15,K15,M15,O15,Q15,S15,U15,W15,Y15,AA15,AJ15,AW15,AY15) -> 0 | BF15: =SUM(F15,H15,J15,L15,N15,P15,R15,T15,V15,X15,Z15,AB15,AK15,AX15,AZ15) -> 0
A16: 9 | AA16: =SUM(AF16,AH16) -> 0 | AB16: =SUM(AC16:AE16) -> 0 | AG16: =AC16*$AF$5 -> 0 | AI16: =AC16*$AH$5 -> 0 | AJ16: =SUM(AL16:AV16) -> 0 | AY16: =SUM(BA16:BD16) -> 0 | BE16: =SUM(E16,G16,I16,K16,M16,O16,Q16,S16,U16,W16,Y16,AA16,AJ16,AW16,AY16) -> 0 | BF16: =SUM(F16,H16,J16,L16,N16,P16,R16,T16,V16,X16,Z16,AB16,AK16,AX16,AZ16) -> 0
A17: 10 | AA17: =SUM(AF17,AH17) -> 0 | AB17: =SUM(AC17:AE17) -> 0 | AG17: =AC17*$AF$5 -> 0 | AI17: =AC17*$AH$5 -> 0 | AJ17: =SUM(AL17:AV17) -> 0 | AY17: =SUM(BA17:BD17) -> 0 | BE17: =SUM(E17,G17,I17,K17,M17,O17,Q17,S17,U17,W17,Y17,AA17,AJ17,AW17,AY17) -> 0 | BF17: =SUM(F17,H17,J17,L17,N17,P17,R17,T17,V17,X17,Z17,AB17,AK17,AX17,AZ17) -> 0
A18: 11 | AA18: =SUM(AF18,AH18) -> 0 | AB18: =SUM(AC18:AE18) -> 0 | AG18: =AC18*$AF$5 -> 0 | AI18: =AC18*$AH$5 -> 0 | AJ18: =SUM(AL18:AV18) -> 0 | AY18: =SUM(BA18:BD18) -> 0 | BE18: =SUM(E18,G18,I18,K18,M18,O18,Q18,S18,U18,W18,Y18,AA18,AJ18,AW18,AY18) -> 0 | BF18: =SUM(F18,H18,J18,L18,N18,P18,R18,T18,V18,X18,Z18,AB18,AK18,AX18,AZ18) -> 0
A19: 12 | AA19: =SUM(AF19,AH19) -> 0 | AB19: =SUM(AC19:AE19) -> 0 | AG19: =AC19*$AF$5 -> 0 | AI19: =AC19*$AH$5 -> 0 | AJ19: =SUM(AL19:AV19) -> 0 | AY19: =SUM(BA19:BD19) -> 0 | BE19: =SUM(E19,G19,I19,K19,M19,O19,Q19,S19,U19,W19,Y19,AA19,AJ19,AW19,AY19) -> 0 | BF19: =SUM(F19,H19,J19,L19,N19,P19,R19,T19,V19,X19,Z19,AB19,AK19,AX19,AZ19) -> 0
A20: 13 | AA20: =SUM(AF20,AH20) -> 0 | AB20: =SUM(AC20:AE20) -> 0 | AG20: =AC20*$AF$5 -> 0 | AI20: =AC20*$AH$5 -> 0 | AJ20: =SUM(AL20:AV20) -> 0 | AY20: =SUM(BA20:BD20) -> 0 | BE20: =SUM(E20,G20,I20,K20,M20,O20,Q20,S20,U20,W20,Y20,AA20,AJ20,AW20,AY20) -> 0 | BF20: =SUM(F20,H20,J20,L20,N20,P20,R20,T20,V20,X20,Z20,AB20,AK20,AX20,AZ20) -> 0
A21: 14 | AA21: =SUM(AF21,AH21) -> 0 | AB21: =SUM(AC21:AE21) -> 0 | AG21: =AC21*$AF$5 -> 0 | AI21: =AC21*$AH$5 -> 0 | AJ21: =SUM(AL21:AV21) -> 0 | AY21: =SUM(BA21:BD21) -> 0 | BE21: =SUM(E21,G21,I21,K21,M21,O21,Q21,S21,U21,W21,Y21,AA21,AJ21,AW21,AY21) -> 0 | BF21: =SUM(F21,H21,J21,L21,N21,P21,R21,T21,V21,X21,Z21,AB21,AK21,AX21,AZ21) -> 0
C22: Обороты | D22: =SUM(D8:D21) -> 447.44 | E22: =SUM(E8:E21) -> 0 | F22: =SUM(F8:F21) -> 0 | G22: =SUM(G8:G21) -> 0 | H22: =SUM(H8:H21) -> 0 | I22: =SUM(I8:I21) -> 0 | J22: =SUM(J8:J21) -> 0 | K22: =SUM(K8:K21) -> 0 | ... BH22: =SUM(BH8:BH21) -> 0
C23: Сальдо на 01.05.2021г. | E23: =IF((SUM(E$7,E$22)-(SUM(F$7,F$22))<0),0)+IF((SUM(E$7,E$22)-(SUM(F$7,F$22))>0),(SUM(E$7,E$22)-(SUM(F$7,F$22)))) -> 0 | F23: =IF((SUM(F$7,F$22)-(SUM(E$7,E$22))<0),0)+IF((SUM(F$7,F$22)-(SUM(E$7,E$22))>0),(SUM(F$7,F$22)-(SUM(E$7,E$22)))) -> 0 | G23: =IF((SUM(G$7,G$22)-(SUM(H$7,H$22))<0),0)+IF((SUM(G$7,G$22)-(SUM(H$7,H$22))>0),(SUM(G$7,G$22)-(SUM(H$7,H$22)))) -> 0 | H23: =IF((SUM(H$7,H$22)-(SUM(G$7,G$22))<0),0)+IF((SUM(H$7,H$22)-(SUM(G$7,G$22))>0),(SUM(H$7,H$22)-(SUM(G$7,G$22)))) -> 0 | I23: =IF((SUM(I$7,I$22)-(SUM(J$7,J$22))<0),0)+IF((SUM(I$7,I$22)-(SUM(J$7,J$22))>0),(SUM(I$7,I$22)-(SUM(J$7,J$22)))) -> 0 | J23: =IF((SUM(J$7,J$22)-(SUM(I$7,I$22))<0),0)+IF((SUM(J$7,J$22)-(SUM(I$7,I$22))>0),(SUM(J$7,J$22)-(SUM(I$7,I$22)))) -> 0 | K23: =IF((SUM(K$7,K$22)-(SUM(L$7,L$22))<0),0)+IF((SUM(K$7,K$22)-(SUM(L$7,L$22))>0),(SUM(K$7,K$22)-(SUM(L$7,L$22)))) -> 0 | L23: =IF((SUM(L$7,L$22)-(SUM(K$7,K$22))<0),0)+IF((SUM(L$7,L$22)-(SUM(K$7,K$22))>0),(SUM(L$7,L$22)-(SUM(K$7,K$22)))) -> 0 | M23: =IF((SUM(M$7,M$22)-(SUM(N$7,N$22))<0),0)+IF((SUM(M$7,M$22)-(SUM(N$7,N$22))>0),(SUM(M$7,M$22)-(SUM(N$7,N$22)))) -> 1266.12 | N23: =IF((SUM(N$7,N$22)-(SUM(M$7,M$22))<0),0)+IF((SUM(N$7,N$22)-(SUM(M$7,M$22))>0),(SUM(N$7,N$22)-(SUM(M$7,M$22)))) -> 0 | O23: =IF((SUM(O$7,O$22)-(SUM(P$7,P$22))<0),0)+IF((SUM(O$7,O$22)-(SUM(P$7,P$22))>0),(SUM(O$7,O$22)-(SUM(P$7,P$22)))) -> 0 | P23: =IF((SUM(P$7,P$22)-(SUM(O$7,O$22))<0),0)+IF((SUM(P$7,P$22)-(SUM(O$7,O$22))>0),(SUM(P$7,P$22)-(SUM(O$7,O$22)))) -> 0 | Q23: =IF((SUM(Q$7,Q$22)-(SUM(R$7,R$22))<0),0)+IF((SUM(Q$7,Q$22)-(SUM(R$7,R$22))>0),(SUM(Q$7,Q$22)-(SUM(R$7,R$22)))) -> 0 | R23: =IF((SUM(R$7,R$22)-(SUM(Q$7,Q$22))<0),0)+IF((SUM(R$7,R$22)-(SUM(Q$7,Q$22))>0),(SUM(R$7,R$22)-(SUM(Q$7,Q$22)))) -> 0 | S23: =IF((SUM(S$7,S$22)-(SUM(T$7,T$22))<0),0)+IF((SUM(S$7,S$22)-(SUM(T$7,T$22))>0),(SUM(S$7,S$22)-(SUM(T$7,T$22)))) -> 0 | T23: =IF((SUM(T$7,T$22)-(SUM(S$7,S$22))<0),0)+IF((SUM(T$7,T$22)-(SUM(S$7,S$22))>0),(SUM(T$7,T$22)-(SUM(S$7,S$22)))) -> 0 | U23: =IF((SUM(U$7,U$22)-(SUM(V$7,V$22))<0),0)+IF((SUM(U$7,U$22)-(SUM(V$7,V$22))>0),(SUM(U$7,U$22)-(SUM(V$7,V$22)))) -> 0 | V23: =IF((SUM(V$7,V$22)-(SUM(U$7,U$22))<0),0)+IF((SUM(V$7,V$22)-(SUM(U$7,U$22))>0),(SUM(V$7,V$22)-(SUM(U$7,U$22)))) -> 0 | W23: =IF((SUM(W$7,W$22)-(SUM(X$7,X$22))<0),0)+IF((SUM(W$7,W$22)-(SUM(X$7,X$22))>0),(SUM(W$7,W$22)-(SUM(X$7,X$22)))) -> 0 | X23: =IF((SUM(X$7,X$22)-(SUM(W$7,W$22))<0),0)+IF((SUM(X$7,X$22)-(SUM(W$7,W$22))>0),(SUM(X$7,X$22)-(SUM(W$7,W$22)))) -> 0 | Y23: =IF((SUM(Y$7,Y$22)-(SUM(Z$7,Z$22))<0),0)+IF((SUM(Y$7,Y$22)-(SUM(Z$7,Z$22))>0),(SUM(Y$7,Y$22)-(SUM(Z$7,Z$22)))) -> 0 | Z23: =IF((SUM(Z$7,Z$22)-(SUM(Y$7,Y$22))<0),0)+IF((SUM(Z$7,Z$22)-(SUM(Y$7,Y$22))>0),(SUM(Z$7,Z$22)-(SUM(Y$7,Y$22)))) -> 0 | AA23: =IF((SUM(AA$7,AA$22)-(SUM(AB$7,AB$22))<0),0)+IF((SUM(AA$7,AA$22)-(SUM(AB$7,AB$22))>0),(SUM(AA$7,AA$22)-(SUM(AB$7,AB$22)))) -> 0 | AB23: =IF((SUM(AB$7,AB$22)-(SUM(AA$7,AA$22))<0),0)+IF((SUM(AB$7,AB$22)-(SUM(AA$7,AA$22))>0),(SUM(AB$7,AB$22)-(SUM(AA$7,AA$22)))) -> 1266.12 | AC23: =AC7+AC22 -> 1467.1 | AD23: =AD7+AD22 -> 2.69 | AE23: =AE7+AE22 -> 0 | AF23: =IF((SUM(AF$7,AF$22)-(SUM(AG$7,AG$22))<0),0)+IF((SUM(AF$7,AF$22)-(SUM(AG$7,AG$22))>0),(SUM(AF$7,AF$22)-(SUM(AG$7,AG$22)))) -> 185 | AG23: =IF((SUM(AG$7,AG$22)-(SUM(AF$7,AF$22))<0),0)+IF((SUM(AG$7,AG$22)-(SUM(AF$7,AF$22))>0),(SUM(AG$7,AG$22)-(SUM(AF$7,AF$22)))) -> 0 | AH23: =IF((SUM(AH$7,AH$22)-(SUM(AI$7,AI$22))<0),0)+IF((SUM(AH$7,AH$22)-(SUM(AI$7,AI$22))>0),(SUM(AH$7,AH$22)-(SUM(AI$7,AI$22)))) -> 1723.4 | AI23: =IF((SUM(AI$7,AI$22)-(SUM(AH$7,AH$22))<0),0)+IF((SUM(AI$7,AI$22)-(SUM(AH$7,AH$22))>0),(SUM(AI$7,AI$22)-(SUM(AH$7,AH$22)))) -> 0 | AJ23: =IF((SUM(AJ$7,AJ$22)-(SUM(AK$7,AK$22))<0),0)+IF((SUM(AJ$7,AJ$22)-(SUM(AK$7,AK$22))>0),(SUM(AJ$7,AJ$22)-(SUM(AK$7,AK$22)))) -> 0 | AK23: =IF((SUM(AK$7,AK$22)-(SUM(AJ$7,AJ$22))<0),0)+IF((SUM(AK$7,AK$22)-(SUM(AJ$7,AJ$22))>0),(SUM(AK$7,AK$22)-(SUM(AJ$7,AJ$22)))) -> 0 | AL23: =AL7+AL22 -> 185 | AM23: =AM7+AM22 -> 0 | AN23: =AN7+AN22 -> 0 | AO23: =AO7+AO22 -> 0 | AP23: =AP7+AP22 -> 0 | AQ23: =AQ7+AQ22 -> 1520 | AR23: =AR7+AR22 -> 0 | AS23: =AS7+AS22 -> 0 | ... AV23: =AV7+AV22 -> 58.4 | AW23: =IF((SUM(AW$7,AW$22)-(SUM(AX$7,AX$22))<0),0)+IF((SUM(AW$7,AW$22)-(SUM(AX$7,AX$22))>0),(SUM(AW$7,AW$22)-(SUM(AX$7,AX$22)))) -> 0 | AX23: =IF((SUM(AX$7,AX$22)-(SUM(AW$7,AW$22))<0),0)+IF((SUM(AX$7,AX$22)-(SUM(AW$7,AW$22))>0),(SUM(AX$7,AX$22)-(SUM(AW$7,AW$22)))) -> 0 | AY23: =IF((SUM(AY$7,AY$22)-(SUM(AZ$7,AZ$22))<0),0)+IF((SUM(AY$7,AY$22)-(SUM(AZ$7,AZ$22))>0),(SUM(AY$7,AY$22)-(SUM(AZ$7,AZ$22)))) -> 0 | AZ23: =IF((SUM(AZ$7,AZ$22)-(SUM(AY$7,AY$22))<0),0)+IF((SUM(AZ$7,AZ$22)-(SUM(AY$7,AY$22))>0),(SUM(AZ$7,AZ$22)-(SUM(AY$7,AY$22)))) -> 0 | BA23: =BA7+BA22 -> 0 | BB23: =BB7+BB22 -> 0 | BC23: =BC7+BC22 -> 0 | BD23: =BD7+BD22 -> 0 | BE23: =SUM(E23,G23,I23,K23,M23,O23,Q23,S23,U23,W23,Y23,AA23,AJ23,AW23,AY23) -> 1266.12 | BF23: =SUM(F23,H23,J23,L23,N23,P23,R23,T23,V23,X23,Z23,AB23,AK23,AX23,AZ23) -> 1266.12 | BG23: =BG7-BG22 -> 0 | BH23: =BH7-BH22 -> 0
BF25: =BF23-BE23 -> 0

Sheet май
B1: за | C1: май | D1: 2021 года
A3: № п/п | B3: Число, месяц | C3: Краткое содержание операции или номер документа | D3: Сумма | E3: Счет 01 | G3: Счет 02 | I3: Счет 10 | K3: Счет 50 | M3: Счет 51 | O3: Счет 55 | Q3: Счет 60 | S3: Счет 68 | U3: Счет 71 | W3: Счет 76 | Y3: Счет 79 | AA3: Счет 86/01 | AC3: Расшифровка счета 86/01 | AF3: счет 86/01 Расшифровка счета | AJ3: Счет 26/01 | AL3: Расшифровка счета 26/01 | AW3: Счет 86/02 | AY3: Счет 26/02 | BA3: Расшифровка счета 26/02 | BE3: Контрольные суммы | BG3: Забалансовый счет 006
E4: Основные средства | G4: Амортизация осн.средств | I4: Материалы | K4: Касса | M4: Текущий расчетный счет | O4: Специальные счета в банках (депозитный) | Q4: Расчеты с поставщиками и подрядчиками | S4: Расчеты по налогам и сборам | U4: Расчеты с подотчетными лицами | W4: Расчеты с разными дебиторами и кредиторами | Y4: Внутрихозяйственные расчеты | AA4: Общехозяйственные доходы | AC4: Отчисления от членских профвзносов | AD4: % банка | AE4: % банка по депозиту | AF4: фонд помощи | AH4: другие статьи не включенные в фонд | AJ4: Общехозяйственные расходы | AL4: Материальная помощь членам профсоюза | AM4: Детское оздоровление | AN4: Благотворительная помощь | AO4: Обучение профсоюзного актива | AP4: Туристическо-экскурсионная деятельность, в т.ч. Услуги ТЭУП "Беларустурист" | AQ4: Культурно-массовая работа | AR4: Спортивная и культурно-массовая работа | AS4: Информационная работа, в т.ч.подписка на "Беларускi час" | AT4: Вознаграждение профсоюзному активу за выполнение общественной нагрузки | AU4: Расходы на целевые мероприятия (в районе, городе, области) | AV4: Прочие расходы, в т.ч.комиссионное вознаграждение банку | AW4: Общехозяйственные доходы (Целевые поступления по коллективным договорам) | AY4: Общехозяйственные расходы | BA4: Туристическо-экскурсионная деятельность, в т.ч. Услуги ТЭУП "Беларустурист" | BB4: =апрель!BB4 -> матпомощь (страховка) | BC4: Культурно-массовая работа | BD4: Спортивная работа
E6: дебет | F6: кредит | G6: дебет | H6: кредит | I6: дебет | J6: кредит | K6: дебет | L6: кредит | M6: дебет | N6: кредит | O6: дебет | P6: кредит | Q6: дебет | R6: кредит | S6: дебет | T6: кредит | U6: дебет | V6: кредит | W6: дебет | X6: кредит | Y6: дебет | Z6: кредит | AA6: дебет | AB6: кредит | AF6: дебет | AG6: кредит | AH6: дебет | AI6: кредит | AJ6: дебет | AK6: кредит | AL6: фонд помощи | AO6: другие статьи не включенные в фонд | AW6: дебет | AX6: кредит | AY6: дебет | AZ6: кредит | BE6: дебет | BF6: кредит | BG6: кол-во | BH6: сумма
C7: Сальдо на 01.05.2021г. | E7: =апрель!E23 -> 0 | F7: =апрель!F23 -> 0 | G7: =апрель!G23 -> 0 | H7: =апрель!H23 -> 0 | I7: =апрель!I23 -> 0 | J7: =апрель!J23 -> 0 | K7: =апрель!K23 -> 0 | L7: =апрель!L23 -> 0 | ... BH7: =апрель!BH23 -> 0
A8: 1 | B8: 44321 | C8: Материальная помощь | D8: 250 | M8: 250 | Z8: 250 | AA8: =SUM(AF8,AH8) -> 0 | AB8: =SUM(AC8:AE8) -> 0 | AG8: =AC8*$AF$5 -> 0 | AI8: =AC8*$AH$5 -> 0 | AJ8: =SUM(AL8:AV8) -> 0 | AY8: =SUM(BA8:BD8) -> 0 | BE8: =SUM(E8,G8,I8,K8,M8,O8,Q8,S8,U8,W8,Y8,AA8,AJ8,AW8,AY8) -> 250 | BF8: =SUM(F8,H8,J8,L8,N8,P8,R8,T8,V8,X8,Z8,AB8,AK8,AX8,AZ8) -> 250
A9: 2 | B9: 44322 | C9: Начислены % банка | D9: 11.64 | N9: 11.64 | AA9: =SUM(AF9,AH9) -> 0 | AB9: =SUM(AC9:AE9) -> 0 | AG9: =AC9*$AF$5 -> 0 | AI9: =AC9*$AH$5 -> 0 | AJ9: =SUM(AL9:AV9) -> 11.64 | AV9: 11.64 | AY9: =SUM(BA9:BD9) -> 0 | BE9: =SUM(E9,G9,I9,K9,M9,O9,Q9,S9,U9,W9,Y9,AA9,AJ9,AW9,AY9) -> 11.64 | BF9: =SUM(F9,H9,J9,L9,N9,P9,R9,T9,V9,X9,Z9,AB9,AK9,AX9,AZ9) -> 11.64
A10: 3 | B10: 44322 | C10: Начислены % банка | D10: 11.7 | N10: 11.7 | AA10: =SUM(AF10,AH10) -> 0 | AB10: =SUM(AC10:AE10) -> 0 | AG10: =AC10*$AF$5 -> 0 | AI10: =AC10*$AH$5 -> 0 | AJ10: =SUM(AL10:AV10) -> 11.7 | AV10: 11.7 | AY10: =SUM(BA10:BD10) -> 0 | BE10: =SUM(E10,G10,I10,K10,M10,O10,Q10,S10,U10,W10,Y10,AA10,AJ10,AW10,AY10) -> 11.7 | BF10: =SUM(F10,H10,J10,L10,N10,P10,R10,T10,V10,X10,Z10,AB10,AK10,AX10,AZ10) -> 11.7
A11: 4 | B11: 44322 | C11: Материальная помощь | D11: 582 | N11: 582 | Y11: 250 | AA11: =SUM(AF11,AH11) -> 0 | AB11: =SUM(AC11:AE11) -> 0 | AG11: =AC11*$AF$5 -> 0 | AI11: =AC11*$AH$5 -> 0 | AJ11: =SUM(AL11:AV11) -> 332 | AL11: 332 | AY11: =SUM(BA11:BD11) -> 0 | BE11: =SUM(E11,G11,I11,K11,M11,O11,Q11,S11,U11,W11,Y11,AA11,AJ11,AW11,AY11) -> 582 | BF11: =SUM(F11,H11,J11,L11,N11,P11,R11,T11,V11,X11,Z11,AB11,AK11,AX11,AZ11) -> 582
A12: 5 | B12: 44334 | C12: Поступили членские взносы от нанимателя | D12: 386.31 | M12: 386.31 | AA12: =SUM(AF12,AH12) -> 0 | AB12: =SUM(AC12:AE12) -> 386.31 | AC12: 386.31 | AG12: =AC12*$AF$5 -> 0 | AI12: =AC12*$AH$5 -> 0 | AJ12: =SUM(AL12:AV12) -> 0 | AY12: =SUM(BA12:BD12) -> 0 | BE12: =SUM(E12,G12,I12,K12,M12,O12,Q12,S12,U12,W12,Y12,AA12,AJ12,AW12,AY12) -> 386.31 | BF12: =SUM(F12,H12,J12,L12,N12,P12,R12,T12,V12,X12,Z12,AB12,AK12,AX12,AZ12) -> 386.31
A13: 6 | B13: 44336 | C13: Начислены % банка | D13: 2.32 | N13: 2.32 | AA13: =SUM(AF13,AH13) -> 0 | AB13: =SUM(AC13:AE13) -> 0 | AG13: =AC13*$AF$5 -> 0 | AI13: =AC13*$AH$5 -> 0 | AJ13: =SUM(AL13:AV13) -> 2.32 | AV13: 2.32 | AY13: =SUM(BA13:BD13) -> 0 | BE13: =SUM(E13,G13,I13,K13,M13,O13,Q13,S13,U13,W13,Y13,AA13,AJ13,AW13,AY13) -> 2.32 | BF13: =SUM(F13,H13,J13,L13,N13,P13,R13,T13,V13,X13,Z13,AB13,AK13,AX13,AZ13) -> 2.32
A14: 7 | B14: 44336 | C14: Материальная помощь | D14: 116 | N14: 116 | AA14: =SUM(AF14,AH14) -> 0 | AB14: =SUM(AC14:AE14) -> 0 | AG14: =AC14*$AF$5 -> 0 | AI14: =AC14*$AH$5 -> 0 | AJ14: =SUM(AL14:AV14) -> 116 | AL14: 116 | AY14: =SUM(BA14:BD14) -> 0 | BE14: =SUM(E14,G14,I14,K14,M14,O14,Q14,S14,U14,W14,Y14,AA14,AJ14,AW14,AY14) -> 116 | BF14: =SUM(F14,H14,J14,L14,N14,P14,R14,T14,V14,X14,Z14,AB14,AK14,AX14,AZ14) -> 116
A15: 8 | B15: 44336 | C15: Оплата за мероприятие | D15: 330 | N15: 330 | AA15: =SUM(AF15,AH15) -> 0 | AB15: =SUM(AC15:AE15) -> 0 | AG15: =AC15*$AF$5 -> 0 | AI15: =AC15*$AH$5 -> 0 | AJ15: =SUM(AL15:AV15) -> 330 | AQ15: 330 | AY15: =SUM(BA15:BD15) -> 0 | BE15: =SUM(E15,G15,I15,K15,M15,O15,Q15,S15,U15,W15,Y15,AA15,AJ15,AW15,AY15) -> 330 | BF15: =SUM(F15,H15,J15,L15,N15,P15,R15,T15,V15,X15,Z15,AB15,AK15,AX15,AZ15) -> 330
A16: 9 | B16: 44343 | C16: Начислены % банка | D16: 8.13 | N16: 8.13 | AA16: =SUM(AF16,AH16) -> 0 | AB16: =SUM(AC16:AE16) -> 0 | AG16: =AC16*$AF$5 -> 0 | AI16: =AC16*$AH$5 -> 0 | AJ16: =SUM(AL16:AV16) -> 8.13 | AV16: 8.13 | AY16: =SUM(BA16:BD16) -> 0 | BE16: =SUM(E16,G16,I16,K16,M16,O16,Q16,S16,U16,W16,Y16,AA16,AJ16,AW16,AY16) -> 8.13 | BF16: =SUM(F16,H16,J16,L16,N16,P16,R16,T16,V16,X16,Z16,AB16,AK16,AX16,AZ16) -> 8.13
A17: 10 | B17: 44343 | C17: Материальная помощь | D17: 406 | N17: 406 | AA17: =SUM(AF17,AH17) -> 0 | AB17: =SUM(AC17:AE17) -> 0 | AG17: =AC17*$AF$5 -> 0 | AI17: =AC17*$AH$5 -> 0 | AJ17: =SUM(AL17:AV17) -> 406 | AL17: 406 | AY17: =SUM(BA17:BD17) -> 0 | BE17: =SUM(E17,G17,I17,K17,M17,O17,Q17,S17,U17,W17,Y17,AA17,AJ17,AW17,AY17) -> 406 | BF17: =SUM(F17,H17,J17,L17,N17,P17,R17,T17,V17,X17,Z17,AB17,AK17,AX17,AZ17) -> 406
A18: 11 | B18: 44347 | C18: Начислены % банка | D18: 0.39 | M18: 0.39 | AA18: =SUM(AF18,AH18) -> 0 | AB18: =SUM(AC18:AE18) -> 0.39 | AD18: 0.39 | AG18: =AC18*$AF$5 -> 0 | AI18: =AC18*$AH$5 -> 0 | AJ18: =SUM(AL18:AV18) -> 0 | AY18: =SUM(BA18:BD18) -> 0 | BE18: =SUM(E18,G18,I18,K18,M18,O18,Q18,S18,U18,W18,Y18,AA18,AJ18,AW18,AY18) -> 0.39 | BF18: =SUM(F18,H18,J18,L18,N18,P18,R18,T18,V18,X18,Z18,AB18,AK18,AX18,AZ18) -> 0.39
A19: 12 | B19: 44347 | C19: Закрытие месяца | D19: 1209.66 | AA19: =SUM(AF19,AH19) -> 1217.79 | AB19: =SUM(AC19:AE19) -> 0 | AF19: 854 | AG19: =AC19*$AF$5 -> 0 | AH19: 363.79 | AI19: =AC19*$AH$5 -> 0 | AJ19: =SUM(AL19:AV19) -> 0 | AK19: 1217.79 | AY19: =SUM(BA19:BD19) -> 0 | BE19: =SUM(E19,G19,I19,K19,M19,O19,Q19,S19,U19,W19,Y19,AA19,AJ19,AW19,AY19) -> 1217.79 | BF19: =SUM(F19,H19,J19,L19,N19,P19,R19,T19,V19,X19,Z19,AB19,AK19,AX19,AZ19) -> 1217.79
A20: 13 | AA20: =SUM(AF20,AH20) -> 0 | AB20: =SUM(AC20:AE20) -> 0 | AG20: =AC20*$AF$5 -> 0 | AI20: =AC20*$AH$5 -> 0 | AJ20: =SUM(AL20:AV20) -> 0 | AY20: =SUM(BA20:BD20) -> 0 | BE20: =SUM(E20,G20,I20,K20,M20,O20,Q20,S20,U20,W20,Y20,AA20,AJ20,AW20,AY20) -> 0 | BF20: =SUM(F20,H20,J20,L20,N20,P20,R20,T20,V20,X20,Z20,AB20,AK20,AX20,AZ20) -> 0
A21: 14 | AA21: =SUM(AF21,AH21) -> 0 | AB21: =SUM(AC21:AE21) -> 0 | AG21: =AC21*$AF$5 -> 0 | AI21: =AC21*$AH$5 -> 0 | AJ21: =SUM(AL21:AV21) -> 0 | AY21: =SUM(BA21:BD21) -> 0 | BE21: =SUM(E21,G21,I21,K21,M21,O21,Q21,S21,U21,W21,Y21,AA21,AJ21,AW21,AY21) -> 0 | BF21: =SUM(F21,H21,J21,L21,N21,P21,R21,T21,V21,X21,Z21,AB21,AK21,AX21,AZ21) -> 0
C22: Обороты | D22: =SUM(D8:D21) -> 3314.15 | E22: =SUM(E8:E21) -> 0 | F22: =SUM(F8:F21) -> 0 | G22: =SUM(G8:G21) -> 0 | H22: =SUM(H8:H21) -> 0 | I22: =SUM(I8:I21) -> 0 | J22: =SUM(J8:J21) -> 0 | K22: =SUM(K8:K21) -> 0 | ... BH22: =SUM(BH8:BH21) -> 0
C23: Сальдо на 01.06.2021г. | E23: =IF((SUM(E$7,E$22)-(SUM(F$7,F$22))<0),0)+IF((SUM(E$7,E$22)-(SUM(F$7,F$22))>0),(SUM(E$7,E$22)-(SUM(F$7,F$22)))) -> 0 | F23: =IF((SUM(F$7,F$22)-(SUM(E$7,E$22))<0),0)+IF((SUM(F$7,F$22)-(SUM(E$7,E$22))>0),(SUM(F$7,F$22)-(SUM(E$7,E$22)))) -> 0 | G23: =IF((SUM(G$7,G$22)-(SUM(H$7,H$22))<0),0)+IF((SUM(G$7,G$22)-(SUM(H$7,H$22))>0),(SUM(G$7,G$22)-(SUM(H$7,H$22)))) -> 0 | H23: =IF((SUM(H$7,H$22)-(SUM(G$7,G$22))<0),0)+IF((SUM(H$7,H$22)-(SUM(G$7,G$22))>0),(SUM(H$7,H$22)-(SUM(G$7,G$22)))) -> 0 | I23: =IF((SUM(I$7,I$22)-(SUM(J$7,J$22))<0),0)+IF((SUM(I$7,I$22)-(SUM(J$7,J$22))>0),(SUM(I$7,I$22)-(SUM(J$7,J$22)))) -> 0 | J23: =IF((SUM(J$7,J$22)-(SUM(I$7,I$22))<0),0)+IF((SUM(J$7,J$22)-(SUM(I$7,I$22))>0),(SUM(J$7,J$22)-(SUM(I$7,I$22)))) -> 0 | K23: =IF((SUM(K$7,K$22)-(SUM(L$7,L$22))<0),0)+IF((SUM(K$7,K$22)-(SUM(L$7,L$22))>0),(SUM(K$7,K$22)-(SUM(L$7,L$22)))) -> 0 | L23: =IF((SUM(L$7,L$22)-(SUM(K$7,K$22))<0),0)+IF((SUM(L$7,L$22)-(SUM(K$7,K$22))>0),(SUM(L$7,L$22)-(SUM(K$7,K$22)))) -> 0 | M23: =IF((SUM(M$7,M$22)-(SUM(N$7,N$22))<0),0)+IF((SUM(M$7,M$22)-(SUM(N$7,N$22))>0),(SUM(M$7,M$22)-(SUM(N$7,N$22)))) -> 435.03 | N23: =IF((SUM(N$7,N$22)-(SUM(M$7,M$22))<0),0)+IF((SUM(N$7,N$22)-(SUM(M$7,M$22))>0),(SUM(N$7,N$22)-(SUM(M$7,M$22)))) -> 0 | O23: =IF((SUM(O$7,O$22)-(SUM(P$7,P$22))<0),0)+IF((SUM(O$7,O$22)-(SUM(P$7,P$22))>0),(SUM(O$7,O$22)-(SUM(P$7,P$22)))) -> 0 | P23: =IF((SUM(P$7,P$22)-(SUM(O$7,O$22))<0),0)+IF((SUM(P$7,P$22)-(SUM(O$7,O$22))>0),(SUM(P$7,P$22)-(SUM(O$7,O$22)))) -> 0 | Q23: =IF((SUM(Q$7,Q$22)-(SUM(R$7,R$22))<0),0)+IF((SUM(Q$7,Q$22)-(SUM(R$7,R$22))>0),(SUM(Q$7,Q$22)-(SUM(R$7,R$22)))) -> 0 | R23: =IF((SUM(R$7,R$22)-(SUM(Q$7,Q$22))<0),0)+IF((SUM(R$7,R$22)-(SUM(Q$7,Q$22))>0),(SUM(R$7,R$22)-(SUM(Q$7,Q$22)))) -> 0 | S23: =IF((SUM(S$7,S$22)-(SUM(T$7,T$22))<0),0)+IF((SUM(S$7,S$22)-(SUM(T$7,T$22))>0),(SUM(S$7,S$22)-(SUM(T$7,T$22)))) -> 0 | T23: =IF((SUM(T$7,T$22)-(SUM(S$7,S$22))<0),0)+IF((SUM(T$7,T$22)-(SUM(S$7,S$22))>0),(SUM(T$7,T$22)-(SUM(S$7,S$22)))) -> 0 | U23: =IF((SUM(U$7,U$22)-(SUM(V$7,V$22))<0),0)+IF((SUM(U$7,U$22)-(SUM(V$7,V$22))>0),(SUM(U$7,U$22)-(SUM(V$7,V$22)))) -> 0 | V23: =IF((SUM(V$7,V$22)-(SUM(U$7,U$22))<0),0)+IF((SUM(V$7,V$22)-(SUM(U$7,U$22))>0),(SUM(V$7,V$22)-(SUM(U$7,U$22)))) -> 0 | W23: =IF((SUM(W$7,W$22)-(SUM(X$7,X$22))<0),0)+IF((SUM(W$7,W$22)-(SUM(X$7,X$22))>0),(SUM(W$7,W$22)-(SUM(X$7,X$22)))) -> 0 | X23: =IF((SUM(X$7,X$22)-(SUM(W$7,W$22))<0),0)+IF((SUM(X$7,X$22)-(SUM(W$7,W$22))>0),(SUM(X$7,X$22)-(SUM(W$7,W$22)))) -> 0 | Y23: =IF((SUM(Y$7,Y$22)-(SUM(Z$7,Z$22))<0),0)+IF((SUM(Y$7,Y$22)-(SUM(Z$7,Z$22))>0),(SUM(Y$7,Y$22)-(SUM(Z$7,Z$22)))) -> 0 | Z23: =IF((SUM(Z$7,Z$22)-(SUM(Y$7,Y$22))<0),0)+IF((SUM(Z$7,Z$22)-(SUM(Y$7,Y$22))>0),(SUM(Z$7,Z$22)-(SUM(Y$7,Y$22)))) -> 0 | AA23: =IF((SUM(AA$7,AA$22)-(SUM(AB$7,AB$22))<0),0)+IF((SUM(AA$7,AA$22)-(SUM(AB$7,AB$22))>0),(SUM(AA$7,AA$22)-(SUM(AB$7,AB$22)))) -> 0 | AB23: =IF((SUM(AB$7,AB$22)-(SUM(AA$7,AA$22))<0),0)+IF((SUM(AB$7,AB$22)-(SUM(AA$7,AA$22))>0),(SUM(AB$7,AB$22)-(SUM(AA$7,AA$22)))) -> 435.03 | AC23: =AC7+AC22 -> 1853.41 | AD23: =AD7+AD22 -> 3.08 | AE23: =AE7+AE22 -> 0 | AF23: =IF((SUM(AF$7,AF$22)-(SUM(AG$7,AG$22))<0),0)+IF((SUM(AF$7,AF$22)-(SUM(AG$7,AG$22))>0),(SUM(AF$7,AF$22)-(SUM(AG$7,AG$22)))) -> 1039 | AG23: =IF((SUM(AG$7,AG$22)-(SUM(AF$7,AF$22))<0),0)+IF((SUM(AG$7,AG$22)-(SUM(AF$7,AF$22))>0),(SUM(AG$7,AG$22)-(SUM(AF$7,AF$22)))) -> 0 | AH23: =IF((SUM(AH$7,AH$22)-(SUM(AI$7,AI$22))<0),0)+IF((SUM(AH$7,AH$22)-(SUM(AI$7,AI$22))>0),(SUM(AH$7,AH$22)-(SUM(AI$7,AI$22)))) -> 2087.19 | AI23: =IF((SUM(AI$7,AI$22)-(SUM(AH$7,AH$22))<0),0)+IF((SUM(AI$7,AI$22)-(SUM(AH$7,AH$22))>0),(SUM(AI$7,AI$22)-(SUM(AH$7,AH$22)))) -> 0 | AJ23: =IF((SUM(AJ$7,AJ$22)-(SUM(AK$7,AK$22))<0),0)+IF((SUM(AJ$7,AJ$22)-(SUM(AK$7,AK$22))>0),(SUM(AJ$7,AJ$22)-(SUM(AK$7,AK$22)))) -> 0 | AK23: =IF((SUM(AK$7,AK$22)-(SUM(AJ$7,AJ$22))<0),0)+IF((SUM(AK$7,AK$22)-(SUM(AJ$7,AJ$22))>0),(SUM(AK$7,AK$22)-(SUM(AJ$7,AJ$22)))) -> 0 | AL23: =AL7+AL22 -> 1039 | AM23: =AM7+AM22 -> 0 | AN23: =AN7+AN22 -> 0 | AO23: =AO7+AO22 -> 0 | AP23: =AP7+AP22 -> 0 | AQ23: =AQ7+AQ22 -> 1850 | AR23: =AR7+AR22 -> 0 | AS23: =AS7+AS22 -> 0 | ... AV23: =AV7+AV22 -> 92.19 | AW23: =IF((SUM(AW$7,AW$22)-(SUM(AX$7,AX$22))<0),0)+IF((SUM(AW$7,AW$22)-(SUM(AX$7,AX$22))>0),(SUM(AW$7,AW$22)-(SUM(AX$7,AX$22)))) -> 0 | AX23: =IF((SUM(AX$7,AX$22)-(SUM(AW$7,AW$22))<0),0)+IF((SUM(AX$7,AX$22)-(SUM(AW$7,AW$22))>0),(SUM(AX$7,AX$22)-(SUM(AW$7,AW$22)))) -> 0 | AY23: =IF((SUM(AY$7,AY$22)-(SUM(AZ$7,AZ$22))<0),0)+IF((SUM(AY$7,AY$22)-(SUM(AZ$7,AZ$22))>0),(SUM(AY$7,AY$22)-(SUM(AZ$7,AZ$22)))) -> 0 | AZ23: =IF((SUM(AZ$7,AZ$22)-(SUM(AY$7,AY$22))<0),0)+IF((SUM(AZ$7,AZ$22)-(SUM(AY$7,AY$22))>0),(SUM(AZ$7,AZ$22)-(SUM(AY$7,AY$22)))) -> 0 | BA23: =BA7+BA22 -> 0 | BB23: =BB7+BB22 -> 0 | BC23: =BC7+BC22 -> 0 | BD23: =BD7+BD22 -> 0 | BE23: =SUM(E23,G23,I23,K23,M23,O23,Q23,S23,U23,W23,Y23,AA23,AJ23,AW23,AY23) -> 435.03 | BF23: =SUM(F23,H23,J23,L23,N23,P23,R23,T23,V23,X23,Z23,AB23,AK23,AX23,AZ23) -> 435.03 | BG23: =BG7-BG22 -> 0 | BH23: =BH7-BH22 -> 0
BF25: =BF23-BE23 -> 0

Sheet июнь
B1: за | C1: июнь | D1: 2021года
A3: № п/п | B3: Число, месяц | C3: Краткое содержание операции или номер документа | D3: Сумма | E3: Счет 01 | G3: Счет 02 | I3: Счет 10 | K3: Счет 50 | M3: Счет 51 | O3: Счет 55 | Q3: Счет 60 | S3: Счет 68 | U3: Счет 71 | W3: Счет 76 | Y3: Счет 79 | AA3: Счет 86/01 | AC3: Расшифровка счета 86/01 | AF3: счет 86/01 Расшифровка счета | AJ3: Счет 26/01 | AL3: Расшифровка счета 26/01 | AW3: Счет 86/02 | AY3: Счет 26/02 | BA3: Расшифровка счета 26/02 | BE3: Контрольные суммы | BG3: Забалансовый счет 006
E4: Основные средства | G4: Амортизация осн.средств | I4: Материалы | K4: Касса | M4: Текущий расчетный счет | O4: Специальные счета в банках (депозитный) | Q4: Расчеты с поставщиками и подрядчиками | S4: Расчеты по налогам и сборам | U4: Расчеты с подотчетными лицами | W4: Расчеты с разными дебиторами и кредиторами | Y4: Внутрихозяйственные расчеты | AA4: Общехозяйственные доходы | AC4: Отчисления от членских профвзносов | AD4: % банка | AE4: % банка по депозиту | AF4: фонд помощи | AH4: другие статьи не включенные в фонд | AJ4: Общехозяйственные расходы | AL4: Материальная помощь членам профсоюза | AM4: Детское оздоровление | AN4: Благотворительная помощь | AO4: Обучение профсоюзного актива | AP4: Туристическо-экскурсионная деятельность, в т.ч. Услуги ТЭУП "Беларустурист" | AQ4: Культурно-массовая работа | AR4: Спортивная и культурно-массовая работа | AS4: Информационная работа, в т.ч.подписка на "Беларускi час" | AT4: Вознаграждение профсоюзному активу за выполнение общественной нагрузки | AU4: Расходы на целевые мероприятия (в районе, городе, области) | AV4: Прочие расходы, в т.ч.комиссионное вознаграждение банку | AW4: Общехозяйственные доходы (Целевые поступления по коллективным договорам) | AY4: Общехозяйственные расходы | BA4: Туристическо-экскурсионная деятельность, в т.ч. Услуги ТЭУП "Беларустурист" | BB4: =май!BB4 -> матпомощь (страховка) | BC4: Культурно-массовая работа | BD4: Спортивная работа
AF5: 0.2 | AH5: 0.8
E6: дебет | F6: кредит | G6: дебет | H6: кредит | I6: дебет | J6: кредит | K6: дебет | L6: кредит | M6: дебет | N6: кредит | O6: дебет | P6: кредит | Q6: дебет | R6: кредит | S6: дебет | T6: кредит | U6: дебет | V6: кредит | W6: дебет | X6: кредит | Y6: дебет | Z6: кредит | AA6: дебет | AB6: кредит | AF6: дебет | AG6: кредит | AH6: дебет | AI6: кредит | AJ6: дебет | AK6: кредит | AL6: фонд помощи | AO6: другие статьи не включенные в фонд | AW6: дебет | AX6: кредит | AY6: дебет | AZ6: кредит | BE6: дебет | BF6: кредит | BG6: кол-во | BH6: сумма
C7: Сальдо на 01.06.2021г. | E7: =май!E23 -> 0 | F7: =май!F23 -> 0 | G7: =май!G23 -> 0 | H7: =май!H23 -> 0 | I7: =май!I23 -> 0 | J7: =май!J23 -> 0 | K7: =май!K23 -> 0 | L7: =май!L23 -> 0 | ... BH7: =май!BH23 -> 0
A8: 1 | B8: 44348 | C8: Начислены % банка | D8: 11.7 | N8: 11.7 | AA8: =SUM(AF8,AH8) -> 0 | AB8: =SUM(AC8:AE8) -> 0 | AG8: =AC8*$AF$5 -> 0 | AI8: =AC8*$AH$5 -> 0 | AJ8: =SUM(AL8:AV8) -> 11.7 | AV8: 11.7 | AY8: =SUM(BA8:BD8) -> 0 | BE8: =SUM(E8,G8,I8,K8,M8,O8,Q8,S8,U8,W8,Y8,AA8,AJ8,AW8,AY8) -> 11.7 | BF8: =SUM(F8,H8,J8,L8,N8,P8,R8,T8,V8,X8,Z8,AB8,AK8,AX8,AZ8) -> 11.7
A9: 2 | B9: 44348 | C9: Начислены % банка | D9: 0.01 | M9: 0.01 | AA9: =SUM(AF9,AH9) -> 0 | AB9: =SUM(AC9:AE9) -> 0.01 | AD9: 0.01 | AG9: =AC9*$AF$5 -> 0 | AI9: =AC9*$AH$5 -> 0 | AJ9: =SUM(AL9:AV9) -> 0 | AY9: =SUM(BA9:BD9) -> 0 | BE9: =SUM(E9,G9,I9,K9,M9,O9,Q9,S9,U9,W9,Y9,AA9,AJ9,AW9,AY9) -> 0.01 | BF9: =SUM(F9,H9,J9,L9,N9,P9,R9,T9,V9,X9,Z9,AB9,AK9,AX9,AZ9) -> 0.01
A10: 3 | B10: 44348 | C10: Поступили членские взносы от нанимателя | D10: 13.6 | M10: 13.6 | AA10: =SUM(AF10,AH10) -> 0 | AB10: =SUM(AC10:AE10) -> 13.6 | AC10: 13.6 | AG10: =AC10*$AF$5 -> 2.72 | AI10: =AC10*$AH$5 -> 10.88 | AJ10: =SUM(AL10:AV10) -> 0 | AY10: =SUM(BA10:BD10) -> 0 | BE10: =SUM(E10,G10,I10,K10,M10,O10,Q10,S10,U10,W10,Y10,AA10,AJ10,AW10,AY10) -> 13.6 | BF10: =SUM(F10,H10,J10,L10,N10,P10,R10,T10,V10,X10,Z10,AB10,AK10,AX10,AZ10) -> 13.6
A11: 4 | B11: 44363 | C11: Поступили членские взносы от нанимателя | D11: 483.36 | M11: 483.36 | AA11: =SUM(AF11,AH11) -> 0 | AB11: =SUM(AC11:AE11) -> 483.36 | AC11: 483.36 | AG11: =AC11*$AF$5 -> 96.672 | AI11: =AC11*$AH$5 -> 386.688 | AJ11: =SUM(AL11:AV11) -> 0 | AY11: =SUM(BA11:BD11) -> 0 | BE11: =SUM(E11,G11,I11,K11,M11,O11,Q11,S11,U11,W11,Y11,AA11,AJ11,AW11,AY11) -> 483.36 | BF11: =SUM(F11,H11,J11,L11,N11,P11,R11,T11,V11,X11,Z11,AB11,AK11,AX11,AZ11) -> 483.36
A12: 5 | B12: 44377 | C12: Начислены % банка | D12: 0.28 | M12: 0.28 | AA12: =SUM(AF12,AH12) -> 0 | AB12: =SUM(AC12:AE12) -> 0.28 | AD12: 0.28 | AG12: =AC12*$AF$5 -> 0 | AI12: =AC12*$AH$5 -> 0 | AJ12: =SUM(AL12:AV12) -> 0 | AY12: =SUM(BA12:BD12) -> 0 | BE12: =SUM(E12,G12,I12,K12,M12,O12,Q12,S12,U12,W12,Y12,AA12,AJ12,AW12,AY12) -> 0.28 | BF12: =SUM(F12,H12,J12,L12,N12,P12,R12,T12,V12,X12,Z12,AB12,AK12,AX12,AZ12) -> 0.28
A13: 6 | B13: 44377 | C13: Закрытие месяца | D13: 11.7 | AA13: =SUM(AF13,AH13) -> 11.7 | AB13: =SUM(AC13:AE13) -> 0 | AG13: =AC13*$AF$5 -> 0 | AH13: 11.7 | AI13: =AC13*$AH$5 -> 0 | AJ13: =SUM(AL13:AV13) -> 0 | AK13: 11.7 | AY13: =SUM(BA13:BD13) -> 0 | BE13: =SUM(E13,G13,I13,K13,M13,O13,Q13,S13,U13,W13,Y13,AA13,AJ13,AW13,AY13) -> 11.7 | BF13: =SUM(F13,H13,J13,L13,N13,P13,R13,T13,V13,X13,Z13,AB13,AK13,AX13,AZ13) -> 11.7
A14: 7 | AA14: =SUM(AF14,AH14) -> 0 | AB14: =SUM(AC14:AE14) -> 0 | AG14: =AC14*$AF$5 -> 0 | AI14: =AC14*$AH$5 -> 0 | AJ14: =SUM(AL14:AV14) -> 0 | AY14: =SUM(BA14:BD14) -> 0 | BE14: =SUM(E14,G14,I14,K14,M14,O14,Q14,S14,U14,W14,Y14,AA14,AJ14,AW14,AY14) -> 0 | BF14: =SUM(F14,H14,J14,L14,N14,P14,R14,T14,V14,X14,Z14,AB14,AK14,AX14,AZ14) -> 0
A15: 8 | AA15: =SUM(AF15,AH15) -> 0 | AB15: =SUM(AC15:AE15) -> 0 | AG15: =AC15*$AF$5 -> 0 | AI15: =AC15*$AH$5 -> 0 | AJ15: =SUM(AL15:AV15) -> 0 | AY15: =SUM(BA15:BD15) -> 0 | BE15: =SUM(E15,G15,I15,K15,M15,O15,Q15,S15,U15,W15,Y15,AA15,AJ15,AW15,AY15) -> 0 | BF15: =SUM(F15,H15,J15,L15,N15,P15,R15,T15,V15,X15,Z15,AB15,AK15,AX15,AZ15) -> 0
A16: 9 | AA16: =SUM(AF16,AH16) -> 0 | AB16: =SUM(AC16:AE16) -> 0 | AG16: =AC16*$AF$5 -> 0 | AI16: =AC16*$AH$5 -> 0 | AJ16: =SUM(AL16:AV16) -> 0 | AY16: =SUM(BA16:BD16) -> 0 | BE16: =SUM(E16,G16,I16,K16,M16,O16,Q16,S16,U16,W16,Y16,AA16,AJ16,AW16,AY16) -> 0 | BF16: =SUM(F16,H16,J16,L16,N16,P16,R16,T16,V16,X16,Z16,AB16,AK16,AX16,AZ16) -> 0
A17: 10 | AA17: =SUM(AF17,AH17) -> 0 | AB17: =SUM(AC17:AE17) -> 0 | AG17: =AC17*$AF$5 -> 0 | AI17: =AC17*$AH$5 -> 0 | AJ17: =SUM(AL17:AV17) -> 0 | AY17: =SUM(BA17:BD17) -> 0 | BE17: =SUM(E17,G17,I17,K17,M17,O17,Q17,S17,U17,W17,Y17,AA17,AJ17,AW17,AY17) -> 0 | BF17: =SUM(F17,H17,J17,L17,N17,P17,R17,T17,V17,X17,Z17,AB17,AK17,AX17,AZ17) -> 0
A18: 11 | AA18: =SUM(AF18,AH18) -> 0 | AB18: =SUM(AC18:AE18) -> 0 | AG18: =AC18*$AF$5 -> 0 | AI18: =AC18*$AH$5 -> 0 | AJ18: =SUM(AL18:AV18) -> 0 | AY18: =SUM(BA18:BD18) -> 0 | BE18: =SUM(E18,G18,I18,K18,M18,O18,Q18,S18,U18,W18,Y18,AA18,AJ18,AW18,AY18) -> 0 | BF18: =SUM(F18,H18,J18,L18,N18,P18,R18,T18,V18,X18,Z18,AB18,AK18,AX18,AZ18) -> 0
A19: 12 | AA19: =SUM(AF19,AH19) -> 0 | AB19: =SUM(AC19:AE19) -> 0 | AG19: =AC19*$AF$5 -> 0 | AI19: =AC19*$AH$5 -> 0 | AJ19: =SUM(AL19:AV19) -> 0 | AY19: =SUM(BA19:BD19) -> 0 | BE19: =SUM(E19,G19,I19,K19,M19,O19,Q19,S19,U19,W19,Y19,AA19,AJ19,AW19,AY19) -> 0 | BF19: =SUM(F19,H19,J19,L19,N19,P19,R19,T19,V19,X19,Z19,AB19,AK19,AX19,AZ19) -> 0
A20: 13 | AA20: =SUM(AF20,AH20) -> 0 | AB20: =SUM(AC20:AE20) -> 0 | AG20: =AC20*$AF$5 -> 0 | AI20: =AC20*$AH$5 -> 0 | AJ20: =SUM(AL20:AV20) -> 0 | AY20: =SUM(BA20:BD20) -> 0 | BE20: =SUM(E20,G20,I20,K20,M20,O20,Q20,S20,U20,W20,Y20,AA20,AJ20,AW20,AY20) -> 0 | BF20: =SUM(F20,H20,J20,L20,N20,P20,R20,T20,V20,X20,Z20,AB20,AK20,AX20,AZ20) -> 0
A21: 14 | AA21: =SUM(AF21,AH21) -> 0 | AB21: =SUM(AC21:AE21) -> 0 | AG21: =AC21*$AF$5 -> 0 | AI21: =AC21*$AH$5 -> 0 | AJ21: =SUM(AL21:AV21) -> 0 | AY21: =SUM(BA21:BD21) -> 0 | BE21: =SUM(E21,G21,I21,K21,M21,O21,Q21,S21,U21,W21,Y21,AA21,AJ21,AW21,AY21) -> 0 | BF21: =SUM(F21,H21,J21,L21,N21,P21,R21,T21,V21,X21,Z21,AB21,AK21,AX21,AZ21) -> 0
A22: 15 | AA22: =SUM(AF22,AH22) -> 0 | AB22: =SUM(AC22:AE22) -> 0 | AG22: =AC22*$AF$5 -> 0 | AI22: =AC22*$AH$5 -> 0 | AJ22: =SUM(AL22:AV22) -> 0 | AY22: =SUM(BA22:BD22) -> 0 | BE22: =SUM(E22,G22,I22,K22,M22,O22,Q22,S22,U22,W22,Y22,AA22,AJ22,AW22,AY22) -> 0 | BF22: =SUM(F22,H22,J22,L22,N22,P22,R22,T22,V22,X22,Z22,AB22,AK22,AX22,AZ22) -> 0
A23: 16 | AA23: =SUM(AF23,AH23) -> 0 | AB23: =SUM(AC23:AE23) -> 0 | AG23: =AC23*$AF$5 -> 0 | AI23: =AC23*$AH$5 -> 0 | AJ23: =SUM(AL23:AV23) -> 0 | AY23: =SUM(BA23:BD23) -> 0 | BE23: =SUM(E23,G23,I23,K23,M23,O23,Q23,S23,U23,W23,Y23,AA23,AJ23,AW23,AY23) -> 0 | BF23: =SUM(F23,H23,J23,L23,N23,P23,R23,T23,V23,X23,Z23,AB23,AK23,AX23,AZ23) -> 0
AA24: =SUM(AF24,AH24) -> 0 | AB24: =SUM(AC24:AE24) -> 0 | AG24: =AC24*$AF$5 -> 0 | AI24: =AC24*$AH$5 -> 0 | AJ24: =SUM(AL24:AV24) -> 0 | AY24: =SUM(BA24:BD24) -> 0 | BE24: =SUM(E24,G24,I24,K24,M24,O24,Q24,S24,U24,W24,Y24,AA24,AJ24,AW24,AY24) -> 0 | BF24: =SUM(F24,H24,J24,L24,N24,P24,R24,T24,V24,X24,Z24,AB24,AK24,AX24,AZ24) -> 0
AA25: =SUM(AF25,AH25) -> 0 | AB25: =SUM(AC25:AE25) -> 0 | AG25: =AC25*$AF$5 -> 0 | AI25: =AC25*$AH$5 -> 0 | AJ25: =SUM(AL25:AV25) -> 0 | AY25: =SUM(BA25:BD25) -> 0 | BE25: =SUM(E25,G25,I25,K25,M25,O25,Q25,S25,U25,W25,Y25,AA25,AJ25,AW25,AY25) -> 0 | BF25: =SUM(F25,H25,J25,L25,N25,P25,R25,T25,V25,X25,Z25,AB25,AK25,AX25,AZ25) -> 0
C26: Обороты | D26: =SUM(D8:D25) -> 520.65 | E26: =SUM(E8:E25) -> 0 | F26: =SUM(F8:F25) -> 0 | G26: =SUM(G8:G25) -> 0 | H26: =SUM(H8:H25) -> 0 | I26: =SUM(I8:I25) -> 0 | J26: =SUM(J8:J25) -> 0 | K26: =SUM(K8:K25) -> 0 | ... BH26: =SUM(BH8:BH25) -> 0
C27: Сальдо на 01.07.2021г. | E27: =IF((SUM(E$7,E$26)-(SUM(F$7,F$26))<0),0)+IF((SUM(E$7,E$26)-(SUM(F$7,F$26))>0),(SUM(E$7,E$26)-(SUM(F$7,F$26)))) -> 0 | F27: =IF((SUM(F$7,F$26)-(SUM(E$7,E$26))<0),0)+IF((SUM(F$7,F$26)-(SUM(E$7,E$26))>0),(SUM(F$7,F$26)-(SUM(E$7,E$26)))) -> 0 | G27: =IF((SUM(G$7,G$26)-(SUM(H$7,H$26))<0),0)+IF((SUM(G$7,G$26)-(SUM(H$7,H$26))>0),(SUM(G$7,G$26)-(SUM(H$7,H$26)))) -> 0 | H27: =IF((SUM(H$7,H$26)-(SUM(G$7,G$26))<0),0)+IF((SUM(H$7,H$26)-(SUM(G$7,G$26))>0),(SUM(H$7,H$26)-(SUM(G$7,G$26)))) -> 0 | I27: =IF((SUM(I$7,I$26)-(SUM(J$7,J$26))<0),0)+IF((SUM(I$7,I$26)-(SUM(J$7,J$26))>0),(SUM(I$7,I$26)-(SUM(J$7,J$26)))) -> 0 | J27: =IF((SUM(J$7,J$26)-(SUM(I$7,I$26))<0),0)+IF((SUM(J$7,J$26)-(SUM(I$7,I$26))>0),(SUM(J$7,J$26)-(SUM(I$7,I$26)))) -> 0 | K27: =IF((SUM(K$7,K$26)-(SUM(L$7,L$26))<0),0)+IF((SUM(K$7,K$26)-(SUM(L$7,L$26))>0),(SUM(K$7,K$26)-(SUM(L$7,L$26)))) -> 0 | L27: =IF((SUM(L$7,L$26)-(SUM(K$7,K$26))<0),0)+IF((SUM(L$7,L$26)-(SUM(K$7,K$26))>0),(SUM(L$7,L$26)-(SUM(K$7,K$26)))) -> 0 | M27: =IF((SUM(M$7,M$26)-(SUM(N$7,N$26))<0),0)+IF((SUM(M$7,M$26)-(SUM(N$7,N$26))>0),(SUM(M$7,M$26)-(SUM(N$7,N$26)))) -> 920.58 | N27: =IF((SUM(N$7,N$26)-(SUM(M$7,M$26))<0),0)+IF((SUM(N$7,N$26)-(SUM(M$7,M$26))>0),(SUM(N$7,N$26)-(SUM(M$7,M$26)))) -> 0 | O27: =IF((SUM(O$7,O$26)-(SUM(P$7,P$26))<0),0)+IF((SUM(O$7,O$26)-(SUM(P$7,P$26))>0),(SUM(O$7,O$26)-(SUM(P$7,P$26)))) -> 0 | P27: =IF((SUM(P$7,P$26)-(SUM(O$7,O$26))<0),0)+IF((SUM(P$7,P$26)-(SUM(O$7,O$26))>0),(SUM(P$7,P$26)-(SUM(O$7,O$26)))) -> 0 | Q27: =IF((SUM(Q$7,Q$26)-(SUM(R$7,R$26))<0),0)+IF((SUM(Q$7,Q$26)-(SUM(R$7,R$26))>0),(SUM(Q$7,Q$26)-(SUM(R$7,R$26)))) -> 0 | R27: =IF((SUM(R$7,R$26)-(SUM(Q$7,Q$26))<0),0)+IF((SUM(R$7,R$26)-(SUM(Q$7,Q$26))>0),(SUM(R$7,R$26)-(SUM(Q$7,Q$26)))) -> 0 | S27: =IF((SUM(S$7,S$26)-(SUM(T$7,T$26))<0),0)+IF((SUM(S$7,S$26)-(SUM(T$7,T$26))>0),(SUM(S$7,S$26)-(SUM(T$7,T$26)))) -> 0 | T27: =IF((SUM(T$7,T$26)-(SUM(S$7,S$26))<0),0)+IF((SUM(T$7,T$26)-(SUM(S$7,S$26))>0),(SUM(T$7,T$26)-(SUM(S$7,S$26)))) -> 0 | U27: =IF((SUM(U$7,U$26)-(SUM(V$7,V$26))<0),0)+IF((SUM(U$7,U$26)-(SUM(V$7,V$26))>0),(SUM(U$7,U$26)-(SUM(V$7,V$26)))) -> 0 | V27: =IF((SUM(V$7,V$26)-(SUM(U$7,U$26))<0),0)+IF((SUM(V$7,V$26)-(SUM(U$7,U$26))>0),(SUM(V$7,V$26)-(SUM(U$7,U$26)))) -> 0 | W27: =IF((SUM(W$7,W$26)-(SUM(X$7,X$26))<0),0)+IF((SUM(W$7,W$26)-(SUM(X$7,X$26))>0),(SUM(W$7,W$26)-(SUM(X$7,X$26)))) -> 0 | X27: =IF((SUM(X$7,X$26)-(SUM(W$7,W$26))<0),0)+IF((SUM(X$7,X$26)-(SUM(W$7,W$26))>0),(SUM(X$7,X$26)-(SUM(W$7,W$26)))) -> 0 | Y27: =IF((SUM(Y$7,Y$26)-(SUM(Z$7,Z$26))<0),0)+IF((SUM(Y$7,Y$26)-(SUM(Z$7,Z$26))>0),(SUM(Y$7,Y$26)-(SUM(Z$7,Z$26)))) -> 0 | Z27: =IF((SUM(Z$7,Z$26)-(SUM(Y$7,Y$26))<0),0)+IF((SUM(Z$7,Z$26)-(SUM(Y$7,Y$26))>0),(SUM(Z$7,Z$26)-(SUM(Y$7,Y$26)))) -> 0 | AA27: =IF((SUM(AA$7,AA$26)-(SUM(AB$7,AB$26))<0),0)+IF((SUM(AA$7,AA$26)-(SUM(AB$7,AB$26))>0),(SUM(AA$7,AA$26)-(SUM(AB$7,AB$26)))) -> 0 | AB27: =IF((SUM(AB$7,AB$26)-(SUM(AA$7,AA$26))<0),0)+IF((SUM(AB$7,AB$26)-(SUM(AA$7,AA$26))>0),(SUM(AB$7,AB$26)-(SUM(AA$7,AA$26)))) -> 920.58 | AC27: =AC7+AC26 -> 2350.37 | AD27: =AD7+AD26 -> 3.37 | AE27: =AE7+AE26 -> 0 | AF27: =IF((SUM(AF$7,AF$26)-(SUM(AG$7,AG$26))<0),0)+IF((SUM(AF$7,AF$26)-(SUM(AG$7,AG$26))>0),(SUM(AF$7,AF$26)-(SUM(AG$7,AG$26)))) -> 939.608 | AG27: =IF((SUM(AG$7,AG$26)-(SUM(AF$7,AF$26))<0),0)+IF((SUM(AG$7,AG$26)-(SUM(AF$7,AF$26))>0),(SUM(AG$7,AG$26)-(SUM(AF$7,AF$26)))) -> 0 | AH27: =IF((SUM(AH$7,AH$26)-(SUM(AI$7,AI$26))<0),0)+IF((SUM(AH$7,AH$26)-(SUM(AI$7,AI$26))>0),(SUM(AH$7,AH$26)-(SUM(AI$7,AI$26)))) -> 1701.322 | AI27: =IF((SUM(AI$7,AI$26)-(SUM(AH$7,AH$26))<0),0)+IF((SUM(AI$7,AI$26)-(SUM(AH$7,AH$26))>0),(SUM(AI$7,AI$26)-(SUM(AH$7,AH$26)))) -> 0 | AJ27: =IF((SUM(AJ$7,AJ$26)-(SUM(AK$7,AK$26))<0),0)+IF((SUM(AJ$7,AJ$26)-(SUM(AK$7,AK$26))>0),(SUM(AJ$7,AJ$26)-(SUM(AK$7,AK$26)))) -> 0 | AK27: =IF((SUM(AK$7,AK$26)-(SUM(AJ$7,AJ$26))<0),0)+IF((SUM(AK$7,AK$26)-(SUM(AJ$7,AJ$26))>0),(SUM(AK$7,AK$26)-(SUM(AJ$7,AJ$26)))) -> 0 | AL27: =AL7+AL26 -> 1039 | AM27: =AM7+AM26 -> 0 | AN27: =AN7+AN26 -> 0 | AO27: =AO7+AO26 -> 0 | AP27: =AP7+AP26 -> 0 | AQ27: =AQ7+AQ26 -> 1850 | AR27: =AR7+AR26 -> 0 | AS27: =AS7+AS26 -> 0 | ... AV27: =AV7+AV26 -> 103.89 | AW27: =IF((SUM(AW$7,AW$26)-(SUM(AX$7,AX$26))<0),0)+IF((SUM(AW$7,AW$26)-(SUM(AX$7,AX$26))>0),(SUM(AW$7,AW$26)-(SUM(AX$7,AX$26)))) -> 0 | AX27: =IF((SUM(AX$7,AX$26)-(SUM(AW$7,AW$26))<0),0)+IF((SUM(AX$7,AX$26)-(SUM(AW$7,AW$26))>0),(SUM(AX$7,AX$26)-(SUM(AW$7,AW$26)))) -> 0 | AY27: =IF((SUM(AY$7,AY$26)-(SUM(AZ$7,AZ$26))<0),0)+IF((SUM(AY$7,AY$26)-(SUM(AZ$7,AZ$26))>0),(SUM(AY$7,AY$26)-(SUM(AZ$7,AZ$26)))) -> 0 | AZ27: =IF((SUM(AZ$7,AZ$26)-(SUM(AY$7,AY$26))<0),0)+IF((SUM(AZ$7,AZ$26)-(SUM(AY$7,AY$26))>0),(SUM(AZ$7,AZ$26)-(SUM(AY$7,AY$26)))) -> 0 | BA27: =BA7+BA26 -> 0 | BB27: =BB7+BB26 -> 0 | BC27: =BC7+BC26 -> 0 | BD27: =BD7+BD26 -> 0 | BE27: =SUM(E27,G27,I27,K27,M27,O27,Q27,S27,U27,W27,Y27,AA27,AJ27,AW27,AY27) -> 920.58 | BF27: =SUM(F27,H27,J27,L27,N27,P27,R27,T27,V27,X27,Z27,AB27,AK27,AX27,AZ27) -> 920.58 | BG27: =BG7-BG26 -> 0 | BH27: =BH7-BH26 -> 0
BF29: =BF27-BE27 -> 0

Sheet июль
B1: за | C1: июль | D1: 2021 года
A3: № п/п | B3: Число, месяц | C3: Краткое содержание операции или номер документа | D3: Сумма | E3: Счет 01 | G3: Счет 02 | I3: Счет 10 | K3: Счет 50 | M3: Счет 51 | O3: Счет 55 | Q3: Счет 60 | S3: Счет 68 | U3: Счет 71 | W3: Счет 76 | Y3: Счет 79 | AA3: Счет 86/01 | AC3: Расшифровка счета 86/01 | AF3: счет 86/01 Расшифровка счета | AJ3: Счет 26/01 | AL3: Расшифровка счета 26/01 | AW3: Счет 86/02 | AY3: Счет 26/02 | BA3: Расшифровка счета 26/02 | BE3: Контрольные суммы | BG3: Забалансовый счет 006
E4: Основные средства | G4: Амортизация осн.средств | I4: Материалы | K4: Касса | M4: Текущий расчетный счет | O4: Специальные счета в банках (депозитный) | Q4: Расчеты с поставщиками и подрядчиками | S4: Расчеты по налогам и сборам | U4: Расчеты с подотчетными лицами | W4: Расчеты с разными дебиторами и кредиторами | Y4: Внутрихозяйственные расчеты | AA4: Общехозяйственные доходы | AC4: Отчисления от членских профвзносов | AD4: % банка | AE4: % банка по депозиту | AF4: фонд помощи | AH4: другие статьи не включенные в фонд | AJ4: Общехозяйственные расходы | AL4: Материальная помощь членам профсоюза | AM4: Детское оздоровление | AN4: Благотворительная помощь | AO4: Обучение профсоюзного актива | AP4: Туристическо-экскурсионная деятельность, в т.ч. Услуги ТЭУП "Беларустурист" | AQ4: Культурно-массовая работа | AR4: Спортивная и культурно-массовая работа | AS4: Информационная работа, в т.ч.подписка на "Беларускi час" | AT4: Вознаграждение профсоюзному активу за выполнение общественной нагрузки | AU4: Расходы на целевые мероприятия (в районе, городе, области) | AV4: Прочие расходы, в т.ч.комиссионное вознаграждение банку | AW4: Общехозяйственные доходы (Целевые поступления по коллективным договорам) | AY4: Общехозяйственные расходы | BA4: Туристическо-экскурсионная деятельность, в т.ч. Услуги ТЭУП "Беларустурист" | BB4: =июнь!BB4 -> матпомощь (страховка) | BC4: Культурно-массовая работа | BD4: Спортивная работа
E6: дебет | F6: кредит | G6: дебет | H6: кредит | I6: дебет | J6: кредит | K6: дебет | L6: кредит | M6: дебет | N6: кредит | O6: дебет | P6: кредит | Q6: дебет | R6: кредит | S6: дебет | T6: кредит | U6: дебет | V6: кредит | W6: дебет | X6: кредит | Y6: дебет | Z6: кредит | AA6: дебет | AB6: кредит | AF6: дебет | AG6: кредит | AH6: дебет | AI6: кредит | AJ6: дебет | AK6: кредит | AL6: фонд помощи | AO6: другие статьи не включенные в фонд | AW6: дебет | AX6: кредит | AY6: дебет | AZ6: кредит | BE6: дебет | BF6: кредит | BG6: кол-во | BH6: сумма
C7: Сальдо на 01.07.2021г. | E7: =июнь!E27 -> 0 | F7: =июнь!F27 -> 0 | G7: =июнь!G27 -> 0 | H7: =июнь!H27 -> 0 | I7: =июнь!I27 -> 0 | J7: =июнь!J27 -> 0 | K7: =июнь!K27 -> 0 | L7: =июнь!L27 -> 0 | ... BH7: =июнь!BH27 -> 0
A8: 1 | B8: 44378 | C8: Поступили членские взносы от нанимателя | D8: 26.3 | M8: 26.3 | AA8: =SUM(AF8,AH8) -> 0 | AB8: =SUM(AC8:AE8) -> 26.3 | AC8: 26.3 | AG8: =AC8*$AF$5 -> 0 | AI8: =AC8*$AH$5 -> 0 | AJ8: =SUM(AL8:AV8) -> 0 | AY8: =SUM(BA8:BD8) -> 0 | BE8: =SUM(E8,G8,I8,K8,M8,O8,Q8,S8,U8,W8,Y8,AA8,AJ8,AW8,AY8) -> 26.3 | BF8: =SUM(F8,H8,J8,L8,N8,P8,R8,T8,V8,X8,Z8,AB8,AK8,AX8,AZ8) -> 26.3
A9: 2 | B9: 44379 | C9: Начислены % банка | D9: 7.66 | N9: 7.66 | AA9: =SUM(AF9,AH9) -> 0 | AB9: =SUM(AC9:AE9) -> 0 | AG9: =AC9*$AF$5 -> 0 | AI9: =AC9*$AH$5 -> 0 | AJ9: =SUM(AL9:AV9) -> 7.66 | AV9: 7.66 | AY9: =SUM(BA9:BD9) -> 0 | BE9: =SUM(E9,G9,I9,K9,M9,O9,Q9,S9,U9,W9,Y9,AA9,AJ9,AW9,AY9) -> 7.66 | BF9: =SUM(F9,H9,J9,L9,N9,P9,R9,T9,V9,X9,Z9,AB9,AK9,AX9,AZ9) -> 7.66
A10: 3 | B10: 44379 | C10: Начислены % банка | D10: 11.7 | N10: 11.7 | AA10: =SUM(AF10,AH10) -> 0 | AB10: =SUM(AC10:AE10) -> 0 | AG10: =AC10*$AF$5 -> 0 | AI10: =AC10*$AH$5 -> 0 | AJ10: =SUM(AL10:AV10) -> 11.7 | AV10: 11.7 | AY10: =SUM(BA10:BD10) -> 0 | BE10: =SUM(E10,G10,I10,K10,M10,O10,Q10,S10,U10,W10,Y10,AA10,AJ10,AW10,AY10) -> 11.7 | BF10: =SUM(F10,H10,J10,L10,N10,P10,R10,T10,V10,X10,Z10,AB10,AK10,AX10,AZ10) -> 11.7
A11: 4 | B11: 44379 | C11: Материальная помощь | D11: 383 | N11: 383 | AA11: =SUM(AF11,AH11) -> 0 | AB11: =SUM(AC11:AE11) -> 0 | AG11: =AC11*$AF$5 -> 0 | AI11: =AC11*$AH$5 -> 0 | AJ11: =SUM(AL11:AV11) -> 383 | AL11: 238 | AT11: 145 | AY11: =SUM(BA11:BD11) -> 0 | BE11: =SUM(E11,G11,I11,K11,M11,O11,Q11,S11,U11,W11,Y11,AA11,AJ11,AW11,AY11) -> 383 | BF11: =SUM(F11,H11,J11,L11,N11,P11,R11,T11,V11,X11,Z11,AB11,AK11,AX11,AZ11) -> 383
A12: 5 | B12: 44379 | C12: Поступили членские взносы от нанимателя | D12: 449.22 | M12: 449.22 | AA12: =SUM(AF12,AH12) -> 0 | AB12: =SUM(AC12:AE12) -> 449.22 | AC12: 449.22 | AG12: =AC12*$AF$5 -> 0 | AI12: =AC12*$AH$5 -> 0 | AJ12: =SUM(AL12:AV12) -> 0 | AY12: =SUM(BA12:BD12) -> 0 | BE12: =SUM(E12,G12,I12,K12,M12,O12,Q12,S12,U12,W12,Y12,AA12,AJ12,AW12,AY12) -> 449.22 | BF12: =SUM(F12,H12,J12,L12,N12,P12,R12,T12,V12,X12,Z12,AB12,AK12,AX12,AZ12) -> 449.22
A13: 6 | B13: 44385 | C13: Подписка на 2-е пол.2021 | D13: 50.5 | N13: 50.5 | AA13: =SUM(AF13,AH13) -> 0 | AB13: =SUM(AC13:AE13) -> 0 | AG13: =AC13*$AF$5 -> 0 | AI13: =AC13*$AH$5 -> 0 | AJ13: =SUM(AL13:AV13) -> 50.5 | AS13: 50.5 | AY13: =SUM(BA13:BD13) -> 0 | BE13: =SUM(E13,G13,I13,K13,M13,O13,Q13,S13,U13,W13,Y13,AA13,AJ13,AW13,AY13) -> 50.5 | BF13: =SUM(F13,H13,J13,L13,N13,P13,R13,T13,V13,X13,Z13,AB13,AK13,AX13,AZ13) -> 50.5
A14: 7 | B14: 44407 | C14: Начислены % банка | D14: 0.4 | M14: 0.4 | AA14: =SUM(AF14,AH14) -> 0 | AB14: =SUM(AC14:AE14) -> 0.4 | AD14: 0.4 | AG14: =AC14*$AF$5 -> 0 | AI14: =AC14*$AH$5 -> 0 | AJ14: =SUM(AL14:AV14) -> 0 | AY14: =SUM(BA14:BD14) -> 0 | BE14: =SUM(E14,G14,I14,K14,M14,O14,Q14,S14,U14,W14,Y14,AA14,AJ14,AW14,AY14) -> 0.4 | BF14: =SUM(F14,H14,J14,L14,N14,P14,R14,T14,V14,X14,Z14,AB14,AK14,AX14,AZ14) -> 0.4
A15: 8 | B15: 44407 | C15: Поступили членские взносы от нанимателя | D15: 14.63 | M15: 14.63 | AA15: =SUM(AF15,AH15) -> 0 | AB15: =SUM(AC15:AE15) -> 14.63 | AC15: 14.63 | AG15: =AC15*$AF$5 -> 0 | AI15: =AC15*$AH$5 -> 0 | AJ15: =SUM(AL15:AV15) -> 0 | AY15: =SUM(BA15:BD15) -> 0 | BE15: =SUM(E15,G15,I15,K15,M15,O15,Q15,S15,U15,W15,Y15,AA15,AJ15,AW15,AY15) -> 14.63 | BF15: =SUM(F15,H15,J15,L15,N15,P15,R15,T15,V15,X15,Z15,AB15,AK15,AX15,AZ15) -> 14.63
A16: 9 | B16: 44408 | C16: Закрытие месяца | D16: 452.86 | AA16: =SUM(AF16,AH16) -> 452.86 | AB16: =SUM(AC16:AE16) -> 0 | AF16: 238 | AG16: =AC16*$AF$5 -> 0 | AH16: 214.86 | AI16: =AC16*$AH$5 -> 0 | AJ16: =SUM(AL16:AV16) -> 0 | AK16: 452.86 | AY16: =SUM(BA16:BD16) -> 0 | BE16: =SUM(E16,G16,I16,K16,M16,O16,Q16,S16,U16,W16,Y16,AA16,AJ16,AW16,AY16) -> 452.86 | BF16: =SUM(F16,H16,J16,L16,N16,P16,R16,T16,V16,X16,Z16,AB16,AK16,AX16,AZ16) -> 452.86
A17: 10 | AA17: =SUM(AF17,AH17) -> 0 | AB17: =SUM(AC17:AE17) -> 0 | AG17: =AC17*$AF$5 -> 0 | AI17: =AC17*$AH$5 -> 0 | AJ17: =SUM(AL17:AV17) -> 0 | AY17: =SUM(BA17:BD17) -> 0 | BE17: =SUM(E17,G17,I17,K17,M17,O17,Q17,S17,U17,W17,Y17,AA17,AJ17,AW17,AY17) -> 0 | BF17: =SUM(F17,H17,J17,L17,N17,P17,R17,T17,V17,X17,Z17,AB17,AK17,AX17,AZ17) -> 0
A18: 11 | AA18: =SUM(AF18,AH18) -> 0 | AB18: =SUM(AC18:AE18) -> 0 | AG18: =AC18*$AF$5 -> 0 | AI18: =AC18*$AH$5 -> 0 | AJ18: =SUM(AL18:AV18) -> 0 | AY18: =SUM(BA18:BD18) -> 0 | BE18: =SUM(E18,G18,I18,K18,M18,O18,Q18,S18,U18,W18,Y18,AA18,AJ18,AW18,AY18) -> 0 | BF18: =SUM(F18,H18,J18,L18,N18,P18,R18,T18,V18,X18,Z18,AB18,AK18,AX18,AZ18) -> 0
A19: 12 | AA19: =SUM(AF19,AH19) -> 0 | AB19: =SUM(AC19:AE19) -> 0 | AG19: =AC19*$AF$5 -> 0 | AI19: =AC19*$AH$5 -> 0 | AJ19: =SUM(AL19:AV19) -> 0 | AY19: =SUM(BA19:BD19) -> 0 | BE19: =SUM(E19,G19,I19,K19,M19,O19,Q19,S19,U19,W19,Y19,AA19,AJ19,AW19,AY19) -> 0 | BF19: =SUM(F19,H19,J19,L19,N19,P19,R19,T19,V19,X19,Z19,AB19,AK19,AX19,AZ19) -> 0
A20: 13 | AA20: =SUM(AF20,AH20) -> 0 | AB20: =SUM(AC20:AE20) -> 0 | AG20: =AC20*$AF$5 -> 0 | AI20: =AC20*$AH$5 -> 0 | AJ20: =SUM(AL20:AV20) -> 0 | AY20: =SUM(BA20:BD20) -> 0 | BE20: =SUM(E20,G20,I20,K20,M20,O20,Q20,S20,U20,W20,Y20,AA20,AJ20,AW20,AY20) -> 0 | BF20: =SUM(F20,H20,J20,L20,N20,P20,R20,T20,V20,X20,Z20,AB20,AK20,AX20,AZ20) -> 0
A21: 14 | AA21: =SUM(AF21,AH21) -> 0 | AB21: =SUM(AC21:AE21) -> 0 | AG21: =AC21*$AF$5 -> 0 | AI21: =AC21*$AH$5 -> 0 | AJ21: =SUM(AL21:AV21) -> 0 | AY21: =SUM(BA21:BD21) -> 0 | BE21: =SUM(E21,G21,I21,K21,M21,O21,Q21,S21,U21,W21,Y21,AA21,AJ21,AW21,AY21) -> 0 | BF21: =SUM(F21,H21,J21,L21,N21,P21,R21,T21,V21,X21,Z21,AB21,AK21,AX21,AZ21) -> 0
C22: Обороты | D22: =SUM(D8:D21) -> 1396.27 | E22: =SUM(E8:E21) -> 0 | F22: =SUM(F8:F21) -> 0 | G22: =SUM(G8:G21) -> 0 | H22: =SUM(H8:H21) -> 0 | I22: =SUM(I8:I21) -> 0 | J22: =SUM(J8:J21) -> 0 | K22: =SUM(K8:K21) -> 0 | ... BH22: =SUM(BH8:BH21) -> 0
C23: Сальдо на 01.08.2021г. | E23: =IF((SUM(E$7,E$22)-(SUM(F$7,F$22))<0),0)+IF((SUM(E$7,E$22)-(SUM(F$7,F$22))>0),(SUM(E$7,E$22)-(SUM(F$7,F$22)))) -> 0 | F23: =IF((SUM(F$7,F$22)-(SUM(E$7,E$22))<0),0)+IF((SUM(F$7,F$22)-(SUM(E$7,E$22))>0),(SUM(F$7,F$22)-(SUM(E$7,E$22)))) -> 0 | G23: =IF((SUM(G$7,G$22)-(SUM(H$7,H$22))<0),0)+IF((SUM(G$7,G$22)-(SUM(H$7,H$22))>0),(SUM(G$7,G$22)-(SUM(H$7,H$22)))) -> 0 | H23: =IF((SUM(H$7,H$22)-(SUM(G$7,G$22))<0),0)+IF((SUM(H$7,H$22)-(SUM(G$7,G$22))>0),(SUM(H$7,H$22)-(SUM(G$7,G$22)))) -> 0 | I23: =IF((SUM(I$7,I$22)-(SUM(J$7,J$22))<0),0)+IF((SUM(I$7,I$22)-(SUM(J$7,J$22))>0),(SUM(I$7,I$22)-(SUM(J$7,J$22)))) -> 0 | J23: =IF((SUM(J$7,J$22)-(SUM(I$7,I$22))<0),0)+IF((SUM(J$7,J$22)-(SUM(I$7,I$22))>0),(SUM(J$7,J$22)-(SUM(I$7,I$22)))) -> 0 | K23: =IF((SUM(K$7,K$22)-(SUM(L$7,L$22))<0),0)+IF((SUM(K$7,K$22)-(SUM(L$7,L$22))>0),(SUM(K$7,K$22)-(SUM(L$7,L$22)))) -> 0 | L23: =IF((SUM(L$7,L$22)-(SUM(K$7,K$22))<0),0)+IF((SUM(L$7,L$22)-(SUM(K$7,K$22))>0),(SUM(L$7,L$22)-(SUM(K$7,K$22)))) -> 0 | M23: =IF((SUM(M$7,M$22)-(SUM(N$7,N$22))<0),0)+IF((SUM(M$7,M$22)-(SUM(N$7,N$22))>0),(SUM(M$7,M$22)-(SUM(N$7,N$22)))) -> 958.27 | N23: =IF((SUM(N$7,N$22)-(SUM(M$7,M$22))<0),0)+IF((SUM(N$7,N$22)-(SUM(M$7,M$22))>0),(SUM(N$7,N$22)-(SUM(M$7,M$22)))) -> 0 | O23: =IF((SUM(O$7,O$22)-(SUM(P$7,P$22))<0),0)+IF((SUM(O$7,O$22)-(SUM(P$7,P$22))>0),(SUM(O$7,O$22)-(SUM(P$7,P$22)))) -> 0 | P23: =IF((SUM(P$7,P$22)-(SUM(O$7,O$22))<0),0)+IF((SUM(P$7,P$22)-(SUM(O$7,O$22))>0),(SUM(P$7,P$22)-(SUM(O$7,O$22)))) -> 0 | Q23: =IF((SUM(Q$7,Q$22)-(SUM(R$7,R$22))<0),0)+IF((SUM(Q$7,Q$22)-(SUM(R$7,R$22))>0),(SUM(Q$7,Q$22)-(SUM(R$7,R$22)))) -> 0 | R23: =IF((SUM(R$7,R$22)-(SUM(Q$7,Q$22))<0),0)+IF((SUM(R$7,R$22)-(SUM(Q$7,Q$22))>0),(SUM(R$7,R$22)-(SUM(Q$7,Q$22)))) -> 0 | S23: =IF((SUM(S$7,S$22)-(SUM(T$7,T$22))<0),0)+IF((SUM(S$7,S$22)-(SUM(T$7,T$22))>0),(SUM(S$7,S$22)-(SUM(T$7,T$22)))) -> 0 | T23: =IF((SUM(T$7,T$22)-(SUM(S$7,S$22))<0),0)+IF((SUM(T$7,T$22)-(SUM(S$7,S$22))>0),(SUM(T$7,T$22)-(SUM(S$7,S$22)))) -> 0 | U23: =IF((SUM(U$7,U$22)-(SUM(V$7,V$22))<0),0)+IF((SUM(U$7,U$22)-(SUM(V$7,V$22))>0),(SUM(U$7,U$22)-(SUM(V$7,V$22)))) -> 0 | V23: =IF((SUM(V$7,V$22)-(SUM(U$7,U$22))<0),0)+IF((SUM(V$7,V$22)-(SUM(U$7,U$22))>0),(SUM(V$7,V$22)-(SUM(U$7,U$22)))) -> 0 | W23: =IF((SUM(W$7,W$22)-(SUM(X$7,X$22))<0),0)+IF((SUM(W$7,W$22)-(SUM(X$7,X$22))>0),(SUM(W$7,W$22)-(SUM(X$7,X$22)))) -> 0 | X23: =IF((SUM(X$7,X$22)-(SUM(W$7,W$22))<0),0)+IF((SUM(X$7,X$22)-(SUM(W$7,W$22))>0),(SUM(X$7,X$22)-(SUM(W$7,W$22)))) -> 0 | Y23: =IF((SUM(Y$7,Y$22)-(SUM(Z$7,Z$22))<0),0)+IF((SUM(Y$7,Y$22)-(SUM(Z$7,Z$22))>0),(SUM(Y$7,Y$22)-(SUM(Z$7,Z$22)))) -> 0 | Z23: =IF((SUM(Z$7,Z$22)-(SUM(Y$7,Y$22))<0),0)+IF((SUM(Z$7,Z$22)-(SUM(Y$7,Y$22))>0),(SUM(Z$7,Z$22)-(SUM(Y$7,Y$22)))) -> 0 | AA23: =IF((SUM(AA$7,AA$22)-(SUM(AB$7,AB$22))<0),0)+IF((SUM(AA$7,AA$22)-(SUM(AB$7,AB$22))>0),(SUM(AA$7,AA$22)-(SUM(AB$7,AB$22)))) -> 0 | AB23: =IF((SUM(AB$7,AB$22)-(SUM(AA$7,AA$22))<0),0)+IF((SUM(AB$7,AB$22)-(SUM(AA$7,AA$22))>0),(SUM(AB$7,AB$22)-(SUM(AA$7,AA$22)))) -> 958.27 | AC23: =AC7+AC22 -> 2840.52 | AD23: =AD7+AD22 -> 3.77 | AE23: =AE7+AE22 -> 0 | AF23: =IF((SUM(AF$7,AF$22)-(SUM(AG$7,AG$22))<0),0)+IF((SUM(AF$7,AF$22)-(SUM(AG$7,AG$22))>0),(SUM(AF$7,AF$22)-(SUM(AG$7,AG$22)))) -> 1177.608 | AG23: =IF((SUM(AG$7,AG$22)-(SUM(AF$7,AF$22))<0),0)+IF((SUM(AG$7,AG$22)-(SUM(AF$7,AF$22))>0),(SUM(AG$7,AG$22)-(SUM(AF$7,AF$22)))) -> 0 | AH23: =IF((SUM(AH$7,AH$22)-(SUM(AI$7,AI$22))<0),0)+IF((SUM(AH$7,AH$22)-(SUM(AI$7,AI$22))>0),(SUM(AH$7,AH$22)-(SUM(AI$7,AI$22)))) -> 1916.182 | AI23: =IF((SUM(AI$7,AI$22)-(SUM(AH$7,AH$22))<0),0)+IF((SUM(AI$7,AI$22)-(SUM(AH$7,AH$22))>0),(SUM(AI$7,AI$22)-(SUM(AH$7,AH$22)))) -> 0 | AJ23: =IF((SUM(AJ$7,AJ$22)-(SUM(AK$7,AK$22))<0),0)+IF((SUM(AJ$7,AJ$22)-(SUM(AK$7,AK$22))>0),(SUM(AJ$7,AJ$22)-(SUM(AK$7,AK$22)))) -> 0 | AK23: =IF((SUM(AK$7,AK$22)-(SUM(AJ$7,AJ$22))<0),0)+IF((SUM(AK$7,AK$22)-(SUM(AJ$7,AJ$22))>0),(SUM(AK$7,AK$22)-(SUM(AJ$7,AJ$22)))) -> 0 | AL23: =AL7+AL22 -> 1277 | AM23: =AM7+AM22 -> 0 | AN23: =AN7+AN22 -> 0 | AO23: =AO7+AO22 -> 0 | AP23: =AP7+AP22 -> 0 | AQ23: =AQ7+AQ22 -> 1850 | AR23: =AR7+AR22 -> 0 | AS23: =AS7+AS22 -> 50.5 | ... AV23: =AV7+AV22 -> 123.25 | AW23: =IF((SUM(AW$7,AW$22)-(SUM(AX$7,AX$22))<0),0)+IF((SUM(AW$7,AW$22)-(SUM(AX$7,AX$22))>0),(SUM(AW$7,AW$22)-(SUM(AX$7,AX$22)))) -> 0 | AX23: =IF((SUM(AX$7,AX$22)-(SUM(AW$7,AW$22))<0),0)+IF((SUM(AX$7,AX$22)-(SUM(AW$7,AW$22))>0),(SUM(AX$7,AX$22)-(SUM(AW$7,AW$22)))) -> 0 | AY23: =IF((SUM(AY$7,AY$22)-(SUM(AZ$7,AZ$22))<0),0)+IF((SUM(AY$7,AY$22)-(SUM(AZ$7,AZ$22))>0),(SUM(AY$7,AY$22)-(SUM(AZ$7,AZ$22)))) -> 0 | AZ23: =IF((SUM(AZ$7,AZ$22)-(SUM(AY$7,AY$22))<0),0)+IF((SUM(AZ$7,AZ$22)-(SUM(AY$7,AY$22))>0),(SUM(AZ$7,AZ$22)-(SUM(AY$7,AY$22)))) -> 0 | BA23: =BA7+BA22 -> 0 | BB23: =BB7+BB22 -> 0 | BC23: =BC7+BC22 -> 0 | BD23: =BD7+BD22 -> 0 | BE23: =SUM(E23,G23,I23,K23,M23,O23,Q23,S23,U23,W23,Y23,AA23,AJ23,AW23,AY23) -> 958.27 | BF23: =SUM(F23,H23,J23,L23,N23,P23,R23,T23,V23,X23,Z23,AB23,AK23,AX23,AZ23) -> 958.27 | BG23: =BG7-BG22 -> 0 | BH23: =BH7-BH22 -> 0
BF25: =BF23-BE23 -> 0

Sheet август
B1: за | C1: август | D1: 2021года
A3: № п/п | B3: Число, месяц | C3: Краткое содержание операции или номер документа | D3: Сумма | E3: Счет 01 | G3: Счет 02 | I3: Счет 10 | K3: Счет 50 | M3: Счет 51 | O3: Счет 55 | Q3: Счет 60 | S3: Счет 68 | U3: Счет 71 | W3: Счет 76 | Y3: Счет 79 | AA3: Счет 86/01 | AC3: Расшифровка счета 86/01 | AF3: счет 86/01 Расшифровка счета | AJ3: Счет 26/01 | AL3: Расшифровка счета 26/01 | AW3: Счет 86/02 | AY3: Счет 26/02 | BA3: Расшифровка счета 26/02 | BE3: Контрольные суммы | BG3: Забалансовый счет 006
E4: Основные средства | G4: Амортизация осн.средств | I4: Материалы | K4: Касса | M4: Текущий расчетный счет | O4: Специальные счета в банках (депозитный) | Q4: Расчеты с поставщиками и подрядчиками | S4: Расчеты по налогам и сборам | U4: Расчеты с подотчетными лицами | W4: Расчеты с разными дебиторами и кредиторами | Y4: Внутрихозяйственные расчеты | AA4: Общехозяйственные доходы | AC4: Отчисления от членских профвзносов | AD4: % банка | AE4: % банка по депозиту | AF4: фонд помощи | AH4: другие статьи не включенные в фонд | AJ4: Общехозяйственные расходы | AL4: Материальная помощь членам профсоюза | AM4: Детское оздоровление | AN4: Благотворительная помощь | AO4: Обучение профсоюзного актива | AP4: Туристическо-экскурсионная деятельность, в т.ч. Услуги ТЭУП "Беларустурист" | AQ4: Культурно-массовая работа | AR4: Спортивная и культурно-массовая работа | AS4: Информационная работа, в т.ч.подписка на "Беларускi час" | AT4: Вознаграждение профсоюзному активу за выполнение общественной нагрузки | AU4: Расходы на целевые мероприятия (в районе, городе, области) | AV4: Прочие расходы, в т.ч.комиссионное вознаграждение банку | AW4: Общехозяйственные доходы (Целевые поступления по коллективным договорам) | AY4: Общехозяйственные расходы | BA4: Туристическо-экскурсионная деятельность, в т.ч. Услуги ТЭУП "Беларустурист" | BB4: =июль!BB4 -> матпомощь (страховка) | BC4: Культурно-массовая работа | BD4: Спортивная работа
E6: дебет | F6: кредит | G6: дебет | H6: кредит | I6: дебет | J6: кредит | K6: дебет | L6: кредит | M6: дебет | N6: кредит | O6: дебет | P6: кредит | Q6: дебет | R6: кредит | S6: дебет | T6: кредит | U6: дебет | V6: кредит | W6: дебет | X6: кредит | Y6: дебет | Z6: кредит | AA6: дебет | AB6: кредит | AF6: дебет | AG6: кредит | AH6: дебет | AI6: кредит | AJ6: дебет | AK6: кредит | AL6: фонд помощи | AO6: другие статьи не включенные в фонд | AW6: дебет | AX6: кредит | AY6: дебет | AZ6: кредит | BE6: дебет | BF6: кредит | BG6: кол-во | BH6: сумма
C7: Сальдо на 01.08.2021г. | E7: =июль!E23 -> 0 | F7: =июль!F23 -> 0 | G7: =июль!G23 -> 0 | H7: =июль!H23 -> 0 | I7: =июль!I23 -> 0 | J7: =июль!J23 -> 0 | K7: =июль!K23 -> 0 | L7: =июль!L23 -> 0 | ... BH7: =июль!BH23 -> 0
A8: 1 | B8: 44410 | C8: Начислены % банка | D8: 0.01 | M8: 0.01 | AA8: =SUM(AF8,AH8) -> 0 | AB8: =SUM(AC8:AE8) -> 0.01 | AD8: 0.01 | AG8: =AC8*$AF$5 -> 0 | AI8: =AC8*$AH$5 -> 0 | AJ8: =SUM(AL8:AV8) -> 0 | AY8: =SUM(BA8:BD8) -> 0 | BE8: =SUM(E8,G8,I8,K8,M8,O8,Q8,S8,U8,W8,Y8,AA8,AJ8,AW8,AY8) -> 0.01 | BF8: =SUM(F8,H8,J8,L8,N8,P8,R8,T8,V8,X8,Z8,AB8,AK8,AX8,AZ8) -> 0.01
A9: 2 | B9: 44410 | C9: Материальная помощь | D9: 150 | M9: 150 | Z9: 150 | AA9: =SUM(AF9,AH9) -> 0 | AB9: =SUM(AC9:AE9) -> 0 | AG9: =AC9*$AF$5 -> 0 | AI9: =AC9*$AH$5 -> 0 | AJ9: =SUM(AL9:AV9) -> 0 | AY9: =SUM(BA9:BD9) -> 0 | BE9: =SUM(E9,G9,I9,K9,M9,O9,Q9,S9,U9,W9,Y9,AA9,AJ9,AW9,AY9) -> 150 | BF9: =SUM(F9,H9,J9,L9,N9,P9,R9,T9,V9,X9,Z9,AB9,AK9,AX9,AZ9) -> 150
A10: 3 | B10: 44413 | C10: Начислены % банка | D10: 2.9 | N10: 2.9 | AA10: =SUM(AF10,AH10) -> 0 | AB10: =SUM(AC10:AE10) -> 0 | AG10: =AC10*$AF$5 -> 0 | AI10: =AC10*$AH$5 -> 0 | AJ10: =SUM(AL10:AV10) -> 2.9 | AV10: 2.9 | AY10: =SUM(BA10:BD10) -> 0 | BE10: =SUM(E10,G10,I10,K10,M10,O10,Q10,S10,U10,W10,Y10,AA10,AJ10,AW10,AY10) -> 2.9 | BF10: =SUM(F10,H10,J10,L10,N10,P10,R10,T10,V10,X10,Z10,AB10,AK10,AX10,AZ10) -> 2.9
A11: 4 | B11: 44413 | C11: Материальная помощь | D11: 145 | N11: 145 | Y11: 145 | AA11: =SUM(AF11,AH11) -> 0 | AB11: =SUM(AC11:AE11) -> 0 | AG11: =AC11*$AF$5 -> 0 | AI11: =AC11*$AH$5 -> 0 | AJ11: =SUM(AL11:AV11) -> 0 | AY11: =SUM(BA11:BD11) -> 0 | BE11: =SUM(E11,G11,I11,K11,M11,O11,Q11,S11,U11,W11,Y11,AA11,AJ11,AW11,AY11) -> 145 | BF11: =SUM(F11,H11,J11,L11,N11,P11,R11,T11,V11,X11,Z11,AB11,AK11,AX11,AZ11) -> 145
A12: 5 | B12: 44414 | C12: Начислены % банка | D12: 11.7 | N12: 11.7 | AA12: =SUM(AF12,AH12) -> 0 | AB12: =SUM(AC12:AE12) -> 0 | AG12: =AC12*$AF$5 -> 0 | AI12: =AC12*$AH$5 -> 0 | AJ12: =SUM(AL12:AV12) -> 11.7 | AV12: 11.7 | AY12: =SUM(BA12:BD12) -> 0 | BE12: =SUM(E12,G12,I12,K12,M12,O12,Q12,S12,U12,W12,Y12,AA12,AJ12,AW12,AY12) -> 11.7 | BF12: =SUM(F12,H12,J12,L12,N12,P12,R12,T12,V12,X12,Z12,AB12,AK12,AX12,AZ12) -> 11.7
A13: 6 | B13: 44439 | C13: Начислены % банка | D13: 0.4 | M13: 0.4 | AA13: =SUM(AF13,AH13) -> 0 | AB13: =SUM(AC13:AE13) -> 0.4 | AD13: 0.4 | AG13: =AC13*$AF$5 -> 0 | AI13: =AC13*$AH$5 -> 0 | AJ13: =SUM(AL13:AV13) -> 0 | AY13: =SUM(BA13:BD13) -> 0 | BE13: =SUM(E13,G13,I13,K13,M13,O13,Q13,S13,U13,W13,Y13,AA13,AJ13,AW13,AY13) -> 0.4 | BF13: =SUM(F13,H13,J13,L13,N13,P13,R13,T13,V13,X13,Z13,AB13,AK13,AX13,AZ13) -> 0.4
A14: 7 | B14: 44439 | C14: Закрытие месяца | D14: 14.6 | AA14: =SUM(AF14,AH14) -> 14.6 | AB14: =SUM(AC14:AE14) -> 0 | AG14: =AC14*$AF$5 -> 0 | AH14: 14.6 | AI14: =AC14*$AH$5 -> 0 | AJ14: =SUM(AL14:AV14) -> 0 | AK14: 14.6 | AY14: =SUM(BA14:BD14) -> 0 | BE14: =SUM(E14,G14,I14,K14,M14,O14,Q14,S14,U14,W14,Y14,AA14,AJ14,AW14,AY14) -> 14.6 | BF14: =SUM(F14,H14,J14,L14,N14,P14,R14,T14,V14,X14,Z14,AB14,AK14,AX14,AZ14) -> 14.6
A15: 10 | AA15: =SUM(AF15,AH15) -> 0 | AB15: =SUM(AC15:AE15) -> 0 | AG15: =AC15*$AF$5 -> 0 | AI15: =AC15*$AH$5 -> 0 | AJ15: =SUM(AL15:AV15) -> 0 | AY15: =SUM(BA15:BD15) -> 0 | BE15: =SUM(E15,G15,I15,K15,M15,O15,Q15,S15,U15,W15,Y15,AA15,AJ15,AW15,AY15) -> 0 | BF15: =SUM(F15,H15,J15,L15,N15,P15,R15,T15,V15,X15,Z15,AB15,AK15,AX15,AZ15) -> 0
A16: 11 | AA16: =SUM(AF16,AH16) -> 0 | AB16: =SUM(AC16:AE16) -> 0 | AG16: =AC16*$AF$5 -> 0 | AI16: =AC16*$AH$5 -> 0 | AJ16: =SUM(AL16:AV16) -> 0 | AY16: =SUM(BA16:BD16) -> 0 | BE16: =SUM(E16,G16,I16,K16,M16,O16,Q16,S16,U16,W16,Y16,AA16,AJ16,AW16,AY16) -> 0 | BF16: =SUM(F16,H16,J16,L16,N16,P16,R16,T16,V16,X16,Z16,AB16,AK16,AX16,AZ16) -> 0
A17: 10 | AA17: =SUM(AF17,AH17) -> 0 | AB17: =SUM(AC17:AE17) -> 0 | AG17: =AC17*$AF$5 -> 0 | AI17: =AC17*$AH$5 -> 0 | AJ17: =SUM(AL17:AV17) -> 0 | AY17: =SUM(BA17:BD17) -> 0 | BE17: =SUM(E17,G17,I17,K17,M17,O17,Q17,S17,U17,W17,Y17,AA17,AJ17,AW17,AY17) -> 0 | BF17: =SUM(F17,H17,J17,L17,N17,P17,R17,T17,V17,X17,Z17,AB17,AK17,AX17,AZ17) -> 0
A18: 11 | AA18: =SUM(AF18,AH18) -> 0 | AB18: =SUM(AC18:AE18) -> 0 | AG18: =AC18*$AF$5 -> 0 | AI18: =AC18*$AH$5 -> 0 | AJ18: =SUM(AL18:AV18) -> 0 | AY18: =SUM(BA18:BD18) -> 0 | BE18: =SUM(E18,G18,I18,K18,M18,O18,Q18,S18,U18,W18,Y18,AA18,AJ18,AW18,AY18) -> 0 | BF18: =SUM(F18,H18,J18,L18,N18,P18,R18,T18,V18,X18,Z18,AB18,AK18,AX18,AZ18) -> 0
A19: 12 | AA19: =SUM(AF19,AH19) -> 0 | AB19: =SUM(AC19:AE19) -> 0 | AG19: =AC19*$AF$5 -> 0 | AI19: =AC19*$AH$5 -> 0 | AJ19: =SUM(AL19:AV19) -> 0 | AY19: =SUM(BA19:BD19) -> 0 | BE19: =SUM(E19,G19,I19,K19,M19,O19,Q19,S19,U19,W19,Y19,AA19,AJ19,AW19,AY19) -> 0 | BF19: =SUM(F19,H19,J19,L19,N19,P19,R19,T19,V19,X19,Z19,AB19,AK19,AX19,AZ19) -> 0
A20: 13 | AA20: =SUM(AF20,AH20) -> 0 | AB20: =SUM(AC20:AE20) -> 0 | AG20: =AC20*$AF$5 -> 0 | AI20: =AC20*$AH$5 -> 0 | AJ20: =SUM(AL20:AV20) -> 0 | AY20: =SUM(BA20:BD20) -> 0 | BE20: =SUM(E20,G20,I20,K20,M20,O20,Q20,S20,U20,W20,Y20,AA20,AJ20,AW20,AY20) -> 0 | BF20: =SUM(F20,H20,J20,L20,N20,P20,R20,T20,V20,X20,Z20,AB20,AK20,AX20,AZ20) -> 0
A21: 14 | AA21: =SUM(AF21,AH21) -> 0 | AB21: =SUM(AC21:AE21) -> 0 | AG21: =AC21*$AF$5 -> 0 | AI21: =AC21*$AH$5 -> 0 | AJ21: =SUM(AL21:AV21) -> 0 | AY21: =SUM(BA21:BD21) -> 0 | BE21: =SUM(E21,G21,I21,K21,M21,O21,Q21,S21,U21,W21,Y21,AA21,AJ21,AW21,AY21) -> 0 | BF21: =SUM(F21,H21,J21,L21,N21,P21,R21,T21,V21,X21,Z21,AB21,AK21,AX21,AZ21) -> 0
C22: Обороты | D22: =SUM(D8:D21) -> 324.61 | E22: =SUM(E8:E21) -> 0 | F22: =SUM(F8:F21) -> 0 | G22: =SUM(G8:G21) -> 0 | H22: =SUM(H8:H21) -> 0 | I22: =SUM(I8:I21) -> 0 | J22: =SUM(J8:J21) -> 0 | K22: =SUM(K8:K21) -> 0 | ... BH22: =SUM(BH8:BH21) -> 0
C23: Сальдо на 01.09.2021г. | E23: =IF((SUM(E$7,E$22)-(SUM(F$7,F$22))<0),0)+IF((SUM(E$7,E$22)-(SUM(F$7,F$22))>0),(SUM(E$7,E$22)-(SUM(F$7,F$22)))) -> 0 | F23: =IF((SUM(F$7,F$22)-(SUM(E$7,E$22))<0),0)+IF((SUM(F$7,F$22)-(SUM(E$7,E$22))>0),(SUM(F$7,F$22)-(SUM(E$7,E$22)))) -> 0 | G23: =IF((SUM(G$7,G$22)-(SUM(H$7,H$22))<0),0)+IF((SUM(G$7,G$22)-(SUM(H$7,H$22))>0),(SUM(G$7,G$22)-(SUM(H$7,H$22)))) -> 0 | H23: =IF((SUM(H$7,H$22)-(SUM(G$7,G$22))<0),0)+IF((SUM(H$7,H$22)-(SUM(G$7,G$22))>0),(SUM(H$7,H$22)-(SUM(G$7,G$22)))) -> 0 | I23: =IF((SUM(I$7,I$22)-(SUM(J$7,J$22))<0),0)+IF((SUM(I$7,I$22)-(SUM(J$7,J$22))>0),(SUM(I$7,I$22)-(SUM(J$7,J$22)))) -> 0 | J23: =IF((SUM(J$7,J$22)-(SUM(I$7,I$22))<0),0)+IF((SUM(J$7,J$22)-(SUM(I$7,I$22))>0),(SUM(J$7,J$22)-(SUM(I$7,I$22)))) -> 0 | K23: =IF((SUM(K$7,K$22)-(SUM(L$7,L$22))<0),0)+IF((SUM(K$7,K$22)-(SUM(L$7,L$22))>0),(SUM(K$7,K$22)-(SUM(L$7,L$22)))) -> 0 | L23: =IF((SUM(L$7,L$22)-(SUM(K$7,K$22))<0),0)+IF((SUM(L$7,L$22)-(SUM(K$7,K$22))>0),(SUM(L$7,L$22)-(SUM(K$7,K$22)))) -> 0 | M23: =IF((SUM(M$7,M$22)-(SUM(N$7,N$22))<0),0)+IF((SUM(M$7,M$22)-(SUM(N$7,N$22))>0),(SUM(M$7,M$22)-(SUM(N$7,N$22)))) -> 949.08 | N23: =IF((SUM(N$7,N$22)-(SUM(M$7,M$22))<0),0)+IF((SUM(N$7,N$22)-(SUM(M$7,M$22))>0),(SUM(N$7,N$22)-(SUM(M$7,M$22)))) -> 0 | O23: =IF((SUM(O$7,O$22)-(SUM(P$7,P$22))<0),0)+IF((SUM(O$7,O$22)-(SUM(P$7,P$22))>0),(SUM(O$7,O$22)-(SUM(P$7,P$22)))) -> 0 | P23: =IF((SUM(P$7,P$22)-(SUM(O$7,O$22))<0),0)+IF((SUM(P$7,P$22)-(SUM(O$7,O$22))>0),(SUM(P$7,P$22)-(SUM(O$7,O$22)))) -> 0 | Q23: =IF((SUM(Q$7,Q$22)-(SUM(R$7,R$22))<0),0)+IF((SUM(Q$7,Q$22)-(SUM(R$7,R$22))>0),(SUM(Q$7,Q$22)-(SUM(R$7,R$22)))) -> 0 | R23: =IF((SUM(R$7,R$22)-(SUM(Q$7,Q$22))<0),0)+IF((SUM(R$7,R$22)-(SUM(Q$7,Q$22))>0),(SUM(R$7,R$22)-(SUM(Q$7,Q$22)))) -> 0 | S23: =IF((SUM(S$7,S$22)-(SUM(T$7,T$22))<0),0)+IF((SUM(S$7,S$22)-(SUM(T$7,T$22))>0),(SUM(S$7,S$22)-(SUM(T$7,T$22)))) -> 0 | T23: =IF((SUM(T$7,T$22)-(SUM(S$7,S$22))<0),0)+IF((SUM(T$7,T$22)-(SUM(S$7,S$22))>0),(SUM(T$7,T$22)-(SUM(S$7,S$22)))) -> 0 | U23: =IF((SUM(U$7,U$22)-(SUM(V$7,V$22))<0),0)+IF((SUM(U$7,U$22)-(SUM(V$7,V$22))>0),(SUM(U$7,U$22)-(SUM(V$7,V$22)))) -> 0 | V23: =IF((SUM(V$7,V$22)-(SUM(U$7,U$22))<0),0)+IF((SUM(V$7,V$22)-(SUM(U$7,U$22))>0),(SUM(V$7,V$22)-(SUM(U$7,U$22)))) -> 0 | W23: =IF((SUM(W$7,W$22)-(SUM(X$7,X$22))<0),0)+IF((SUM(W$7,W$22)-(SUM(X$7,X$22))>0),(SUM(W$7,W$22)-(SUM(X$7,X$22)))) -> 0 | X23: =IF((SUM(X$7,X$22)-(SUM(W$7,W$22))<0),0)+IF((SUM(X$7,X$22)-(SUM(W$7,W$22))>0),(SUM(X$7,X$22)-(SUM(W$7,W$22)))) -> 0 | Y23: =IF((SUM(Y$7,Y$22)-(SUM(Z$7,Z$22))<0),0)+IF((SUM(Y$7,Y$22)-(SUM(Z$7,Z$22))>0),(SUM(Y$7,Y$22)-(SUM(Z$7,Z$22)))) -> 0 | Z23: =IF((SUM(Z$7,Z$22)-(SUM(Y$7,Y$22))<0),0)+IF((SUM(Z$7,Z$22)-(SUM(Y$7,Y$22))>0),(SUM(Z$7,Z$22)-(SUM(Y$7,Y$22)))) -> 5 | AA23: =IF((SUM(AA$7,AA$22)-(SUM(AB$7,AB$22))<0),0)+IF((SUM(AA$7,AA$22)-(SUM(AB$7,AB$22))>0),(SUM(AA$7,AA$22)-(SUM(AB$7,AB$22)))) -> 0 | AB23: =IF((SUM(AB$7,AB$22)-(SUM(AA$7,AA$22))<0),0)+IF((SUM(AB$7,AB$22)-(SUM(AA$7,AA$22))>0),(SUM(AB$7,AB$22)-(SUM(AA$7,AA$22)))) -> 944.08 | AC23: =AC7+AC22 -> 2840.52 | AD23: =AD7+AD22 -> 4.18 | AE23: =AE7+AE22 -> 0 | AF23: =IF((SUM(AF$7,AF$22)-(SUM(AG$7,AG$22))<0),0)+IF((SUM(AF$7,AF$22)-(SUM(AG$7,AG$22))>0),(SUM(AF$7,AF$22)-(SUM(AG$7,AG$22)))) -> 1177.608 | AG23: =IF((SUM(AG$7,AG$22)-(SUM(AF$7,AF$22))<0),0)+IF((SUM(AG$7,AG$22)-(SUM(AF$7,AF$22))>0),(SUM(AG$7,AG$22)-(SUM(AF$7,AF$22)))) -> 0 | AH23: =IF((SUM(AH$7,AH$22)-(SUM(AI$7,AI$22))<0),0)+IF((SUM(AH$7,AH$22)-(SUM(AI$7,AI$22))>0),(SUM(AH$7,AH$22)-(SUM(AI$7,AI$22)))) -> 1930.782 | AI23: =IF((SUM(AI$7,AI$22)-(SUM(AH$7,AH$22))<0),0)+IF((SUM(AI$7,AI$22)-(SUM(AH$7,AH$22))>0),(SUM(AI$7,AI$22)-(SUM(AH$7,AH$22)))) -> 0 | AJ23: =IF((SUM(AJ$7,AJ$22)-(SUM(AK$7,AK$22))<0),0)+IF((SUM(AJ$7,AJ$22)-(SUM(AK$7,AK$22))>0),(SUM(AJ$7,AJ$22)-(SUM(AK$7,AK$22)))) -> 0 | AK23: =IF((SUM(AK$7,AK$22)-(SUM(AJ$7,AJ$22))<0),0)+IF((SUM(AK$7,AK$22)-(SUM(AJ$7,AJ$22))>0),(SUM(AK$7,AK$22)-(SUM(AJ$7,AJ$22)))) -> 0 | AL23: =AL7+AL22 -> 1277 | AM23: =AM7+AM22 -> 0 | AN23: =AN7+AN22 -> 0 | AO23: =AO7+AO22 -> 0 | AP23: =AP7+AP22 -> 0 | AQ23: =AQ7+AQ22 -> 1850 | AR23: =AR7+AR22 -> 0 | AS23: =AS7+AS22 -> 50.5 | ... AV23: =AV7+AV22 -> 137.85 | AW23: =IF((SUM(AW$7,AW$22)-(SUM(AX$7,AX$22))<0),0)+IF((SUM(AW$7,AW$22)-(SUM(AX$7,AX$22))>0),(SUM(AW$7,AW$22)-(SUM(AX$7,AX$22)))) -> 0 | AX23: =IF((SUM(AX$7,AX$22)-(SUM(AW$7,AW$22))<0),0)+IF((SUM(AX$7,AX$22)-(SUM(AW$7,AW$22))>0),(SUM(AX$7,AX$22)-(SUM(AW$7,AW$22)))) -> 0 | AY23: =IF((SUM(AY$7,AY$22)-(SUM(AZ$7,AZ$22))<0),0)+IF((SUM(AY$7,AY$22)-(SUM(AZ$7,AZ$22))>0),(SUM(AY$7,AY$22)-(SUM(AZ$7,AZ$22)))) -> 0 | AZ23: =IF((SUM(AZ$7,AZ$22)-(SUM(AY$7,AY$22))<0),0)+IF((SUM(AZ$7,AZ$22)-(SUM(AY$7,AY$22))>0),(SUM(AZ$7,AZ$22)-(SUM(AY$7,AY$22)))) -> 0 | BA23: =BA7+BA22 -> 0 | BB23: =BB7+BB22 -> 0 | BC23: =BC7+BC22 -> 0 | BD23: =BD7+BD22 -> 0 | BE23: =SUM(E23,G23,I23,K23,M23,O23,Q23,S23,U23,W23,Y23,AA23,AJ23,AW23,AY23) -> 949.08 | BF23: =SUM(F23,H23,J23,L23,N23,P23,R23,T23,V23,X23,Z23,AB23,AK23,AX23,AZ23) -> 949.08 | BG23: =BG7-BG22 -> 0 | BH23: =BH7-BH22 -> 0
BF25: =BF23-BE23 -> 0

Sheet сентябрь
B1: за | C1: сентябрь | D1: 2021 года
A3: № п/п | B3: Число, месяц | C3: Краткое содержание операции или номер документа | D3: Сумма | E3: Счет 01 | G3: Счет 02 | I3: Счет 10 | K3: Счет 50 | M3: Счет 51 | O3: Счет 55 | Q3: Счет 60 | S3: Счет 68 | U3: Счет 71 | W3: Счет 76 | Y3: Счет 79 | AA3: Счет 86/01 | AC3: Расшифровка счета 86/01 | AF3: счет 86/01 Расшифровка счета | AJ3: Счет 26/01 | AL3: Расшифровка счета 26/01 | AW3: Счет 86/02 | AY3: Счет 26/02 | BA3: Расшифровка счета 26/02 | BE3: Контрольные суммы | BG3: Забалансовый счет 006
E4: Основные средства | G4: Амортизация осн.средств | I4: Материалы | K4: Касса | M4: Текущий расчетный счет | O4: Специальные счета в банках (депозитный) | Q4: Расчеты с поставщиками и подрядчиками | S4: Расчеты по налогам и сборам | U4: Расчеты с подотчетными лицами | W4: Расчеты с разными дебиторами и кредиторами | Y4: Внутрихозяйственные расчеты | AA4: Общехозяйственные доходы | AC4: Отчисления от членских профвзносов | AD4: % банка | AE4: % банка по депозиту | AF4: фонд помощи | AH4: другие статьи не включенные в фонд | AJ4: Общехозяйственные расходы | AL4: Материальная помощь членам профсоюза | AM4: Детское оздоровление | AN4: Благотворительная помощь | AO4: Обучение профсоюзного актива | AP4: Туристическо-экскурсионная деятельность, в т.ч. Услуги ТЭУП "Беларустурист" | AQ4: Культурно-массовая работа | AR4: Спортивная и культурно-массовая работа | AS4: Информационная работа, в т.ч.подписка на "Беларускi час" | AT4: Вознаграждение профсоюзному активу за выполнение общественной нагрузки | AU4: Расходы на целевые мероприятия (в районе, городе, области) | AV4: Прочие расходы, в т.ч.комиссионное вознаграждение банку | AW4: Общехозяйственные доходы (Целевые поступления по коллективным договорам) | AY4: Общехозяйственные расходы | BA4: Туристическо-экскурсионная деятельность, в т.ч. Услуги ТЭУП "Беларустурист" | BB4: =август!BB4 -> матпомощь (страховка) | BC4: Культурно-массовая работа | BD4: Спортивная работа
E6: дебет | F6: кредит | G6: дебет | H6: кредит | I6: дебет | J6: кредит | K6: дебет | L6: кредит | M6: дебет | N6: кредит | O6: дебет | P6: кредит | Q6: дебет | R6: кредит | S6: дебет | T6: кредит | U6: дебет | V6: кредит | W6: дебет | X6: кредит | Y6: дебет | Z6: кредит | AA6: дебет | AB6: кредит | AF6: дебет | AG6: кредит | AH6: дебет | AI6: кредит | AJ6: дебет | AK6: кредит | AL6: фонд помощи | AO6: другие статьи не включенные в фонд | AW6: дебет | AX6: кредит | AY6: дебет | AZ6: кредит | BE6: дебет | BF6: кредит | BG6: кол-во | BH6: сумма
C7: Сальдо на 01.09.2021г. | E7: =август!E23 -> 0 | F7: =август!F23 -> 0 | G7: =август!G23 -> 0 | H7: =август!H23 -> 0 | I7: =август!I23 -> 0 | J7: =август!J23 -> 0 | K7: =август!K23 -> 0 | L7: =август!L23 -> 0 | ... BH7: =август!BH23 -> 0
A8: 1 | B8: 44440 | C8: Поступили членские взносы от нанимателя | D8: 11.76 | M8: 11.76 | AA8: =SUM(AF8,AH8) -> 0 | AB8: =SUM(AC8:AE8) -> 11.76 | AC8: 11.76 | AG8: =AC8*$AF$5 -> 0 | AI8: =AC8*$AH$5 -> 0 | AJ8: =SUM(AL8:AV8) -> 0 | AY8: =SUM(BA8:BD8) -> 0 | BE8: =SUM(E8,G8,I8,K8,M8,O8,Q8,S8,U8,W8,Y8,AA8,AJ8,AW8,AY8) -> 11.76 | BF8: =SUM(F8,H8,J8,L8,N8,P8,R8,T8,V8,X8,Z8,AB8,AK8,AX8,AZ8) -> 11.76
A9: 2 | B9: 44440 | C9: Начислены % банка | D9: 11.7 | N9: 11.7 | AA9: =SUM(AF9,AH9) -> 0 | AB9: =SUM(AC9:AE9) -> 0 | AG9: =AC9*$AF$5 -> 0 | AI9: =AC9*$AH$5 -> 0 | AJ9: =SUM(AL9:AV9) -> 11.7 | AV9: 11.7 | AY9: =SUM(BA9:BD9) -> 0 | BE9: =SUM(E9,G9,I9,K9,M9,O9,Q9,S9,U9,W9,Y9,AA9,AJ9,AW9,AY9) -> 11.7 | BF9: =SUM(F9,H9,J9,L9,N9,P9,R9,T9,V9,X9,Z9,AB9,AK9,AX9,AZ9) -> 11.7
A10: 3 | B10: 44441 | C10: Входные билеты на мероприятие | D10: 105 | N10: 105 | AA10: =SUM(AF10,AH10) -> 0 | AB10: =SUM(AC10:AE10) -> 0 | AG10: =AC10*$AF$5 -> 0 | AI10: =AC10*$AH$5 -> 0 | AJ10: =SUM(AL10:AV10) -> 105 | AQ10: 105 | AY10: =SUM(BA10:BD10) -> 0 | BE10: =SUM(E10,G10,I10,K10,M10,O10,Q10,S10,U10,W10,Y10,AA10,AJ10,AW10,AY10) -> 105 | BF10: =SUM(F10,H10,J10,L10,N10,P10,R10,T10,V10,X10,Z10,AB10,AK10,AX10,AZ10) -> 105
A11: 4 | B11: 44441 | C11: Поступили членские взносы от нанимателя | D11: 402.3 | M11: 402.3 | AA11: =SUM(AF11,AH11) -> 0 | AB11: =SUM(AC11:AE11) -> 402.3 | AC11: 402.3 | AG11: =AC11*$AF$5 -> 0 | AI11: =AC11*$AH$5 -> 0 | AJ11: =SUM(AL11:AV11) -> 0 | AY11: =SUM(BA11:BD11) -> 0 | BE11: =SUM(E11,G11,I11,K11,M11,O11,Q11,S11,U11,W11,Y11,AA11,AJ11,AW11,AY11) -> 402.3 | BF11: =SUM(F11,H11,J11,L11,N11,P11,R11,T11,V11,X11,Z11,AB11,AK11,AX11,AZ11) -> 402.3
A12: 5 | B12: 44441 | C12: Поступили членские взносы от нанимателя | D12: 416.71 | M12: 416.71 | AA12: =SUM(AF12,AH12) -> 0 | AB12: =SUM(AC12:AE12) -> 416.71 | AC12: 416.71 | AG12: =AC12*$AF$5 -> 0 | AI12: =AC12*$AH$5 -> 0 | AJ12: =SUM(AL12:AV12) -> 0 | AY12: =SUM(BA12:BD12) -> 0 | BE12: =SUM(E12,G12,I12,K12,M12,O12,Q12,S12,U12,W12,Y12,AA12,AJ12,AW12,AY12) -> 416.71 | BF12: =SUM(F12,H12,J12,L12,N12,P12,R12,T12,V12,X12,Z12,AB12,AK12,AX12,AZ12) -> 416.71
A13: 6 | B13: 44442 | C13: Материальная помощь | D13: 60 | M13: 60 | Z13: 60 | AA13: =SUM(AF13,AH13) -> 0 | AB13: =SUM(AC13:AE13) -> 0 | AG13: =AC13*$AF$5 -> 0 | AI13: =AC13*$AH$5 -> 0 | AJ13: =SUM(AL13:AV13) -> 0 | AY13: =SUM(BA13:BD13) -> 0 | BE13: =SUM(E13,G13,I13,K13,M13,O13,Q13,S13,U13,W13,Y13,AA13,AJ13,AW13,AY13) -> 60 | BF13: =SUM(F13,H13,J13,L13,N13,P13,R13,T13,V13,X13,Z13,AB13,AK13,AX13,AZ13) -> 60
A14: 7 | B14: 44456 | C14: Начислены % банка | D14: 4.06 | N14: 4.06 | AA14: =SUM(AF14,AH14) -> 0 | AB14: =SUM(AC14:AE14) -> 0 | AG14: =AC14*$AF$5 -> 0 | AI14: =AC14*$AH$5 -> 0 | AJ14: =SUM(AL14:AV14) -> 4.06 | AV14: 4.06 | AY14: =SUM(BA14:BD14) -> 0 | BE14: =SUM(E14,G14,I14,K14,M14,O14,Q14,S14,U14,W14,Y14,AA14,AJ14,AW14,AY14) -> 4.06 | BF14: =SUM(F14,H14,J14,L14,N14,P14,R14,T14,V14,X14,Z14,AB14,AK14,AX14,AZ14) -> 4.06
A15: 8 | B15: 44456 | C15: Материальная помощь | D15: 203 | N15: 203 | Y15: 65 | AA15: =SUM(AF15,AH15) -> 0 | AB15: =SUM(AC15:AE15) -> 0 | AG15: =AC15*$AF$5 -> 0 | AI15: =AC15*$AH$5 -> 0 | AJ15: =SUM(AL15:AV15) -> 138 | AL15: 51 | AT15: 87 | AY15: =SUM(BA15:BD15) -> 0 | BE15: =SUM(E15,G15,I15,K15,M15,O15,Q15,S15,U15,W15,Y15,AA15,AJ15,AW15,AY15) -> 203 | BF15: =SUM(F15,H15,J15,L15,N15,P15,R15,T15,V15,X15,Z15,AB15,AK15,AX15,AZ15) -> 203
A16: 9 | B16: 44469 | C16: Начислены % банка | D16: 0.67 | M16: 0.67 | AA16: =SUM(AF16,AH16) -> 0 | AB16: =SUM(AC16:AE16) -> 0.67 | AD16: 0.67 | AG16: =AC16*$AF$5 -> 0 | AI16: =AC16*$AH$5 -> 0 | AJ16: =SUM(AL16:AV16) -> 0 | AY16: =SUM(BA16:BD16) -> 0 | BE16: =SUM(E16,G16,I16,K16,M16,O16,Q16,S16,U16,W16,Y16,AA16,AJ16,AW16,AY16) -> 0.67 | BF16: =SUM(F16,H16,J16,L16,N16,P16,R16,T16,V16,X16,Z16,AB16,AK16,AX16,AZ16) -> 0.67
A17: 10 | B17: 44469 | C17: Закрытие месяца | D17: 247.06 | AA17: =SUM(AF17,AH17) -> 258.76 | AB17: =SUM(AC17:AE17) -> 0 | AF17: 138 | AG17: =AC17*$AF$5 -> 0 | AH17: 120.76 | AI17: =AC17*$AH$5 -> 0 | AJ17: =SUM(AL17:AV17) -> 0 | AK17: 258.76 | AY17: =SUM(BA17:BD17) -> 0 | BE17: =SUM(E17,G17,I17,K17,M17,O17,Q17,S17,U17,W17,Y17,AA17,AJ17,AW17,AY17) -> 258.76 | BF17: =SUM(F17,H17,J17,L17,N17,P17,R17,T17,V17,X17,Z17,AB17,AK17,AX17,AZ17) -> 258.76
A18: 11 | AA18: =SUM(AF18,AH18) -> 0 | AB18: =SUM(AC18:AE18) -> 0 | AG18: =AC18*$AF$5 -> 0 | AI18: =AC18*$AH$5 -> 0 | AJ18: =SUM(AL18:AV18) -> 0 | AY18: =SUM(BA18:BD18) -> 0 | BE18: =SUM(E18,G18,I18,K18,M18,O18,Q18,S18,U18,W18,Y18,AA18,AJ18,AW18,AY18) -> 0 | BF18: =SUM(F18,H18,J18,L18,N18,P18,R18,T18,V18,X18,Z18,AB18,AK18,AX18,AZ18) -> 0
A19: 12 | AA19: =SUM(AF19,AH19) -> 0 | AB19: =SUM(AC19:AE19) -> 0 | AG19: =AC19*$AF$5 -> 0 | AI19: =AC19*$AH$5 -> 0 | AJ19: =SUM(AL19:AV19) -> 0 | AY19: =SUM(BA19:BD19) -> 0 | BE19: =SUM(E19,G19,I19,K19,M19,O19,Q19,S19,U19,W19,Y19,AA19,AJ19,AW19,AY19) -> 0 | BF19: =SUM(F19,H19,J19,L19,N19,P19,R19,T19,V19,X19,Z19,AB19,AK19,AX19,AZ19) -> 0
A20: 13 | AA20: =SUM(AF20,AH20) -> 0 | AB20: =SUM(AC20:AE20) -> 0 | AG20: =AC20*$AF$5 -> 0 | AI20: =AC20*$AH$5 -> 0 | AJ20: =SUM(AL20:AV20) -> 0 | AY20: =SUM(BA20:BD20) -> 0 | BE20: =SUM(E20,G20,I20,K20,M20,O20,Q20,S20,U20,W20,Y20,AA20,AJ20,AW20,AY20) -> 0 | BF20: =SUM(F20,H20,J20,L20,N20,P20,R20,T20,V20,X20,Z20,AB20,AK20,AX20,AZ20) -> 0
A21: 14 | AA21: =SUM(AF21,AH21) -> 0 | AB21: =SUM(AC21:AE21) -> 0 | AG21: =AC21*$AF$5 -> 0 | AI21: =AC21*$AH$5 -> 0 | AJ21: =SUM(AL21:AV21) -> 0 | AY21: =SUM(BA21:BD21) -> 0 | BE21: =SUM(E21,G21,I21,K21,M21,O21,Q21,S21,U21,W21,Y21,AA21,AJ21,AW21,AY21) -> 0 | BF21: =SUM(F21,H21,J21,L21,N21,P21,R21,T21,V21,X21,Z21,AB21,AK21,AX21,AZ21) -> 0
A22: 15 | AA22: =SUM(AF22,AH22) -> 0 | AB22: =SUM(AC22:AE22) -> 0 | AG22: =AC22*$AF$5 -> 0 | AI22: =AC22*$AH$5 -> 0 | AJ22: =SUM(AL22:AV22) -> 0 | AY22: =SUM(BA22:BD22) -> 0 | BE22: =SUM(E22,G22,I22,K22,M22,O22,Q22,S22,U22,W22,Y22,AA22,AJ22,AW22,AY22) -> 0 | BF22: =SUM(F22,H22,J22,L22,N22,P22,R22,T22,V22,X22,Z22,AB22,AK22,AX22,AZ22) -> 0
C23: Обороты | D23: =SUM(D8:D22) -> 1462.26 | E23: =SUM(E8:E22) -> 0 | F23: =SUM(F8:F22) -> 0 | G23: =SUM(G8:G22) -> 0 | H23: =SUM(H8:H22) -> 0 | I23: =SUM(I8:I22) -> 0 | J23: =SUM(J8:J22) -> 0 | K23: =SUM(K8:K22) -> 0 | ... BH23: =SUM(BH8:BH22) -> 0
C24: Сальдо на 01.10.2021г. | E24: =IF((SUM(E$7,E$23)-(SUM(F$7,F$23))<0),0)+IF((SUM(E$7,E$23)-(SUM(F$7,F$23))>0),(SUM(E$7,E$23)-(SUM(F$7,F$23)))) -> 0 | F24: =IF((SUM(F$7,F$23)-(SUM(E$7,E$23))<0),0)+IF((SUM(F$7,F$23)-(SUM(E$7,E$23))>0),(SUM(F$7,F$23)-(SUM(E$7,E$23)))) -> 0 | G24: =IF((SUM(G$7,G$23)-(SUM(H$7,H$23))<0),0)+IF((SUM(G$7,G$23)-(SUM(H$7,H$23))>0),(SUM(G$7,G$23)-(SUM(H$7,H$23)))) -> 0 | H24: =IF((SUM(H$7,H$23)-(SUM(G$7,G$23))<0),0)+IF((SUM(H$7,H$23)-(SUM(G$7,G$23))>0),(SUM(H$7,H$23)-(SUM(G$7,G$23)))) -> 0 | I24: =IF((SUM(I$7,I$23)-(SUM(J$7,J$23))<0),0)+IF((SUM(I$7,I$23)-(SUM(J$7,J$23))>0),(SUM(I$7,I$23)-(SUM(J$7,J$23)))) -> 0 | J24: =IF((SUM(J$7,J$23)-(SUM(I$7,I$23))<0),0)+IF((SUM(J$7,J$23)-(SUM(I$7,I$23))>0),(SUM(J$7,J$23)-(SUM(I$7,I$23)))) -> 0 | K24: =IF((SUM(K$7,K$23)-(SUM(L$7,L$23))<0),0)+IF((SUM(K$7,K$23)-(SUM(L$7,L$23))>0),(SUM(K$7,K$23)-(SUM(L$7,L$23)))) -> 0 | L24: =IF((SUM(L$7,L$23)-(SUM(K$7,K$23))<0),0)+IF((SUM(L$7,L$23)-(SUM(K$7,K$23))>0),(SUM(L$7,L$23)-(SUM(K$7,K$23)))) -> 0 | M24: =IF((SUM(M$7,M$23)-(SUM(N$7,N$23))<0),0)+IF((SUM(M$7,M$23)-(SUM(N$7,N$23))>0),(SUM(M$7,M$23)-(SUM(N$7,N$23)))) -> 1516.76 | N24: =IF((SUM(N$7,N$23)-(SUM(M$7,M$23))<0),0)+IF((SUM(N$7,N$23)-(SUM(M$7,M$23))>0),(SUM(N$7,N$23)-(SUM(M$7,M$23)))) -> 0 | O24: =IF((SUM(O$7,O$23)-(SUM(P$7,P$23))<0),0)+IF((SUM(O$7,O$23)-(SUM(P$7,P$23))>0),(SUM(O$7,O$23)-(SUM(P$7,P$23)))) -> 0 | P24: =IF((SUM(P$7,P$23)-(SUM(O$7,O$23))<0),0)+IF((SUM(P$7,P$23)-(SUM(O$7,O$23))>0),(SUM(P$7,P$23)-(SUM(O$7,O$23)))) -> 0 | Q24: =IF((SUM(Q$7,Q$23)-(SUM(R$7,R$23))<0),0)+IF((SUM(Q$7,Q$23)-(SUM(R$7,R$23))>0),(SUM(Q$7,Q$23)-(SUM(R$7,R$23)))) -> 0 | R24: =IF((SUM(R$7,R$23)-(SUM(Q$7,Q$23))<0),0)+IF((SUM(R$7,R$23)-(SUM(Q$7,Q$23))>0),(SUM(R$7,R$23)-(SUM(Q$7,Q$23)))) -> 0 | S24: =IF((SUM(S$7,S$23)-(SUM(T$7,T$23))<0),0)+IF((SUM(S$7,S$23)-(SUM(T$7,T$23))>0),(SUM(S$7,S$23)-(SUM(T$7,T$23)))) -> 0 | T24: =IF((SUM(T$7,T$23)-(SUM(S$7,S$23))<0),0)+IF((SUM(T$7,T$23)-(SUM(S$7,S$23))>0),(SUM(T$7,T$23)-(SUM(S$7,S$23)))) -> 0 | U24: =IF((SUM(U$7,U$23)-(SUM(V$7,V$23))<0),0)+IF((SUM(U$7,U$23)-(SUM(V$7,V$23))>0),(SUM(U$7,U$23)-(SUM(V$7,V$23)))) -> 0 | V24: =IF((SUM(V$7,V$23)-(SUM(U$7,U$23))<0),0)+IF((SUM(V$7,V$23)-(SUM(U$7,U$23))>0),(SUM(V$7,V$23)-(SUM(U$7,U$23)))) -> 0 | W24: =IF((SUM(W$7,W$23)-(SUM(X$7,X$23))<0),0)+IF((SUM(W$7,W$23)-(SUM(X$7,X$23))>0),(SUM(W$7,W$23)-(SUM(X$7,X$23)))) -> 0 | X24: =IF((SUM(X$7,X$23)-(SUM(W$7,W$23))<0),0)+IF((SUM(X$7,X$23)-(SUM(W$7,W$23))>0),(SUM(X$7,X$23)-(SUM(W$7,W$23)))) -> 0 | Y24: =IF((SUM(Y$7,Y$23)-(SUM(Z$7,Z$23))<0),0)+IF((SUM(Y$7,Y$23)-(SUM(Z$7,Z$23))>0),(SUM(Y$7,Y$23)-(SUM(Z$7,Z$23)))) -> 0 | Z24: =IF((SUM(Z$7,Z$23)-(SUM(Y$7,Y$23))<0),0)+IF((SUM(Z$7,Z$23)-(SUM(Y$7,Y$23))>0),(SUM(Z$7,Z$23)-(SUM(Y$7,Y$23)))) -> 0 | AA24: =IF((SUM(AA$7,AA$23)-(SUM(AB$7,AB$23))<0),0)+IF((SUM(AA$7,AA$23)-(SUM(AB$7,AB$23))>0),(SUM(AA$7,AA$23)-(SUM(AB$7,AB$23)))) -> 0 | AB24: =IF((SUM(AB$7,AB$23)-(SUM(AA$7,AA$23))<0),0)+IF((SUM(AB$7,AB$23)-(SUM(AA$7,AA$23))>0),(SUM(AB$7,AB$23)-(SUM(AA$7,AA$23)))) -> 1516.76 | AC24: =AC7+AC23 -> 3671.29 | AD24: =AD7+AD23 -> 4.85 | AE24: =AE7+AE23 -> 0 | AF24: =IF((SUM(AF$7,AF$23)-(SUM(AG$7,AG$23))<0),0)+IF((SUM(AF$7,AF$23)-(SUM(AG$7,AG$23))>0),(SUM(AF$7,AF$23)-(SUM(AG$7,AG$23)))) -> 1315.608 | AG24: =IF((SUM(AG$7,AG$23)-(SUM(AF$7,AF$23))<0),0)+IF((SUM(AG$7,AG$23)-(SUM(AF$7,AF$23))>0),(SUM(AG$7,AG$23)-(SUM(AF$7,AF$23)))) -> 0 | AH24: =IF((SUM(AH$7,AH$23)-(SUM(AI$7,AI$23))<0),0)+IF((SUM(AH$7,AH$23)-(SUM(AI$7,AI$23))>0),(SUM(AH$7,AH$23)-(SUM(AI$7,AI$23)))) -> 2051.542 | AI24: =IF((SUM(AI$7,AI$23)-(SUM(AH$7,AH$23))<0),0)+IF((SUM(AI$7,AI$23)-(SUM(AH$7,AH$23))>0),(SUM(AI$7,AI$23)-(SUM(AH$7,AH$23)))) -> 0 | AJ24: =IF((SUM(AJ$7,AJ$23)-(SUM(AK$7,AK$23))<0),0)+IF((SUM(AJ$7,AJ$23)-(SUM(AK$7,AK$23))>0),(SUM(AJ$7,AJ$23)-(SUM(AK$7,AK$23)))) -> 0 | AK24: =IF((SUM(AK$7,AK$23)-(SUM(AJ$7,AJ$23))<0),0)+IF((SUM(AK$7,AK$23)-(SUM(AJ$7,AJ$23))>0),(SUM(AK$7,AK$23)-(SUM(AJ$7,AJ$23)))) -> 0 | AL24: =AL7+AL23 -> 1328 | AM24: =AM7+AM23 -> 0 | AN24: =AN7+AN23 -> 0 | AO24: =AO7+AO23 -> 0 | AP24: =AP7+AP23 -> 0 | AQ24: =AQ7+AQ23 -> 1955 | AR24: =AR7+AR23 -> 0 | AS24: =AS7+AS23 -> 50.5 | ... AV24: =AV7+AV23 -> 153.61 | AW24: =IF((SUM(AW$7,AW$23)-(SUM(AX$7,AX$23))<0),0)+IF((SUM(AW$7,AW$23)-(SUM(AX$7,AX$23))>0),(SUM(AW$7,AW$23)-(SUM(AX$7,AX$23)))) -> 0 | AX24: =IF((SUM(AX$7,AX$23)-(SUM(AW$7,AW$23))<0),0)+IF((SUM(AX$7,AX$23)-(SUM(AW$7,AW$23))>0),(SUM(AX$7,AX$23)-(SUM(AW$7,AW$23)))) -> 0 | AY24: =IF((SUM(AY$7,AY$23)-(SUM(AZ$7,AZ$23))<0),0)+IF((SUM(AY$7,AY$23)-(SUM(AZ$7,AZ$23))>0),(SUM(AY$7,AY$23)-(SUM(AZ$7,AZ$23)))) -> 0 | AZ24: =IF((SUM(AZ$7,AZ$23)-(SUM(AY$7,AY$23))<0),0)+IF((SUM(AZ$7,AZ$23)-(SUM(AY$7,AY$23))>0),(SUM(AZ$7,AZ$23)-(SUM(AY$7,AY$23)))) -> 0 | BA24: =BA7+BA23 -> 0 | BB24: =BB7+BB23 -> 0 | BC24: =BC7+BC23 -> 0 | BD24: =BD7+BD23 -> 0 | BE24: =SUM(E24,G24,I24,K24,M24,O24,Q24,S24,U24,W24,Y24,AA24,AJ24,AW24,AY24) -> 1516.76 | BF24: =SUM(F24,H24,J24,L24,N24,P24,R24,T24,V24,X24,Z24,AB24,AK24,AX24,AZ24) -> 1516.76 | BG24: =BG7-BG23 -> 0 | BH24: =BH7-BH23 -> 0
BF26: =BF24-BE24 -> 0

Sheet октябрь
B1: за | C1: октябрь | D1: 2021года
A3: № п/п | B3: Число, месяц | C3: Краткое содержание операции или номер документа | D3: Сумма | E3: Счет 01 | G3: Счет 02 | I3: Счет 10 | K3: Счет 50 | M3: Счет 51 | O3: Счет 55 | Q3: Счет 60 | S3: Счет 68 | U3: Счет 71 | W3: Счет 76 | Y3: Счет 79 | AA3: Счет 86/01 | AC3: Расшифровка счета 86/01 | AF3: счет 86/01 Расшифровка счета | AJ3: Счет 26/01 | AL3: Расшифровка счета 26/01 | AW3: Счет 86/02 | AY3: Счет 26/02 | BA3: Расшифровка счета 26/02 | BE3: Контрольные суммы | BG3: Забалансовый счет 006
E4: Основные средства | G4: Амортизация осн.средств | I4: Материалы | K4: Касса | M4: Текущий расчетный счет | O4: Специальные счета в банках (депозитный) | Q4: Расчеты с поставщиками и подрядчиками | S4: Расчеты по налогам и сборам | U4: Расчеты с подотчетными лицами | W4: Расчеты с разными дебиторами и кредиторами | Y4: Внутрихозяйственные расчеты | AA4: Общехозяйственные доходы | AC4: Отчисления от членских профвзносов | AD4: % банка | AE4: % банка по депозиту | AF4: фонд помощи | AH4: другие статьи не включенные в фонд | AJ4: Общехозяйственные расходы | AL4: Материальная помощь членам профсоюза | AM4: Детское оздоровление | AN4: Благотворительная помощь | AO4: Обучение профсоюзного актива | AP4: Туристическо-экскурсионная деятельность, в т.ч. Услуги ТЭУП "Беларустурист" | AQ4: Культурно-массовая работа | AR4: Спортивная и культурно-массовая работа | AS4: Информационная работа, в т.ч.подписка на "Беларускi час" | AT4: Вознаграждение профсоюзному активу за выполнение общественной нагрузки | AU4: Расходы на целевые мероприятия (в районе, городе, области) | AV4: Прочие расходы, в т.ч.комиссионное вознаграждение банку | AW4: Общехозяйственные доходы (Целевые поступления по коллективным договорам) | AY4: Общехозяйственные расходы | BA4: Туристическо-экскурсионная деятельность, в т.ч. Услуги ТЭУП "Беларустурист" | BB4: =сентябрь!BB4 -> матпомощь (страховка) | BC4: Культурно-массовая работа | BD4: Спортивная работа
E6: дебет | F6: кредит | G6: дебет | H6: кредит | I6: дебет | J6: кредит | K6: дебет | L6: кредит | M6: дебет | N6: кредит | O6: дебет | P6: кредит | Q6: дебет | R6: кредит | S6: дебет | T6: кредит | U6: дебет | V6: кредит | W6: дебет | X6: кредит | Y6: дебет | Z6: кредит | AA6: дебет | AB6: кредит | AF6: дебет | AG6: кредит | AH6: дебет | AI6: кредит | AJ6: дебет | AK6: кредит | AL6: фонд помощи | AO6: другие статьи не включенные в фонд | AW6: дебет | AX6: кредит | AY6: дебет | AZ6: кредит | BE6: дебет | BF6: кредит | BG6: кол-во | BH6: сумма
C7: Сальдо на 01.10.2021г. | E7: =сентябрь!E24 -> 0 | F7: =сентябрь!F24 -> 0 | G7: =сентябрь!G24 -> 0 | H7: =сентябрь!H24 -> 0 | I7: =сентябрь!I24 -> 0 | J7: =сентябрь!J24 -> 0 | K7: =сентябрь!K24 -> 0 | L7: =сентябрь!L24 -> 0 | ... BH7: =сентябрь!BH24 -> 0
A8: 1 | B8: 44470 | C8: Начислены % банка | D8: 0.01 | M8: 0.01 | AA8: =SUM(AF8,AH8) -> 0 | AB8: =SUM(AC8:AE8) -> 0.01 | AD8: 0.01 | AG8: =AC8*$AF$5 -> 0 | AI8: =AC8*$AH$5 -> 0 | AJ8: =SUM(AL8:AV8) -> 0 | AY8: =SUM(BA8:BD8) -> 0 | BE8: =SUM(E8,G8,I8,K8,M8,O8,Q8,S8,U8,W8,Y8,AA8,AJ8,AW8,AY8) -> 0.01 | BF8: =SUM(F8,H8,J8,L8,N8,P8,R8,T8,V8,X8,Z8,AB8,AK8,AX8,AZ8) -> 0.01
A9: 2 | B9: 44470 | C9: Поступили членские взносы от нанимателя | D9: 22.21 | M9: 22.21 | AA9: =SUM(AF9,AH9) -> 0 | AB9: =SUM(AC9:AE9) -> 22.21 | AC9: 22.21 | AG9: =AC9*$AF$5 -> 0 | AI9: =AC9*$AH$5 -> 0 | AJ9: =SUM(AL9:AV9) -> 0 | AY9: =SUM(BA9:BD9) -> 0 | BE9: =SUM(E9,G9,I9,K9,M9,O9,Q9,S9,U9,W9,Y9,AA9,AJ9,AW9,AY9) -> 22.21 | BF9: =SUM(F9,H9,J9,L9,N9,P9,R9,T9,V9,X9,Z9,AB9,AK9,AX9,AZ9) -> 22.21
A10: 2 | B10: 44473 | C10: Поступили членские взносы от нанимателя | D10: 409.74 | M10: 409.74 | AA10: =SUM(AF10,AH10) -> 0 | AB10: =SUM(AC10:AE10) -> 409.74 | AC10: 409.74 | AG10: =AC10*$AF$5 -> 0 | AI10: =AC10*$AH$5 -> 0 | AJ10: =SUM(AL10:AV10) -> 0 | AY10: =SUM(BA10:BD10) -> 0 | BE10: =SUM(E10,G10,I10,K10,M10,O10,Q10,S10,U10,W10,Y10,AA10,AJ10,AW10,AY10) -> 409.74 | BF10: =SUM(F10,H10,J10,L10,N10,P10,R10,T10,V10,X10,Z10,AB10,AK10,AX10,AZ10) -> 409.74
A11: 3 | B11: 44474 | C11: Начислены % банка | D11: 11.7 | N11: 11.7 | AA11: =SUM(AF11,AH11) -> 0 | AB11: =SUM(AC11:AE11) -> 0 | AG11: =AC11*$AF$5 -> 0 | AI11: =AC11*$AH$5 -> 0 | AJ11: =SUM(AL11:AV11) -> 11.7 | AV11: 11.7 | AY11: =SUM(BA11:BD11) -> 0 | BE11: =SUM(E11,G11,I11,K11,M11,O11,Q11,S11,U11,W11,Y11,AA11,AJ11,AW11,AY11) -> 11.7 | BF11: =SUM(F11,H11,J11,L11,N11,P11,R11,T11,V11,X11,Z11,AB11,AK11,AX11,AZ11) -> 11.7
A12: 4 | B12: 44498 | C12: Начислены % банка | D12: 0.79 | M12: 0.79 | AA12: =SUM(AF12,AH12) -> 0 | AB12: =SUM(AC12:AE12) -> 0.79 | AD12: 0.79 | AG12: =AC12*$AF$5 -> 0 | AI12: =AC12*$AH$5 -> 0 | AJ12: =SUM(AL12:AV12) -> 0 | AY12: =SUM(BA12:BD12) -> 0 | BE12: =SUM(E12,G12,I12,K12,M12,O12,Q12,S12,U12,W12,Y12,AA12,AJ12,AW12,AY12) -> 0.79 | BF12: =SUM(F12,H12,J12,L12,N12,P12,R12,T12,V12,X12,Z12,AB12,AK12,AX12,AZ12) -> 0.79
A13: 5 | B13: 44500 | C13: Закрытие месяца | D13: 12.49 | AA13: =SUM(AF13,AH13) -> 11.7 | AB13: =SUM(AC13:AE13) -> 0 | AG13: =AC13*$AF$5 -> 0 | AH13: 11.7 | AI13: =AC13*$AH$5 -> 0 | AJ13: =SUM(AL13:AV13) -> 0 | AK13: 11.7 | AY13: =SUM(BA13:BD13) -> 0 | BE13: =SUM(E13,G13,I13,K13,M13,O13,Q13,S13,U13,W13,Y13,AA13,AJ13,AW13,AY13) -> 11.7 | BF13: =SUM(F13,H13,J13,L13,N13,P13,R13,T13,V13,X13,Z13,AB13,AK13,AX13,AZ13) -> 11.7
A14: 6 | AA14: =SUM(AF14,AH14) -> 0 | AB14: =SUM(AC14:AE14) -> 0 | AG14: =AC14*$AF$5 -> 0 | AI14: =AC14*$AH$5 -> 0 | AJ14: =SUM(AL14:AV14) -> 0 | AY14: =SUM(BA14:BD14) -> 0 | BE14: =SUM(E14,G14,I14,K14,M14,O14,Q14,S14,U14,W14,Y14,AA14,AJ14,AW14,AY14) -> 0 | BF14: =SUM(F14,H14,J14,L14,N14,P14,R14,T14,V14,X14,Z14,AB14,AK14,AX14,AZ14) -> 0
A15: 7 | AA15: =SUM(AF15,AH15) -> 0 | AB15: =SUM(AC15:AE15) -> 0 | AG15: =AC15*$AF$5 -> 0 | AI15: =AC15*$AH$5 -> 0 | AJ15: =SUM(AL15:AV15) -> 0 | AY15: =SUM(BA15:BD15) -> 0 | BE15: =SUM(E15,G15,I15,K15,M15,O15,Q15,S15,U15,W15,Y15,AA15,AJ15,AW15,AY15) -> 0 | BF15: =SUM(F15,H15,J15,L15,N15,P15,R15,T15,V15,X15,Z15,AB15,AK15,AX15,AZ15) -> 0
A16: 8 | AA16: =SUM(AF16,AH16) -> 0 | AB16: =SUM(AC16:AE16) -> 0 | AG16: =AC16*$AF$5 -> 0 | AI16: =AC16*$AH$5 -> 0 | AJ16: =SUM(AL16:AV16) -> 0 | AY16: =SUM(BA16:BD16) -> 0 | BE16: =SUM(E16,G16,I16,K16,M16,O16,Q16,S16,U16,W16,Y16,AA16,AJ16,AW16,AY16) -> 0 | BF16: =SUM(F16,H16,J16,L16,N16,P16,R16,T16,V16,X16,Z16,AB16,AK16,AX16,AZ16) -> 0
A17: 9 | AA17: =SUM(AF17,AH17) -> 0 | AB17: =SUM(AC17:AE17) -> 0 | AG17: =AC17*$AF$5 -> 0 | AI17: =AC17*$AH$5 -> 0 | AJ17: =SUM(AL17:AV17) -> 0 | AY17: =SUM(BA17:BD17) -> 0 | BE17: =SUM(E17,G17,I17,K17,M17,O17,Q17,S17,U17,W17,Y17,AA17,AJ17,AW17,AY17) -> 0 | BF17: =SUM(F17,H17,J17,L17,N17,P17,R17,T17,V17,X17,Z17,AB17,AK17,AX17,AZ17) -> 0
A18: 10 | AA18: =SUM(AF18,AH18) -> 0 | AB18: =SUM(AC18:AE18) -> 0 | AG18: =AC18*$AF$5 -> 0 | AI18: =AC18*$AH$5 -> 0 | AJ18: =SUM(AL18:AV18) -> 0 | AY18: =SUM(BA18:BD18) -> 0 | BE18: =SUM(E18,G18,I18,K18,M18,O18,Q18,S18,U18,W18,Y18,AA18,AJ18,AW18,AY18) -> 0 | BF18: =SUM(F18,H18,J18,L18,N18,P18,R18,T18,V18,X18,Z18,AB18,AK18,AX18,AZ18) -> 0
A19: 11 | AA19: =SUM(AF19,AH19) -> 0 | AB19: =SUM(AC19:AE19) -> 0 | AG19: =AC19*$AF$5 -> 0 | AI19: =AC19*$AH$5 -> 0 | AJ19: =SUM(AL19:AV19) -> 0 | AY19: =SUM(BA19:BD19) -> 0 | BE19: =SUM(E19,G19,I19,K19,M19,O19,Q19,S19,U19,W19,Y19,AA19,AJ19,AW19,AY19) -> 0 | BF19: =SUM(F19,H19,J19,L19,N19,P19,R19,T19,V19,X19,Z19,AB19,AK19,AX19,AZ19) -> 0
A20: 12 | AA20: =SUM(AF20,AH20) -> 0 | AB20: =SUM(AC20:AE20) -> 0 | AG20: =AC20*$AF$5 -> 0 | AI20: =AC20*$AH$5 -> 0 | AJ20: =SUM(AL20:AV20) -> 0 | AY20: =SUM(BA20:BD20) -> 0 | BE20: =SUM(E20,G20,I20,K20,M20,O20,Q20,S20,U20,W20,Y20,AA20,AJ20,AW20,AY20) -> 0 | BF20: =SUM(F20,H20,J20,L20,N20,P20,R20,T20,V20,X20,Z20,AB20,AK20,AX20,AZ20) -> 0
A21: 13 | AA21: =SUM(AF21,AH21) -> 0 | AB21: =SUM(AC21:AE21) -> 0 | AG21: =AC21*$AF$5 -> 0 | AI21: =AC21*$AH$5 -> 0 | AJ21: =SUM(AL21:AV21) -> 0 | AY21: =SUM(BA21:BD21) -> 0 | BE21: =SUM(E21,G21,I21,K21,M21,O21,Q21,S21,U21,W21,Y21,AA21,AJ21,AW21,AY21) -> 0 | BF21: =SUM(F21,H21,J21,L21,N21,P21,R21,T21,V21,X21,Z21,AB21,AK21,AX21,AZ21) -> 0
A22: 14 | AA22: =SUM(AF22,AH22) -> 0 | AB22: =SUM(AC22:AE22) -> 0 | AG22: =AC22*$AF$5 -> 0 | AI22: =AC22*$AH$5 -> 0 | AJ22: =SUM(AL22:AV22) -> 0 | AY22: =SUM(BA22:BD22) -> 0 | BE22: =SUM(E22,G22,I22,K22,M22,O22,Q22,S22,U22,W22,Y22,AA22,AJ22,AW22,AY22) -> 0 | BF22: =SUM(F22,H22,J22,L22,N22,P22,R22,T22,V22,X22,Z22,AB22,AK22,AX22,AZ22) -> 0
C23: Обороты | D23: =SUM(D8:D22) -> 456.94 | E23: =SUM(E8:E22) -> 0 | F23: =SUM(F8:F22) -> 0 | G23: =SUM(G8:G22) -> 0 | H23: =SUM(H8:H22) -> 0 | I23: =SUM(I8:I22) -> 0 | J23: =SUM(J8:J22) -> 0 | K23: =SUM(K8:K22) -> 0 | ... BH23: =SUM(BH8:BH22) -> 0
C24: Сальдо на 01.11.2021г. | E24: =IF((SUM(E$7,E$23)-(SUM(F$7,F$23))<0),0)+IF((SUM(E$7,E$23)-(SUM(F$7,F$23))>0),(SUM(E$7,E$23)-(SUM(F$7,F$23)))) -> 0 | F24: =IF((SUM(F$7,F$23)-(SUM(E$7,E$23))<0),0)+IF((SUM(F$7,F$23)-(SUM(E$7,E$23))>0),(SUM(F$7,F$23)-(SUM(E$7,E$23)))) -> 0 | G24: =IF((SUM(G$7,G$23)-(SUM(H$7,H$23))<0),0)+IF((SUM(G$7,G$23)-(SUM(H$7,H$23))>0),(SUM(G$7,G$23)-(SUM(H$7,H$23)))) -> 0 | H24: =IF((SUM(H$7,H$23)-(SUM(G$7,G$23))<0),0)+IF((SUM(H$7,H$23)-(SUM(G$7,G$23))>0),(SUM(H$7,H$23)-(SUM(G$7,G$23)))) -> 0 | I24: =IF((SUM(I$7,I$23)-(SUM(J$7,J$23))<0),0)+IF((SUM(I$7,I$23)-(SUM(J$7,J$23))>0),(SUM(I$7,I$23)-(SUM(J$7,J$23)))) -> 0 | J24: =IF((SUM(J$7,J$23)-(SUM(I$7,I$23))<0),0)+IF((SUM(J$7,J$23)-(SUM(I$7,I$23))>0),(SUM(J$7,J$23)-(SUM(I$7,I$23)))) -> 0 | K24: =IF((SUM(K$7,K$23)-(SUM(L$7,L$23))<0),0)+IF((SUM(K$7,K$23)-(SUM(L$7,L$23))>0),(SUM(K$7,K$23)-(SUM(L$7,L$23)))) -> 0 | L24: =IF((SUM(L$7,L$23)-(SUM(K$7,K$23))<0),0)+IF((SUM(L$7,L$23)-(SUM(K$7,K$23))>0),(SUM(L$7,L$23)-(SUM(K$7,K$23)))) -> 0 | M24: =IF((SUM(M$7,M$23)-(SUM(N$7,N$23))<0),0)+IF((SUM(M$7,M$23)-(SUM(N$7,N$23))>0),(SUM(M$7,M$23)-(SUM(N$7,N$23)))) -> 1937.81 | N24: =IF((SUM(N$7,N$23)-(SUM(M$7,M$23))<0),0)+IF((SUM(N$7,N$23)-(SUM(M$7,M$23))>0),(SUM(N$7,N$23)-(SUM(M$7,M$23)))) -> 0 | O24: =IF((SUM(O$7,O$23)-(SUM(P$7,P$23))<0),0)+IF((SUM(O$7,O$23)-(SUM(P$7,P$23))>0),(SUM(O$7,O$23)-(SUM(P$7,P$23)))) -> 0 | P24: =IF((SUM(P$7,P$23)-(SUM(O$7,O$23))<0),0)+IF((SUM(P$7,P$23)-(SUM(O$7,O$23))>0),(SUM(P$7,P$23)-(SUM(O$7,O$23)))) -> 0 | Q24: =IF((SUM(Q$7,Q$23)-(SUM(R$7,R$23))<0),0)+IF((SUM(Q$7,Q$23)-(SUM(R$7,R$23))>0),(SUM(Q$7,Q$23)-(SUM(R$7,R$23)))) -> 0 | R24: =IF((SUM(R$7,R$23)-(SUM(Q$7,Q$23))<0),0)+IF((SUM(R$7,R$23)-(SUM(Q$7,Q$23))>0),(SUM(R$7,R$23)-(SUM(Q$7,Q$23)))) -> 0 | S24: =IF((SUM(S$7,S$23)-(SUM(T$7,T$23))<0),0)+IF((SUM(S$7,S$23)-(SUM(T$7,T$23))>0),(SUM(S$7,S$23)-(SUM(T$7,T$23)))) -> 0 | T24: =IF((SUM(T$7,T$23)-(SUM(S$7,S$23))<0),0)+IF((SUM(T$7,T$23)-(SUM(S$7,S$23))>0),(SUM(T$7,T$23)-(SUM(S$7,S$23)))) -> 0 | U24: =IF((SUM(U$7,U$23)-(SUM(V$7,V$23))<0),0)+IF((SUM(U$7,U$23)-(SUM(V$7,V$23))>0),(SUM(U$7,U$23)-(SUM(V$7,V$23)))) -> 0 | V24: =IF((SUM(V$7,V$23)-(SUM(U$7,U$23))<0),0)+IF((SUM(V$7,V$23)-(SUM(U$7,U$23))>0),(SUM(V$7,V$23)-(SUM(U$7,U$23)))) -> 0 | W24: =IF((SUM(W$7,W$23)-(SUM(X$7,X$23))<0),0)+IF((SUM(W$7,W$23)-(SUM(X$7,X$23))>0),(SUM(W$7,W$23)-(SUM(X$7,X$23)))) -> 0 | X24: =IF((SUM(X$7,X$23)-(SUM(W$7,W$23))<0),0)+IF((SUM(X$7,X$23)-(SUM(W$7,W$23))>0),(SUM(X$7,X$23)-(SUM(W$7,W$23)))) -> 0 | Y24: =IF((SUM(Y$7,Y$23)-(SUM(Z$7,Z$23))<0),0)+IF((SUM(Y$7,Y$23)-(SUM(Z$7,Z$23))>0),(SUM(Y$7,Y$23)-(SUM(Z$7,Z$23)))) -> 0 | Z24: =IF((SUM(Z$7,Z$23)-(SUM(Y$7,Y$23))<0),0)+IF((SUM(Z$7,Z$23)-(SUM(Y$7,Y$23))>0),(SUM(Z$7,Z$23)-(SUM(Y$7,Y$23)))) -> 0 | AA24: =IF((SUM(AA$7,AA$23)-(SUM(AB$7,AB$23))<0),0)+IF((SUM(AA$7,AA$23)-(SUM(AB$7,AB$23))>0),(SUM(AA$7,AA$23)-(SUM(AB$7,AB$23)))) -> 0 | AB24: =IF((SUM(AB$7,AB$23)-(SUM(AA$7,AA$23))<0),0)+IF((SUM(AB$7,AB$23)-(SUM(AA$7,AA$23))>0),(SUM(AB$7,AB$23)-(SUM(AA$7,AA$23)))) -> 1937.81 | AC24: =AC7+AC23 -> 4103.24 | AD24: =AD7+AD23 -> 5.65 | AE24: =AE7+AE23 -> 0 | AF24: =IF((SUM(AF$7,AF$23)-(SUM(AG$7,AG$23))<0),0)+IF((SUM(AF$7,AF$23)-(SUM(AG$7,AG$23))>0),(SUM(AF$7,AF$23)-(SUM(AG$7,AG$23)))) -> 1315.608 | AG24: =IF((SUM(AG$7,AG$23)-(SUM(AF$7,AF$23))<0),0)+IF((SUM(AG$7,AG$23)-(SUM(AF$7,AF$23))>0),(SUM(AG$7,AG$23)-(SUM(AF$7,AF$23)))) -> 0 | AH24: =IF((SUM(AH$7,AH$23)-(SUM(AI$7,AI$23))<0),0)+IF((SUM(AH$7,AH$23)-(SUM(AI$7,AI$23))>0),(SUM(AH$7,AH$23)-(SUM(AI$7,AI$23)))) -> 2063.242 | AI24: =IF((SUM(AI$7,AI$23)-(SUM(AH$7,AH$23))<0),0)+IF((SUM(AI$7,AI$23)-(SUM(AH$7,AH$23))>0),(SUM(AI$7,AI$23)-(SUM(AH$7,AH$23)))) -> 0 | AJ24: =IF((SUM(AJ$7,AJ$23)-(SUM(AK$7,AK$23))<0),0)+IF((SUM(AJ$7,AJ$23)-(SUM(AK$7,AK$23))>0),(SUM(AJ$7,AJ$23)-(SUM(AK$7,AK$23)))) -> 0 | AK24: =IF((SUM(AK$7,AK$23)-(SUM(AJ$7,AJ$23))<0),0)+IF((SUM(AK$7,AK$23)-(SUM(AJ$7,AJ$23))>0),(SUM(AK$7,AK$23)-(SUM(AJ$7,AJ$23)))) -> 0 | AL24: =AL7+AL23 -> 1328 | AM24: =AM7+AM23 -> 0 | AN24: =AN7+AN23 -> 0 | AO24: =AO7+AO23 -> 0 | AP24: =AP7+AP23 -> 0 | AQ24: =AQ7+AQ23 -> 1955 | AR24: =AR7+AR23 -> 0 | AS24: =AS7+AS23 -> 50.5 | ... AV24: =AV7+AV23 -> 165.31 | AW24: =IF((SUM(AW$7,AW$23)-(SUM(AX$7,AX$23))<0),0)+IF((SUM(AW$7,AW$23)-(SUM(AX$7,AX$23))>0),(SUM(AW$7,AW$23)-(SUM(AX$7,AX$23)))) -> 0 | AX24: =IF((SUM(AX$7,AX$23)-(SUM(AW$7,AW$23))<0),0)+IF((SUM(AX$7,AX$23)-(SUM(AW$7,AW$23))>0),(SUM(AX$7,AX$23)-(SUM(AW$7,AW$23)))) -> 0 | AY24: =IF((SUM(AY$7,AY$23)-(SUM(AZ$7,AZ$23))<0),0)+IF((SUM(AY$7,AY$23)-(SUM(AZ$7,AZ$23))>0),(SUM(AY$7,AY$23)-(SUM(AZ$7,AZ$23)))) -> 0 | AZ24: =IF((SUM(AZ$7,AZ$23)-(SUM(AY$7,AY$23))<0),0)+IF((SUM(AZ$7,AZ$23)-(SUM(AY$7,AY$23))>0),(SUM(AZ$7,AZ$23)-(SUM(AY$7,AY$23)))) -> 0 | BA24: =BA7+BA23 -> 0 | BB24: =BB7+BB23 -> 0 | BC24: =BC7+BC23 -> 0 | BD24: =BD7+BD23 -> 0 | BE24: =SUM(E24,G24,I24,K24,M24,O24,Q24,S24,U24,W24,Y24,AA24,AJ24,AW24,AY24) -> 1937.81 | BF24: =SUM(F24,H24,J24,L24,N24,P24,R24,T24,V24,X24,Z24,AB24,AK24,AX24,AZ24) -> 1937.81 | BG24: =BG7-BG23 -> 0 | BH24: =BH7-BH23 -> 0
BF26: =BF24-BE24 -> 0

Sheet ноябрь
B1: за | C1: ноябрь | D1: 2021 года
A3: № п/п | B3: Число, месяц | C3: Краткое содержание операции или номер документа | D3: Сумма | E3: Счет 01 | G3: Счет 02 | I3: Счет 10 | K3: Счет 50 | M3: Счет 51 | O3: Счет 55 | Q3: Счет 60 | S3: Счет 68 | U3: Счет 71 | W3: Счет 76 | Y3: Счет 79 | AA3: Счет 86/01 | AC3: Расшифровка счета 86/01 | AF3: счет 86/01 Расшифровка счета | AJ3: Счет 26/01 | AL3: Расшифровка счета 26/01 | AW3: Счет 86/02 | AY3: Счет 26/02 | BA3: Расшифровка счета 26/02 | BE3: Контрольные суммы | BG3: Забалансовый счет 006
E4: Основные средства | G4: Амортизация осн.средств | I4: Материалы | K4: Касса | M4: Текущий расчетный счет | O4: Специальные счета в банках (депозитный) | Q4: Расчеты с поставщиками и подрядчиками | S4: Расчеты по налогам и сборам | U4: Расчеты с подотчетными лицами | W4: Расчеты с разными дебиторами и кредиторами | Y4: Внутрихозяйственные расчеты | AA4: Общехозяйственные доходы | AC4: Отчисления от членских профвзносов | AD4: % банка | AE4: % банка по депозиту | AF4: фонд помощи | AH4: другие статьи не включенные в фонд | AJ4: Общехозяйственные расходы | AL4: Материальная помощь членам профсоюза | AM4: Детское оздоровление | AN4: Благотворительная помощь | AO4: Обучение профсоюзного актива | AP4: Туристическо-экскурсионная деятельность, в т.ч. Услуги ТЭУП "Беларустурист" | AQ4: Культурно-массовая работа | AR4: Спортивная и культурно-массовая работа | AS4: Информационная работа, в т.ч.подписка на "Беларускi час" | AT4: Вознаграждение профсоюзному активу за выполнение общественной нагрузки | AU4: Расходы на целевые мероприятия (в районе, городе, области) | AV4: Прочие расходы, в т.ч.комиссионное вознаграждение банку | AW4: Общехозяйственные доходы (Целевые поступления по коллективным договорам) | AY4: Общехозяйственные расходы | BA4: Туристическо-экскурсионная деятельность, в т.ч. Услуги ТЭУП "Беларустурист" | BB4: =октябрь!BB4 -> матпомощь (страховка) | BC4: Культурно-массовая работа | BD4: Спортивная работа
E6: дебет | F6: кредит | G6: дебет | H6: кредит | I6: дебет | J6: кредит | K6: дебет | L6: кредит | M6: дебет | N6: кредит | O6: дебет | P6: кредит | Q6: дебет | R6: кредит | S6: дебет | T6: кредит | U6: дебет | V6: кредит | W6: дебет | X6: кредит | Y6: дебет | Z6: кредит | AA6: дебет | AB6: кредит | AF6: дебет | AG6: кредит | AH6: дебет | AI6: кредит | AJ6: дебет | AK6: кредит | AL6: фонд помощи | AO6: другие статьи не включенные в фонд | AW6: дебет | AX6: кредит | AY6: дебет | AZ6: кредит | BE6: дебет | BF6: кредит | BG6: кол-во | BH6: сумма
C7: Сальдо на 01.11.2021г. | E7: =октябрь!E24 -> 0 | F7: =октябрь!F24 -> 0 | G7: =октябрь!G24 -> 0 | H7: =октябрь!H24 -> 0 | I7: =октябрь!I24 -> 0 | J7: =октябрь!J24 -> 0 | K7: =октябрь!K24 -> 0 | L7: =октябрь!L24 -> 0 | ... BH7: =октябрь!BH24 -> 0
A8: 1 | B8: 44501 | C8: Поступили членские взносы от нанимателя | D8: 4.78 | M8: 4.78 | AA8: =SUM(AF8,AH8) -> 0 | AB8: =SUM(AC8:AE8) -> 4.78 | AC8: 4.78 | AG8: =AC8*$AF$5 -> 0 | AI8: =AC8*$AH$5 -> 0 | AJ8: =SUM(AL8:AV8) -> 0 | AY8: =SUM(BA8:BD8) -> 0 | BE8: =SUM(E8,G8,I8,K8,M8,O8,Q8,S8,U8,W8,Y8,AA8,AJ8,AW8,AY8) -> 4.78 | BF8: =SUM(F8,H8,J8,L8,N8,P8,R8,T8,V8,X8,Z8,AB8,AK8,AX8,AZ8) -> 4.78
A9: 2 | B9: 44503 | C9: Начислены % банка | D9: 11.7 | N9: 11.7 | AA9: =SUM(AF9,AH9) -> 0 | AB9: =SUM(AC9:AE9) -> 0 | AG9: =AC9*$AF$5 -> 0 | AI9: =AC9*$AH$5 -> 0 | AJ9: =SUM(AL9:AV9) -> 11.7 | AV9: 11.7 | AY9: =SUM(BA9:BD9) -> 0 | BE9: =SUM(E9,G9,I9,K9,M9,O9,Q9,S9,U9,W9,Y9,AA9,AJ9,AW9,AY9) -> 11.7 | BF9: =SUM(F9,H9,J9,L9,N9,P9,R9,T9,V9,X9,Z9,AB9,AK9,AX9,AZ9) -> 11.7
A10: 3 | B10: 44503 | C10: Поступили членские взносы от нанимателя | D10: 455.62 | M10: 455.62 | AA10: =SUM(AF10,AH10) -> 0 | AB10: =SUM(AC10:AE10) -> 455.62 | AC10: 455.62 | AG10: =AC10*$AF$5 -> 0 | AI10: =AC10*$AH$5 -> 0 | AJ10: =SUM(AL10:AV10) -> 0 | AY10: =SUM(BA10:BD10) -> 0 | BE10: =SUM(E10,G10,I10,K10,M10,O10,Q10,S10,U10,W10,Y10,AA10,AJ10,AW10,AY10) -> 455.62 | BF10: =SUM(F10,H10,J10,L10,N10,P10,R10,T10,V10,X10,Z10,AB10,AK10,AX10,AZ10) -> 455.62
A11: 4 | B11: 44510 | C11: Начислены % банка | D11: 4.5 | N11: 4.5 | AA11: =SUM(AF11,AH11) -> 0 | AB11: =SUM(AC11:AE11) -> 0 | AG11: =AC11*$AF$5 -> 0 | AI11: =AC11*$AH$5 -> 0 | AJ11: =SUM(AL11:AV11) -> 4.5 | AV11: 4.5 | AY11: =SUM(BA11:BD11) -> 0 | BE11: =SUM(E11,G11,I11,K11,M11,O11,Q11,S11,U11,W11,Y11,AA11,AJ11,AW11,AY11) -> 4.5 | BF11: =SUM(F11,H11,J11,L11,N11,P11,R11,T11,V11,X11,Z11,AB11,AK11,AX11,AZ11) -> 4.5
A12: 5 | B12: 44510 | C12: Материальная помощь | D12: 225 | N12: 225 | AA12: =SUM(AF12,AH12) -> 0 | AB12: =SUM(AC12:AE12) -> 0 | AG12: =AC12*$AF$5 -> 0 | AI12: =AC12*$AH$5 -> 0 | AJ12: =SUM(AL12:AV12) -> 225 | AL12: 225 | AY12: =SUM(BA12:BD12) -> 0 | BE12: =SUM(E12,G12,I12,K12,M12,O12,Q12,S12,U12,W12,Y12,AA12,AJ12,AW12,AY12) -> 225 | BF12: =SUM(F12,H12,J12,L12,N12,P12,R12,T12,V12,X12,Z12,AB12,AK12,AX12,AZ12) -> 225
A13: 6 | B13: 44530 | C13: Начислены % банка | D13: 0.92 | M13: 0.92 | AA13: =SUM(AF13,AH13) -> 0 | AB13: =SUM(AC13:AE13) -> 0.92 | AD13: 0.92 | AG13: =AC13*$AF$5 -> 0 | AI13: =AC13*$AH$5 -> 0 | AJ13: =SUM(AL13:AV13) -> 0 | AY13: =SUM(BA13:BD13) -> 0 | BE13: =SUM(E13,G13,I13,K13,M13,O13,Q13,S13,U13,W13,Y13,AA13,AJ13,AW13,AY13) -> 0.92 | BF13: =SUM(F13,H13,J13,L13,N13,P13,R13,T13,V13,X13,Z13,AB13,AK13,AX13,AZ13) -> 0.92
A14: 7 | B14: 44530 | C14: Закрытие месяца | D14: 241.2 | AA14: =SUM(AF14,AH14) -> 241.2 | AB14: =SUM(AC14:AE14) -> 0 | AF14: 225 | AG14: =AC14*$AF$5 -> 0 | AH14: 16.2 | AI14: =AC14*$AH$5 -> 0 | AJ14: =SUM(AL14:AV14) -> 0 | AK14: 241.2 | AY14: =SUM(BA14:BD14) -> 0 | BE14: =SUM(E14,G14,I14,K14,M14,O14,Q14,S14,U14,W14,Y14,AA14,AJ14,AW14,AY14) -> 241.2 | BF14: =SUM(F14,H14,J14,L14,N14,P14,R14,T14,V14,X14,Z14,AB14,AK14,AX14,AZ14) -> 241.2
A15: 8 | AA15: =SUM(AF15,AH15) -> 0 | AB15: =SUM(AC15:AE15) -> 0 | AG15: =AC15*$AF$5 -> 0 | AI15: =AC15*$AH$5 -> 0 | AJ15: =SUM(AL15:AV15) -> 0 | AY15: =SUM(BA15:BD15) -> 0 | BE15: =SUM(E15,G15,I15,K15,M15,O15,Q15,S15,U15,W15,Y15,AA15,AJ15,AW15,AY15) -> 0 | BF15: =SUM(F15,H15,J15,L15,N15,P15,R15,T15,V15,X15,Z15,AB15,AK15,AX15,AZ15) -> 0
A16: 9 | AA16: =SUM(AF16,AH16) -> 0 | AB16: =SUM(AC16:AE16) -> 0 | AG16: =AC16*$AF$5 -> 0 | AI16: =AC16*$AH$5 -> 0 | AJ16: =SUM(AL16:AV16) -> 0 | AY16: =SUM(BA16:BD16) -> 0 | BE16: =SUM(E16,G16,I16,K16,M16,O16,Q16,S16,U16,W16,Y16,AA16,AJ16,AW16,AY16) -> 0 | BF16: =SUM(F16,H16,J16,L16,N16,P16,R16,T16,V16,X16,Z16,AB16,AK16,AX16,AZ16) -> 0
A17: 10 | AA17: =SUM(AF17,AH17) -> 0 | AB17: =SUM(AC17:AE17) -> 0 | AG17: =AC17*$AF$5 -> 0 | AI17: =AC17*$AH$5 -> 0 | AJ17: =SUM(AL17:AV17) -> 0 | AY17: =SUM(BA17:BD17) -> 0 | BE17: =SUM(E17,G17,I17,K17,M17,O17,Q17,S17,U17,W17,Y17,AA17,AJ17,AW17,AY17) -> 0 | BF17: =SUM(F17,H17,J17,L17,N17,P17,R17,T17,V17,X17,Z17,AB17,AK17,AX17,AZ17) -> 0
A18: 11 | AA18: =SUM(AF18,AH18) -> 0 | AB18: =SUM(AC18:AE18) -> 0 | AG18: =AC18*$AF$5 -> 0 | AI18: =AC18*$AH$5 -> 0 | AJ18: =SUM(AL18:AV18) -> 0 | AY18: =SUM(BA18:BD18) -> 0 | BE18: =SUM(E18,G18,I18,K18,M18,O18,Q18,S18,U18,W18,Y18,AA18,AJ18,AW18,AY18) -> 0 | BF18: =SUM(F18,H18,J18,L18,N18,P18,R18,T18,V18,X18,Z18,AB18,AK18,AX18,AZ18) -> 0
A19: 12 | AA19: =SUM(AF19,AH19) -> 0 | AB19: =SUM(AC19:AE19) -> 0 | AG19: =AC19*$AF$5 -> 0 | AI19: =AC19*$AH$5 -> 0 | AJ19: =SUM(AL19:AV19) -> 0 | AY19: =SUM(BA19:BD19) -> 0 | BE19: =SUM(E19,G19,I19,K19,M19,O19,Q19,S19,U19,W19,Y19,AA19,AJ19,AW19,AY19) -> 0 | BF19: =SUM(F19,H19,J19,L19,N19,P19,R19,T19,V19,X19,Z19,AB19,AK19,AX19,AZ19) -> 0
A20: 13 | AA20: =SUM(AF20,AH20) -> 0 | AB20: =SUM(AC20:AE20) -> 0 | AG20: =AC20*$AF$5 -> 0 | AI20: =AC20*$AH$5 -> 0 | AJ20: =SUM(AL20:AV20) -> 0 | AY20: =SUM(BA20:BD20) -> 0 | BE20: =SUM(E20,G20,I20,K20,M20,O20,Q20,S20,U20,W20,Y20,AA20,AJ20,AW20,AY20) -> 0 | BF20: =SUM(F20,H20,J20,L20,N20,P20,R20,T20,V20,X20,Z20,AB20,AK20,AX20,AZ20) -> 0
A21: 14 | AA21: =SUM(AF21,AH21) -> 0 | AB21: =SUM(AC21:AE21) -> 0 | AG21: =AC21*$AF$5 -> 0 | AI21: =AC21*$AH$5 -> 0 | AJ21: =SUM(AL21:AV21) -> 0 | AY21: =SUM(BA21:BD21) -> 0 | BE21: =SUM(E21,G21,I21,K21,M21,O21,Q21,S21,U21,W21,Y21,AA21,AJ21,AW21,AY21) -> 0 | BF21: =SUM(F21,H21,J21,L21,N21,P21,R21,T21,V21,X21,Z21,AB21,AK21,AX21,AZ21) -> 0
A22: 15 | AA22: =SUM(AF22,AH22) -> 0 | AB22: =SUM(AC22:AE22) -> 0 | AG22: =AC22*$AF$5 -> 0 | AI22: =AC22*$AH$5 -> 0 | AJ22: =SUM(AL22:AV22) -> 0 | AY22: =SUM(BA22:BD22) -> 0 | BE22: =SUM(E22,G22,I22,K22,M22,O22,Q22,S22,U22,W22,Y22,AA22,AJ22,AW22,AY22) -> 0 | BF22: =SUM(F22,H22,J22,L22,N22,P22,R22,T22,V22,X22,Z22,AB22,AK22,AX22,AZ22) -> 0
C23: Обороты | D23: =SUM(D8:D22) -> 943.72 | E23: =SUM(E8:E22) -> 0 | F23: =SUM(F8:F22) -> 0 | G23: =SUM(G8:G22) -> 0 | H23: =SUM(H8:H22) -> 0 | I23: =SUM(I8:I22) -> 0 | J23: =SUM(J8:J22) -> 0 | K23: =SUM(K8:K22) -> 0 | ... BH23: =SUM(BH8:BH22) -> 0
C24: Сальдо на 01.12.2021г. | E24: =IF((SUM(E$7,E$23)-(SUM(F$7,F$23))<0),0)+IF((SUM(E$7,E$23)-(SUM(F$7,F$23))>0),(SUM(E$7,E$23)-(SUM(F$7,F$23)))) -> 0 | F24: =IF((SUM(F$7,F$23)-(SUM(E$7,E$23))<0),0)+IF((SUM(F$7,F$23)-(SUM(E$7,E$23))>0),(SUM(F$7,F$23)-(SUM(E$7,E$23)))) -> 0 | G24: =IF((SUM(G$7,G$23)-(SUM(H$7,H$23))<0),0)+IF((SUM(G$7,G$23)-(SUM(H$7,H$23))>0),(SUM(G$7,G$23)-(SUM(H$7,H$23)))) -> 0 | H24: =IF((SUM(H$7,H$23)-(SUM(G$7,G$23))<0),0)+IF((SUM(H$7,H$23)-(SUM(G$7,G$23))>0),(SUM(H$7,H$23)-(SUM(G$7,G$23)))) -> 0 | I24: =IF((SUM(I$7,I$23)-(SUM(J$7,J$23))<0),0)+IF((SUM(I$7,I$23)-(SUM(J$7,J$23))>0),(SUM(I$7,I$23)-(SUM(J$7,J$23)))) -> 0 | J24: =IF((SUM(J$7,J$23)-(SUM(I$7,I$23))<0),0)+IF((SUM(J$7,J$23)-(SUM(I$7,I$23))>0),(SUM(J$7,J$23)-(SUM(I$7,I$23)))) -> 0 | K24: =IF((SUM(K$7,K$23)-(SUM(L$7,L$23))<0),0)+IF((SUM(K$7,K$23)-(SUM(L$7,L$23))>0),(SUM(K$7,K$23)-(SUM(L$7,L$23)))) -> 0 | L24: =IF((SUM(L$7,L$23)-(SUM(K$7,K$23))<0),0)+IF((SUM(L$7,L$23)-(SUM(K$7,K$23))>0),(SUM(L$7,L$23)-(SUM(K$7,K$23)))) -> 0 | M24: =IF((SUM(M$7,M$23)-(SUM(N$7,N$23))<0),0)+IF((SUM(M$7,M$23)-(SUM(N$7,N$23))>0),(SUM(M$7,M$23)-(SUM(N$7,N$23)))) -> 2157.93 | N24: =IF((SUM(N$7,N$23)-(SUM(M$7,M$23))<0),0)+IF((SUM(N$7,N$23)-(SUM(M$7,M$23))>0),(SUM(N$7,N$23)-(SUM(M$7,M$23)))) -> 0 | O24: =IF((SUM(O$7,O$23)-(SUM(P$7,P$23))<0),0)+IF((SUM(O$7,O$23)-(SUM(P$7,P$23))>0),(SUM(O$7,O$23)-(SUM(P$7,P$23)))) -> 0 | P24: =IF((SUM(P$7,P$23)-(SUM(O$7,O$23))<0),0)+IF((SUM(P$7,P$23)-(SUM(O$7,O$23))>0),(SUM(P$7,P$23)-(SUM(O$7,O$23)))) -> 0 | Q24: =IF((SUM(Q$7,Q$23)-(SUM(R$7,R$23))<0),0)+IF((SUM(Q$7,Q$23)-(SUM(R$7,R$23))>0),(SUM(Q$7,Q$23)-(SUM(R$7,R$23)))) -> 0 | R24: =IF((SUM(R$7,R$23)-(SUM(Q$7,Q$23))<0),0)+IF((SUM(R$7,R$23)-(SUM(Q$7,Q$23))>0),(SUM(R$7,R$23)-(SUM(Q$7,Q$23)))) -> 0 | S24: =IF((SUM(S$7,S$23)-(SUM(T$7,T$23))<0),0)+IF((SUM(S$7,S$23)-(SUM(T$7,T$23))>0),(SUM(S$7,S$23)-(SUM(T$7,T$23)))) -> 0 | T24: =IF((SUM(T$7,T$23)-(SUM(S$7,S$23))<0),0)+IF((SUM(T$7,T$23)-(SUM(S$7,S$23))>0),(SUM(T$7,T$23)-(SUM(S$7,S$23)))) -> 0 | U24: =IF((SUM(U$7,U$23)-(SUM(V$7,V$23))<0),0)+IF((SUM(U$7,U$23)-(SUM(V$7,V$23))>0),(SUM(U$7,U$23)-(SUM(V$7,V$23)))) -> 0 | V24: =IF((SUM(V$7,V$23)-(SUM(U$7,U$23))<0),0)+IF((SUM(V$7,V$23)-(SUM(U$7,U$23))>0),(SUM(V$7,V$23)-(SUM(U$7,U$23)))) -> 0 | W24: =IF((SUM(W$7,W$23)-(SUM(X$7,X$23))<0),0)+IF((SUM(W$7,W$23)-(SUM(X$7,X$23))>0),(SUM(W$7,W$23)-(SUM(X$7,X$23)))) -> 0 | X24: =IF((SUM(X$7,X$23)-(SUM(W$7,W$23))<0),0)+IF((SUM(X$7,X$23)-(SUM(W$7,W$23))>0),(SUM(X$7,X$23)-(SUM(W$7,W$23)))) -> 0 | Y24: =IF((SUM(Y$7,Y$23)-(SUM(Z$7,Z$23))<0),0)+IF((SUM(Y$7,Y$23)-(SUM(Z$7,Z$23))>0),(SUM(Y$7,Y$23)-(SUM(Z$7,Z$23)))) -> 0 | Z24: =IF((SUM(Z$7,Z$23)-(SUM(Y$7,Y$23))<0),0)+IF((SUM(Z$7,Z$23)-(SUM(Y$7,Y$23))>0),(SUM(Z$7,Z$23)-(SUM(Y$7,Y$23)))) -> 0 | AA24: =IF((SUM(AA$7,AA$23)-(SUM(AB$7,AB$23))<0),0)+IF((SUM(AA$7,AA$23)-(SUM(AB$7,AB$23))>0),(SUM(AA$7,AA$23)-(SUM(AB$7,AB$23)))) -> 0 | AB24: =IF((SUM(AB$7,AB$23)-(SUM(AA$7,AA$23))<0),0)+IF((SUM(AB$7,AB$23)-(SUM(AA$7,AA$23))>0),(SUM(AB$7,AB$23)-(SUM(AA$7,AA$23)))) -> 2157.93 | AC24: =AC7+AC23 -> 4563.64 | AD24: =AD7+AD23 -> 6.57 | AE24: =AE7+AE23 -> 0 | AF24: =IF((SUM(AF$7,AF$23)-(SUM(AG$7,AG$23))<0),0)+IF((SUM(AF$7,AF$23)-(SUM(AG$7,AG$23))>0),(SUM(AF$7,AF$23)-(SUM(AG$7,AG$23)))) -> 1540.608 | AG24: =IF((SUM(AG$7,AG$23)-(SUM(AF$7,AF$23))<0),0)+IF((SUM(AG$7,AG$23)-(SUM(AF$7,AF$23))>0),(SUM(AG$7,AG$23)-(SUM(AF$7,AF$23)))) -> 0 | AH24: =IF((SUM(AH$7,AH$23)-(SUM(AI$7,AI$23))<0),0)+IF((SUM(AH$7,AH$23)-(SUM(AI$7,AI$23))>0),(SUM(AH$7,AH$23)-(SUM(AI$7,AI$23)))) -> 2079.442 | AI24: =IF((SUM(AI$7,AI$23)-(SUM(AH$7,AH$23))<0),0)+IF((SUM(AI$7,AI$23)-(SUM(AH$7,AH$23))>0),(SUM(AI$7,AI$23)-(SUM(AH$7,AH$23)))) -> 0 | AJ24: =IF((SUM(AJ$7,AJ$23)-(SUM(AK$7,AK$23))<0),0)+IF((SUM(AJ$7,AJ$23)-(SUM(AK$7,AK$23))>0),(SUM(AJ$7,AJ$23)-(SUM(AK$7,AK$23)))) -> 0 | AK24: =IF((SUM(AK$7,AK$23)-(SUM(AJ$7,AJ$23))<0),0)+IF((SUM(AK$7,AK$23)-(SUM(AJ$7,AJ$23))>0),(SUM(AK$7,AK$23)-(SUM(AJ$7,AJ$23)))) -> 0 | AL24: =AL7+AL23 -> 1553 | AM24: =AM7+AM23 -> 0 | AN24: =AN7+AN23 -> 0 | AO24: =AO7+AO23 -> 0 | AP24: =AP7+AP23 -> 0 | AQ24: =AQ7+AQ23 -> 1955 | AR24: =AR7+AR23 -> 0 | AS24: =AS7+AS23 -> 50.5 | ... AV24: =AV7+AV23 -> 181.51 | AW24: =IF((SUM(AW$7,AW$23)-(SUM(AX$7,AX$23))<0),0)+IF((SUM(AW$7,AW$23)-(SUM(AX$7,AX$23))>0),(SUM(AW$7,AW$23)-(SUM(AX$7,AX$23)))) -> 0 | AX24: =IF((SUM(AX$7,AX$23)-(SUM(AW$7,AW$23))<0),0)+IF((SUM(AX$7,AX$23)-(SUM(AW$7,AW$23))>0),(SUM(AX$7,AX$23)-(SUM(AW$7,AW$23)))) -> 0 | AY24: =IF((SUM(AY$7,AY$23)-(SUM(AZ$7,AZ$23))<0),0)+IF((SUM(AY$7,AY$23)-(SUM(AZ$7,AZ$23))>0),(SUM(AY$7,AY$23)-(SUM(AZ$7,AZ$23)))) -> 0 | AZ24: =IF((SUM(AZ$7,AZ$23)-(SUM(AY$7,AY$23))<0),0)+IF((SUM(AZ$7,AZ$23)-(SUM(AY$7,AY$23))>0),(SUM(AZ$7,AZ$23)-(SUM(AY$7,AY$23)))) -> 0 | BA24: =BA7+BA23 -> 0 | BB24: =BB7+BB23 -> 0 | BC24: =BC7+BC23 -> 0 | BD24: =BD7+BD23 -> 0 | BE24: =SUM(E24,G24,I24,K24,M24,O24,Q24,S24,U24,W24,Y24,AA24,AJ24,AW24,AY24) -> 2157.93 | BF24: =SUM(F24,H24,J24,L24,N24,P24,R24,T24,V24,X24,Z24,AB24,AK24,AX24,AZ24) -> 2157.93 | BG24: =BG7-BG23 -> 0 | BH24: =BH7-BH23 -> 0
BF26: =BF24-BE24 -> 0

Sheet декабрь
B1: за | C1: декабрь | D1: 2021года
A3: № п/п | B3: Число, месяц | C3: Краткое содержание операции или номер документа | D3: Сумма | E3: Счет 01 | G3: Счет 02 | I3: Счет 10 | K3: Счет 50 | M3: Счет 51 | O3: Счет 55 | Q3: Счет 60 | S3: Счет 68 | U3: Счет 71 | W3: Счет 76 | Y3: Счет 79 | AA3: Счет 86/01 | AC3: Расшифровка счета 86/01 | AF3: счет 86/01 Расшифровка счета | AJ3: Счет 26/01 | AL3: Расшифровка счета 26/01 | AW3: Счет 86/02 | AY3: Счет 26/02 | BA3: Расшифровка счета 26/02 | BE3: Контрольные суммы | BG3: Забалансовый счет 006
E4: Основные средства | G4: Амортизация осн.средств | I4: Материалы | K4: Касса | M4: Текущий расчетный счет | O4: Специальные счета в банках (депозитный) | Q4: Расчеты с поставщиками и подрядчиками | S4: Расчеты по налогам и сборам | U4: Расчеты с подотчетными лицами | W4: Расчеты с разными дебиторами и кредиторами | Y4: Внутрихозяйственные расчеты | AA4: Общехозяйственные доходы | AC4: Отчисления от членских профвзносов | AD4: % банка | AE4: % банка по депозиту | AF4: фонд помощи | AH4: другие статьи не включенные в фонд | AJ4: Общехозяйственные расходы | AL4: Материальная помощь членам профсоюза | AM4: Детское оздоровление | AN4: Благотворительная помощь | AO4: Обучение профсоюзного актива | AP4: Туристическо-экскурсионная деятельность, в т.ч. Услуги ТЭУП "Беларустурист" | AQ4: Культурно-массовая работа | AR4: Спортивная и культурно-массовая работа | AS4: Информационная работа, в т.ч.подписка на "Беларускi час" | AT4: Вознаграждение профсоюзному активу за выполнение общественной нагрузки | AU4: Расходы на целевые мероприятия (в районе, городе, области) | AV4: Прочие расходы, в т.ч.комиссионное вознаграждение банку | AW4: Общехозяйственные доходы (Целевые поступления по коллективным договорам) | AY4: Общехозяйственные расходы | BA4: Туристическо-экскурсионная деятельность, в т.ч. Услуги ТЭУП "Беларустурист" | BB4: =ноябрь!BB4 -> матпомощь (страховка) | BC4: Культурно-массовая работа | BD4: Спортивная работа
E6: дебет | F6: кредит | G6: дебет | H6: кредит | I6: дебет | J6: кредит | K6: дебет | L6: кредит | M6: дебет | N6: кредит | O6: дебет | P6: кредит | Q6: дебет | R6: кредит | S6: дебет | T6: кредит | U6: дебет | V6: кредит | W6: дебет | X6: кредит | Y6: дебет | Z6: кредит | AA6: дебет | AB6: кредит | AF6: дебет | AG6: кредит | AH6: дебет | AI6: кредит | AJ6: дебет | AK6: кредит | AL6: фонд помощи | AO6: другие статьи не включенные в фонд | AW6: дебет | AX6: кредит | AY6: дебет | AZ6: кредит | BE6: дебет | BF6: кредит | BG6: кол-во | BH6: сумма
C7: Сальдо на 01.12.2021г. | E7: =ноябрь!E24 -> 0 | F7: =ноябрь!F24 -> 0 | G7: =ноябрь!G24 -> 0 | H7: =ноябрь!H24 -> 0 | I7: =ноябрь!I24 -> 0 | J7: =ноябрь!J24 -> 0 | K7: =ноябрь!K24 -> 0 | L7: =ноябрь!L24 -> 0 | ... BH7: =ноябрь!BH24 -> 0
A8: 1 | B8: 44531 | C8: Начислены % банка | D8: 0.01 | M8: 0.01 | AA8: =SUM(AF8,AH8) -> 0 | AB8: =SUM(AC8:AE8) -> 0.01 | AD8: 0.01 | AG8: =AC8*$AF$5 -> 0 | AI8: =AC8*$AH$5 -> 0 | AJ8: =SUM(AL8:AV8) -> 0 | AY8: =SUM(BA8:BD8) -> 0 | BE8: =SUM(E8,G8,I8,K8,M8,O8,Q8,S8,U8,W8,Y8,AA8,AJ8,AW8,AY8) -> 0.01 | BF8: =SUM(F8,H8,J8,L8,N8,P8,R8,T8,V8,X8,Z8,AB8,AK8,AX8,AZ8) -> 0.01
A9: 2 | B9: 44531 | C9: Поступили членские взносы от нанимателя | D9: 12.55 | M9: 12.55 | AA9: =SUM(AF9,AH9) -> 0 | AB9: =SUM(AC9:AE9) -> 12.55 | AC9: 12.55 | AG9: =AC9*$AF$5 -> 0 | AI9: =AC9*$AH$5 -> 0 | AJ9: =SUM(AL9:AV9) -> 0 | AY9: =SUM(BA9:BD9) -> 0 | BE9: =SUM(E9,G9,I9,K9,M9,O9,Q9,S9,U9,W9,Y9,AA9,AJ9,AW9,AY9) -> 12.55 | BF9: =SUM(F9,H9,J9,L9,N9,P9,R9,T9,V9,X9,Z9,AB9,AK9,AX9,AZ9) -> 12.55
A10: 3 | B10: 44531 | C10: Поступили членские взносы от нанимателя | D10: 499.99 | M10: 499.99 | AA10: =SUM(AF10,AH10) -> 0 | AB10: =SUM(AC10:AE10) -> 499.99 | AC10: 499.99 | AG10: =AC10*$AF$5 -> 0 | AI10: =AC10*$AH$5 -> 0 | AJ10: =SUM(AL10:AV10) -> 0 | AY10: =SUM(BA10:BD10) -> 0 | BE10: =SUM(E10,G10,I10,K10,M10,O10,Q10,S10,U10,W10,Y10,AA10,AJ10,AW10,AY10) -> 499.99 | BF10: =SUM(F10,H10,J10,L10,N10,P10,R10,T10,V10,X10,Z10,AB10,AK10,AX10,AZ10) -> 499.99
A11: 4 | B11: 44532 | C11: Начислены % банка | D11: 11.7 | N11: 11.7 | AA11: =SUM(AF11,AH11) -> 0 | AB11: =SUM(AC11:AE11) -> 0 | AG11: =AC11*$AF$5 -> 0 | AI11: =AC11*$AH$5 -> 0 | AJ11: =SUM(AL11:AV11) -> 11.7 | AV11: 11.7 | AY11: =SUM(BA11:BD11) -> 0 | BE11: =SUM(E11,G11,I11,K11,M11,O11,Q11,S11,U11,W11,Y11,AA11,AJ11,AW11,AY11) -> 11.7 | BF11: =SUM(F11,H11,J11,L11,N11,P11,R11,T11,V11,X11,Z11,AB11,AK11,AX11,AZ11) -> 11.7
A12: 5 | B12: 44545 | C12: Поступили членские взносы от нанимателя | D12: 174.74 | M12: 174.74 | AA12: =SUM(AF12,AH12) -> 0 | AB12: =SUM(AC12:AE12) -> 174.74 | AC12: 174.74 | AG12: =AC12*$AF$5 -> 0 | AI12: =AC12*$AH$5 -> 0 | AJ12: =SUM(AL12:AV12) -> 0 | AY12: =SUM(BA12:BD12) -> 0 | BE12: =SUM(E12,G12,I12,K12,M12,O12,Q12,S12,U12,W12,Y12,AA12,AJ12,AW12,AY12) -> 174.74 | BF12: =SUM(F12,H12,J12,L12,N12,P12,R12,T12,V12,X12,Z12,AB12,AK12,AX12,AZ12) -> 174.74
A13: 6 | B13: 44551 | C13: Поступили по кол.договорам | D13: 1500 | M13: 1500 | AA13: =SUM(AF13,AH13) -> 0 | AB13: =SUM(AC13:AE13) -> 0 | AG13: =AC13*$AF$5 -> 0 | AI13: =AC13*$AH$5 -> 0 | AJ13: =SUM(AL13:AV13) -> 0 | AX13: 1500 | AY13: =SUM(BA13:BD13) -> 0 | BE13: =SUM(E13,G13,I13,K13,M13,O13,Q13,S13,U13,W13,Y13,AA13,AJ13,AW13,AY13) -> 1500 | BF13: =SUM(F13,H13,J13,L13,N13,P13,R13,T13,V13,X13,Z13,AB13,AK13,AX13,AZ13) -> 1500
A14: 7 | B14: 44553 | C14: Начислены % банка | D14: 8.12 | N14: 8.12 | AA14: =SUM(AF14,AH14) -> 0 | AB14: =SUM(AC14:AE14) -> 0 | AG14: =AC14*$AF$5 -> 0 | AI14: =AC14*$AH$5 -> 0 | AJ14: =SUM(AL14:AV14) -> 8.12 | AV14: 8.12 | AY14: =SUM(BA14:BD14) -> 0 | BE14: =SUM(E14,G14,I14,K14,M14,O14,Q14,S14,U14,W14,Y14,AA14,AJ14,AW14,AY14) -> 8.12 | BF14: =SUM(F14,H14,J14,L14,N14,P14,R14,T14,V14,X14,Z14,AB14,AK14,AX14,AZ14) -> 8.12
A15: 8 | B15: 44553 | C15: Оплата за рамки | D15: 170.5 | N15: 170.5 | AA15: =SUM(AF15,AH15) -> 0 | AB15: =SUM(AC15:AE15) -> 0 | AG15: =AC15*$AF$5 -> 0 | AI15: =AC15*$AH$5 -> 0 | AJ15: =SUM(AL15:AV15) -> 170.5 | AQ15: 170.5 | AY15: =SUM(BA15:BD15) -> 0 | BE15: =SUM(E15,G15,I15,K15,M15,O15,Q15,S15,U15,W15,Y15,AA15,AJ15,AW15,AY15) -> 170.5 | BF15: =SUM(F15,H15,J15,L15,N15,P15,R15,T15,V15,X15,Z15,AB15,AK15,AX15,AZ15) -> 170.5
A16: 9 | B16: 44553 | C16: Материальная помощь | D16: 406 | N16: 406 | AA16: =SUM(AF16,AH16) -> 0 | AB16: =SUM(AC16:AE16) -> 0 | AG16: =AC16*$AF$5 -> 0 | AI16: =AC16*$AH$5 -> 0 | AJ16: =SUM(AL16:AV16) -> 406 | AL16: 261 | AT16: 145 | AY16: =SUM(BA16:BD16) -> 0 | BE16: =SUM(E16,G16,I16,K16,M16,O16,Q16,S16,U16,W16,Y16,AA16,AJ16,AW16,AY16) -> 406 | BF16: =SUM(F16,H16,J16,L16,N16,P16,R16,T16,V16,X16,Z16,AB16,AK16,AX16,AZ16) -> 406
A17: 10 | B17: 44553 | C17: Оплата за наборы конфет | D17: 1461.89 | N17: 1461.89 | AA17: =SUM(AF17,AH17) -> 0 | AB17: =SUM(AC17:AE17) -> 0 | AG17: =AC17*$AF$5 -> 0 | AI17: =AC17*$AH$5 -> 0 | AJ17: =SUM(AL17:AV17) -> 0 | AY17: =SUM(BA17:BD17) -> 1461.89 | BC17: 1461.89 | BE17: =SUM(E17,G17,I17,K17,M17,O17,Q17,S17,U17,W17,Y17,AA17,AJ17,AW17,AY17) -> 1461.89 | BF17: =SUM(F17,H17,J17,L17,N17,P17,R17,T17,V17,X17,Z17,AB17,AK17,AX17,AZ17) -> 1461.89
A18: 11 | B18: 44557 | C18: Подиска на 1-е пол.2022 | D18: 125.64 | N18: 125.64 | AA18: =SUM(AF18,AH18) -> 0 | AB18: =SUM(AC18:AE18) -> 0 | AG18: =AC18*$AF$5 -> 0 | AI18: =AC18*$AH$5 -> 0 | AJ18: =SUM(AL18:AV18) -> 125.64 | AS18: 125.64 | AY18: =SUM(BA18:BD18) -> 0 | BE18: =SUM(E18,G18,I18,K18,M18,O18,Q18,S18,U18,W18,Y18,AA18,AJ18,AW18,AY18) -> 125.64 | BF18: =SUM(F18,H18,J18,L18,N18,P18,R18,T18,V18,X18,Z18,AB18,AK18,AX18,AZ18) -> 125.64
A19: 12 | B19: 44558 | C19: Оплата за сертификаты | D19: 700 | N19: 700 | AA19: =SUM(AF19,AH19) -> 0 | AB19: =SUM(AC19:AE19) -> 0 | AG19: =AC19*$AF$5 -> 0 | AI19: =AC19*$AH$5 -> 0 | AJ19: =SUM(AL19:AV19) -> 700 | AQ19: 700 | AY19: =SUM(BA19:BD19) -> 0 | BE19: =SUM(E19,G19,I19,K19,M19,O19,Q19,S19,U19,W19,Y19,AA19,AJ19,AW19,AY19) -> 700 | BF19: =SUM(F19,H19,J19,L19,N19,P19,R19,T19,V19,X19,Z19,AB19,AK19,AX19,AZ19) -> 700
A20: 13 | B20: 44558 | C20: Оплата за сертификаты | D20: 1040 | N20: 1040 | AA20: =SUM(AF20,AH20) -> 0 | AB20: =SUM(AC20:AE20) -> 0 | AG20: =AC20*$AF$5 -> 0 | AI20: =AC20*$AH$5 -> 0 | AJ20: =SUM(AL20:AV20) -> 1040 | AQ20: 1040 | AY20: =SUM(BA20:BD20) -> 0 | BE20: =SUM(E20,G20,I20,K20,M20,O20,Q20,S20,U20,W20,Y20,AA20,AJ20,AW20,AY20) -> 1040 | BF20: =SUM(F20,H20,J20,L20,N20,P20,R20,T20,V20,X20,Z20,AB20,AK20,AX20,AZ20) -> 1040
A21: 14 | B21: 44559 | C21: Начислены % банка | D21: 1.8 | N21: 1.8 | AA21: =SUM(AF21,AH21) -> 0 | AB21: =SUM(AC21:AE21) -> 0 | AG21: =AC21*$AF$5 -> 0 | AI21: =AC21*$AH$5 -> 0 | AJ21: =SUM(AL21:AV21) -> 1.8 | AV21: 1.8 | AY21: =SUM(BA21:BD21) -> 0 | BE21: =SUM(E21,G21,I21,K21,M21,O21,Q21,S21,U21,W21,Y21,AA21,AJ21,AW21,AY21) -> 1.8 | BF21: =SUM(F21,H21,J21,L21,N21,P21,R21,T21,V21,X21,Z21,AB21,AK21,AX21,AZ21) -> 1.8
A22: 15 | B22: 44559 | C22: Оплата за конфеты | D22: 136.5 | N22: 136.5 | AA22: =SUM(AF22,AH22) -> 0 | AB22: =SUM(AC22:AE22) -> 0 | AG22: =AC22*$AF$5 -> 0 | AI22: =AC22*$AH$5 -> 0 | AJ22: =SUM(AL22:AV22) -> 98.39 | AQ22: 98.39 | AY22: =SUM(BA22:BD22) -> 38.11 | BC22: 38.11 | BE22: =SUM(E22,G22,I22,K22,M22,O22,Q22,S22,U22,W22,Y22,AA22,AJ22,AW22,AY22) -> 136.5 | BF22: =SUM(F22,H22,J22,L22,N22,P22,R22,T22,V22,X22,Z22,AB22,AK22,AX22,AZ22) -> 136.5
A23: 16 | B23: 44560 | C23: Начислены % банка | D23: 0.9 | N23: 0.9 | AA23: =SUM(AF23,AH23) -> 0 | AB23: =SUM(AC23:AE23) -> 0 | AG23: =AC23*$AF$5 -> 0 | AI23: =AC23*$AH$5 -> 0 | AJ23: =SUM(AL23:AV23) -> 0.9 | AV23: 0.9 | AY23: =SUM(BA23:BD23) -> 0 | BE23: =SUM(E23,G23,I23,K23,M23,O23,Q23,S23,U23,W23,Y23,AA23,AJ23,AW23,AY23) -> 0.9 | BF23: =SUM(F23,H23,J23,L23,N23,P23,R23,T23,V23,X23,Z23,AB23,AK23,AX23,AZ23) -> 0.9
A24: 17 | B24: 44560 | C24: Поступили членские взносы от нанимателя | D24: 15.34 | M24: 15.34 | AA24: =SUM(AF24,AH24) -> 0 | AB24: =SUM(AC24:AE24) -> 15.34 | AC24: 15.34 | AG24: =AC24*$AF$5 -> 0 | AI24: =AC24*$AH$5 -> 0 | AJ24: =SUM(AL24:AV24) -> 0 | AY24: =SUM(BA24:BD24) -> 0 | BE24: =SUM(E24,G24,I24,K24,M24,O24,Q24,S24,U24,W24,Y24,AA24,AJ24,AW24,AY24) -> 15.34 | BF24: =SUM(F24,H24,J24,L24,N24,P24,R24,T24,V24,X24,Z24,AB24,AK24,AX24,AZ24) -> 15.34
A25: 18 | B25: 44561 | C25: Начислены % банка | D25: 1.04 | M25: 1.04 | AA25: =SUM(AF25,AH25) -> 0 | AB25: =SUM(AC25:AE25) -> 1.04 | AD25: 1.04 | AG25: =AC25*$AF$5 -> 0 | AI25: =AC25*$AH$5 -> 0 | AJ25: =SUM(AL25:AV25) -> 0 | AY25: =SUM(BA25:BD25) -> 0 | BE25: =SUM(E25,G25,I25,K25,M25,O25,Q25,S25,U25,W25,Y25,AA25,AJ25,AW25,AY25) -> 1.04 | BF25: =SUM(F25,H25,J25,L25,N25,P25,R25,T25,V25,X25,Z25,AB25,AK25,AX25,AZ25) -> 1.04
A26: 19 | B26: 44561 | C26: Поступили членские взносы от нанимателя | D26: 517.76 | M26: 517.76 | AA26: =SUM(AF26,AH26) -> 0 | AB26: =SUM(AC26:AE26) -> 517.76 | AC26: 517.76 | AG26: =AC26*$AF$5 -> 0 | AI26: =AC26*$AH$5 -> 0 | AJ26: =SUM(AL26:AV26) -> 0 | AY26: =SUM(BA26:BD26) -> 0 | BE26: =SUM(E26,G26,I26,K26,M26,O26,Q26,S26,U26,W26,Y26,AA26,AJ26,AW26,AY26) -> 517.76 | BF26: =SUM(F26,H26,J26,L26,N26,P26,R26,T26,V26,X26,Z26,AB26,AK26,AX26,AZ26) -> 517.76
A27: 20 | B27: 44561 | C27: Закрытие месяца | AA27: =SUM(AF27,AH27) -> 2563.05 | AB27: =SUM(AC27:AE27) -> 0 | AF27: 261 | AG27: =AC27*$AF$5 -> 0 | AH27: 2302.05 | AI27: =AC27*$AH$5 -> 0 | AJ27: =SUM(AL27:AV27) -> 0 | AK27: 2563.05 | AW27: 1500 | AY27: =SUM(BA27:BD27) -> 0 | AZ27: 1500 | BE27: =SUM(E27,G27,I27,K27,M27,O27,Q27,S27,U27,W27,Y27,AA27,AJ27,AW27,AY27) -> 4063.05 | BF27: =SUM(F27,H27,J27,L27,N27,P27,R27,T27,V27,X27,Z27,AB27,AK27,AX27,AZ27) -> 4063.05
C28: Обороты | D28: =SUM(D8:D27) -> 6784.48 | E28: =SUM(E8:E27) -> 0 | F28: =SUM(F8:F27) -> 0 | G28: =SUM(G8:G27) -> 0 | H28: =SUM(H8:H27) -> 0 | I28: =SUM(I8:I27) -> 0 | J28: =SUM(J8:J27) -> 0 | K28: =SUM(K8:K27) -> 0 | ... BF28: =SUM(BF8:BF27) -> 10847.53 | BG28: =SUM(BG8:BG25) -> 0 | BH28: =SUM(BH8:BH25) -> 0
C29: Сальдо на 01.01.2022г. | E29: =IF((SUM(E$7,E$28)-(SUM(F$7,F$28))<0),0)+IF((SUM(E$7,E$28)-(SUM(F$7,F$28))>0),(SUM(E$7,E$28)-(SUM(F$7,F$28)))) -> 0 | F29: =IF((SUM(F$7,F$28)-(SUM(E$7,E$28))<0),0)+IF((SUM(F$7,F$28)-(SUM(E$7,E$28))>0),(SUM(F$7,F$28)-(SUM(E$7,E$28)))) -> 0 | G29: =IF((SUM(G$7,G$28)-(SUM(H$7,H$28))<0),0)+IF((SUM(G$7,G$28)-(SUM(H$7,H$28))>0),(SUM(G$7,G$28)-(SUM(H$7,H$28)))) -> 0 | H29: =IF((SUM(H$7,H$28)-(SUM(G$7,G$28))<0),0)+IF((SUM(H$7,H$28)-(SUM(G$7,G$28))>0),(SUM(H$7,H$28)-(SUM(G$7,G$28)))) -> 0 | I29: =IF((SUM(I$7,I$28)-(SUM(J$7,J$28))<0),0)+IF((SUM(I$7,I$28)-(SUM(J$7,J$28))>0),(SUM(I$7,I$28)-(SUM(J$7,J$28)))) -> 0 | J29: =IF((SUM(J$7,J$28)-(SUM(I$7,I$28))<0),0)+IF((SUM(J$7,J$28)-(SUM(I$7,I$28))>0),(SUM(J$7,J$28)-(SUM(I$7,I$28)))) -> 0 | K29: =IF((SUM(K$7,K$28)-(SUM(L$7,L$28))<0),0)+IF((SUM(K$7,K$28)-(SUM(L$7,L$28))>0),(SUM(K$7,K$28)-(SUM(L$7,L$28)))) -> 0 | L29: =IF((SUM(L$7,L$28)-(SUM(K$7,K$28))<0),0)+IF((SUM(L$7,L$28)-(SUM(K$7,K$28))>0),(SUM(L$7,L$28)-(SUM(K$7,K$28)))) -> 0 | M29: =IF((SUM(M$7,M$28)-(SUM(N$7,N$28))<0),0)+IF((SUM(M$7,M$28)-(SUM(N$7,N$28))>0),(SUM(M$7,M$28)-(SUM(N$7,N$28)))) -> 816.31 | N29: =IF((SUM(N$7,N$28)-(SUM(M$7,M$28))<0),0)+IF((SUM(N$7,N$28)-(SUM(M$7,M$28))>0),(SUM(N$7,N$28)-(SUM(M$7,M$28)))) -> 0 | O29: =IF((SUM(O$7,O$28)-(SUM(P$7,P$28))<0),0)+IF((SUM(O$7,O$28)-(SUM(P$7,P$28))>0),(SUM(O$7,O$28)-(SUM(P$7,P$28)))) -> 0 | P29: =IF((SUM(P$7,P$28)-(SUM(O$7,O$28))<0),0)+IF((SUM(P$7,P$28)-(SUM(O$7,O$28))>0),(SUM(P$7,P$28)-(SUM(O$7,O$28)))) -> 0 | Q29: =IF((SUM(Q$7,Q$28)-(SUM(R$7,R$28))<0),0)+IF((SUM(Q$7,Q$28)-(SUM(R$7,R$28))>0),(SUM(Q$7,Q$28)-(SUM(R$7,R$28)))) -> 0 | R29: =IF((SUM(R$7,R$28)-(SUM(Q$7,Q$28))<0),0)+IF((SUM(R$7,R$28)-(SUM(Q$7,Q$28))>0),(SUM(R$7,R$28)-(SUM(Q$7,Q$28)))) -> 0 | S29: =IF((SUM(S$7,S$28)-(SUM(T$7,T$28))<0),0)+IF((SUM(S$7,S$28)-(SUM(T$7,T$28))>0),(SUM(S$7,S$28)-(SUM(T$7,T$28)))) -> 0 | T29: =IF((SUM(T$7,T$28)-(SUM(S$7,S$28))<0),0)+IF((SUM(T$7,T$28)-(SUM(S$7,S$28))>0),(SUM(T$7,T$28)-(SUM(S$7,S$28)))) -> 0 | U29: =IF((SUM(U$7,U$28)-(SUM(V$7,V$28))<0),0)+IF((SUM(U$7,U$28)-(SUM(V$7,V$28))>0),(SUM(U$7,U$28)-(SUM(V$7,V$28)))) -> 0 | V29: =IF((SUM(V$7,V$28)-(SUM(U$7,U$28))<0),0)+IF((SUM(V$7,V$28)-(SUM(U$7,U$28))>0),(SUM(V$7,V$28)-(SUM(U$7,U$28)))) -> 0 | W29: =IF((SUM(W$7,W$28)-(SUM(X$7,X$28))<0),0)+IF((SUM(W$7,W$28)-(SUM(X$7,X$28))>0),(SUM(W$7,W$28)-(SUM(X$7,X$28)))) -> 0 | X29: =IF((SUM(X$7,X$28)-(SUM(W$7,W$28))<0),0)+IF((SUM(X$7,X$28)-(SUM(W$7,W$28))>0),(SUM(X$7,X$28)-(SUM(W$7,W$28)))) -> 0 | Y29: =IF((SUM(Y$7,Y$28)-(SUM(Z$7,Z$28))<0),0)+IF((SUM(Y$7,Y$28)-(SUM(Z$7,Z$28))>0),(SUM(Y$7,Y$28)-(SUM(Z$7,Z$28)))) -> 0 | Z29: =IF((SUM(Z$7,Z$28)-(SUM(Y$7,Y$28))<0),0)+IF((SUM(Z$7,Z$28)-(SUM(Y$7,Y$28))>0),(SUM(Z$7,Z$28)-(SUM(Y$7,Y$28)))) -> 0 | AA29: =IF((SUM(AA$7,AA$28)-(SUM(AB$7,AB$28))<0),0)+IF((SUM(AA$7,AA$28)-(SUM(AB$7,AB$28))>0),(SUM(AA$7,AA$28)-(SUM(AB$7,AB$28)))) -> 0 | AB29: =IF((SUM(AB$7,AB$28)-(SUM(AA$7,AA$28))<0),0)+IF((SUM(AB$7,AB$28)-(SUM(AA$7,AA$28))>0),(SUM(AB$7,AB$28)-(SUM(AA$7,AA$28)))) -> 816.31 | AC29: =AC7+AC28 -> 5784.02 | AD29: =AD7+AD28 -> 7.62 | AE29: =AE7+AE28 -> 0 | AF29: =IF((SUM(AF$7,AF$28)-(SUM(AG$7,AG$28))<0),0)+IF((SUM(AF$7,AF$28)-(SUM(AG$7,AG$28))>0),(SUM(AF$7,AF$28)-(SUM(AG$7,AG$28)))) -> 1801.608 | AG29: =IF((SUM(AG$7,AG$28)-(SUM(AF$7,AF$28))<0),0)+IF((SUM(AG$7,AG$28)-(SUM(AF$7,AF$28))>0),(SUM(AG$7,AG$28)-(SUM(AF$7,AF$28)))) -> 0 | AH29: =IF((SUM(AH$7,AH$28)-(SUM(AI$7,AI$28))<0),0)+IF((SUM(AH$7,AH$28)-(SUM(AI$7,AI$28))>0),(SUM(AH$7,AH$28)-(SUM(AI$7,AI$28)))) -> 4381.492 | AI29: =IF((SUM(AI$7,AI$28)-(SUM(AH$7,AH$28))<0),0)+IF((SUM(AI$7,AI$28)-(SUM(AH$7,AH$28))>0),(SUM(AI$7,AI$28)-(SUM(AH$7,AH$28)))) -> 0 | AJ29: =IF((SUM(AJ$7,AJ$28)-(SUM(AK$7,AK$28))<0),0)+IF((SUM(AJ$7,AJ$28)-(SUM(AK$7,AK$28))>0),(SUM(AJ$7,AJ$28)-(SUM(AK$7,AK$28)))) -> 0 | AK29: =IF((SUM(AK$7,AK$28)-(SUM(AJ$7,AJ$28))<0),0)+IF((SUM(AK$7,AK$28)-(SUM(AJ$7,AJ$28))>0),(SUM(AK$7,AK$28)-(SUM(AJ$7,AJ$28)))) -> 0 | AL29: =AL7+AL28 -> 1814 | AM29: =AM7+AM28 -> 0 | AN29: =AN7+AN28 -> 0 | AO29: =AO7+AO28 -> 0 | AP29: =AP7+AP28 -> 0 | AQ29: =AQ7+AQ28 -> 3963.89 | AR29: =AR7+AR28 -> 0 | AS29: =AS7+AS28 -> 176.14 | ... AV29: =AV7+AV28 -> 204.03 | AW29: =IF((SUM(AW$7,AW$28)-(SUM(AX$7,AX$28))<0),0)+IF((SUM(AW$7,AW$28)-(SUM(AX$7,AX$28))>0),(SUM(AW$7,AW$28)-(SUM(AX$7,AX$28)))) -> 0 | AX29: =IF((SUM(AX$7,AX$28)-(SUM(AW$7,AW$28))<0),0)+IF((SUM(AX$7,AX$28)-(SUM(AW$7,AW$28))>0),(SUM(AX$7,AX$28)-(SUM(AW$7,AW$28)))) -> 0 | AY29: =IF((SUM(AY$7,AY$28)-(SUM(AZ$7,AZ$28))<0),0)+IF((SUM(AY$7,AY$28)-(SUM(AZ$7,AZ$28))>0),(SUM(AY$7,AY$28)-(SUM(AZ$7,AZ$28)))) -> 0 | AZ29: =IF((SUM(AZ$7,AZ$28)-(SUM(AY$7,AY$28))<0),0)+IF((SUM(AZ$7,AZ$28)-(SUM(AY$7,AY$28))>0),(SUM(AZ$7,AZ$28)-(SUM(AY$7,AY$28)))) -> 0 | BA29: =BA7+BA28 -> 0 | BB29: =BB7+BB28 -> 0 | BC29: =BC7+BC28 -> 1500 | BD29: =BD7+BD28 -> 0 | BE29: =SUM(E29,G29,I29,K29,M29,O29,Q29,S29,U29,W29,Y29,AA29,AJ29,AW29,AY29) -> 816.31 | BF29: =SUM(F29,H29,J29,L29,N29,P29,R29,T29,V29,X29,Z29,AB29,AK29,AX29,AZ29) -> 816.31 | BG29: =BG7-BG28 -> 0 | BH29: =BH7-BH28 -> 0
BF31: =BF29-BE29 -> 0

Sheet смета
E1: УТВЕРЖДЕНО
E2: Собрание ППО _____________________________
A3: Профсоюзная организация ____________________________
A4: Юридический адрес ______________________________
A5: Расчетный счет в банке __________________________________
A6: Телефоны ______________________________
A8: Смета доходов и расходов на 2022 год
A9: Раздел | B9: Наименование статей | C9: Код строки | D9: Факт, 2021год | F9: План, 2022 год
D10: членские профсоюзные взносы | E10: целевые поступления по коллективным договорам, тарифным соглашениям | F10: членские профсоюзные взносы | H10: целевые поступления по коллективным договорам, тарифным соглашениям
D11: рублей | E11: рублей | F11: % | G11: рублей | H11: рублей
D12: 2 | E12: 3 | F12: 4 | G12: 5 | H12: 6
A13: Доходы счет 86 К-т | B13: Остаток средств целевого финансирования на начало отчетного года | C13: 1 | D13: =январь!AB7-январь!AA7 -> 1704.73 | E13: =январь!AX7-январь!AW7 -> 0 | G13: =D34 -> 816.31 | H13: =E34 -> 0
B14: ДОХОДЫ (Кредит счета 86) (сумма строк 3-6), в том числе: | C14: 2 | D14: =SUM(D15:D18) -> 5791.64 | E14: =SUM(E15:E18) -> 1500 | G14: =SUM(G15:G18) -> 6008 | H14: =SUM(H15:H18) -> 1500
B15: Отчисления от членских профсоюзных взносов | C15: 3 | D15: =декабрь!AC29 -> 5784.02 | E15: х | G15: 6000 | H15: х
B16: Целевые поступления по коллективным договорам, тарифным соглашениям | C16: 4 | D16: х | E16: =январь!AX22+февраль!AX23+март!AX22+апрель!AX22+май!AX22+июнь!AX26+июль!AX22+август!AX22+сентябрь!AX23+октябрь!AX23+ноябрь!AX23+декабрь!AX28 -> 1500 | G16: х | H16: 1500
B17: Добровольные взносы (пожертвования) членов профсоюза и других лиц на уставную деятельность | C17: 5 | E17: х | H17: х
B18: Прочие поступления: | C18: 6 | D18: =SUM(декабрь!AD29:AE29) -> 7.62 | E18: х | G18: 8 | H18: х
B19: ИТОГО доходов с остатком (сумма строк -2) | C19: 7 | D19: =SUM(D13,D14) -> 7496.37 | E19: =SUM(E13,E14) -> 1500 | F19: =SUM(F13,F14) -> 0 | G19: =SUM(G13,G14) -> 6824.31 | H19: =SUM(H13,H14) -> 1500
A20: Расходы счет 86 Д-т | B20: РАСХОДЫ (Дебет счета 86) | D20: =D21+D29 -> 6680.06
B21: 1.Целевые мероприятия | C21: 1 | D21: =SUM(D22:D28) -> 5954.03 | E21: =SUM(E22:E28) -> 1500 | F21: =SUM(F22:F28) -> 0.87082067 | G21: =SUM(G22:G28) -> 5730 | H21: =SUM(H22:H28) -> 1500
B22: Фонд помощи (материальная помощь) | C22: 1.1. | D22: =SUM(декабрь!AL29:AN29) -> 1814 | E22: =декабрь!BB29 -> 0 | F22: =G22/G33 -> 0.30395137 | G22: 2000
B23: Обучение профсоюзных кадров и актива | C23: 1.2. | D23: =декабрь!AO29 -> 0 | F23: =G23/G33 -> 0.022796353 | G23: 150
B24: Туристско-экскурсионная деятельность, в т.ч. услуги ТЭУП "Беларустурист" | C24: 1.3. | D24: =декабрь!AP29 -> 0 | E24: =декабрь!BA29 -> 0 | F24: =G24/G33 -> 0.09118541 | G24: 600
B25: Спортивная и культурно-массовая работа | C25: 1.4. | D25: =SUM(декабрь!AQ29:AR29) -> 3963.89 | E25: =SUM(декабрь!BC29:BD29) -> 1500 | F25: =G25/G33 -> 0.37993921 | G25: 2500 | H25: 1500
B26: Информационная работа, в т.ч. подписка на газету "Беларускi Час" | C26: 1.5. | D26: =декабрь!AS29 -> 176.14 | F26: =G26/G33 -> 0.030395137 | G26: 200
B27: Организационные расходы | C27: 1.6. | E27: х | F27: =G27/G33 -> 0.021276596 | G27: 140
B28: Расходы на целевые мероприятия (в районе, городе, области) | C28: 1.7. | D28: =декабрь!AU29 -> 0 | E28: х | F28: =G28/G33 -> 0.021276596 | G28: 140
B29: 2.Административно-хозяйственные расходы: | C29: 2 | D29: =SUM(D30:D32) -> 726.03 | E29: =SUM(E30:E32) -> 0 | F29: =G29/G33 -> 0.12917933 | G29: =SUM(G30:G32) -> 850 | H29: =SUM(H30:H32) -> 0
B30: Денежное вознаграждение за выполнение общественной нагрузки (в т.ч.заработная плата штатным работникам без начислений ) | C30: 2.1. | D30: =декабрь!AT29 -> 522 | E30: х | F30: =G30/G33 -> 0.097264438 | G30: 640
B31: Обязательные отчисления (в ФСЗН и Белгосстрах) | C31: 2.2. | E31: х | F31: 0 | G31: =G$19*F31 -> 0
B32: Прочие расходы | C32: 2.3. | D32: =декабрь!AV29 -> 204.03 | E32: х | F32: =G32/G21 -> 0.036649215 | G32: 210
B33: Всего расходов (сумма строк 1-3) | D33: =SUM(D21,D29,) -> 6680.06 | E33: =SUM(E21,E29,) -> 1500 | F33: =F21+F29 -> 1 | G33: =SUM(G21,G29,) -> 6580 | H33: =SUM(H21,H29,) -> 1500
B34: Остаток средств целевого финансирования на конец отчетного года | D34: =D13+D14-D33 -> 816.31 | E34: =E13+E14-E33 -> 0 | G34: =G13+G14-G33 -> 244.31 | H34: =H13+H14-H33 -> 0
B37: Председатель ППО
D38: (подпись) | G38: И.О. Фамилия
B40: Казначей ППО
D41: (подпись) | G41: И.О. Фамилия

Sheet корректировка сметы
A1: УТВЕРЖДЕНО
A2: Собрание ________________________________
A4: ИСПОЛНЕНИЕ И КОРРЕКТИРОВКА СМЕТЫ ДОХОДОВ И РАХОДОВ НА 2021 ГОД
A5: Профсоюзная организация _____________________________
A6: Юридический адрес ________________________
A7: Расчетный счет в банке _______________________________________
A8: Телефоны ____________________________________________
A10: Наименование статьи | B10: Код строки | C10: Плановые показатели на 2021 год | E10: Фактически за 2021 год | G10: Скорректировано
C11: % | D11: согласно утвержденной смете | E11: % | F11: скорректировано согласно фактическим поступлениям
A12: 1 | B12: 2 | C12: 3 | D12: 4 | E12: 5 | F12: 6 | G12: 7
A13: Остаток средств целевого финансирования на начало отчетного года | B13: 1 | D13: =январь!AB7-январь!AA7 -> 1704.73 | F13: =D13 -> 1704.73 | G13: =E13-C13 -> 0
A14: Доходы (кредит счета 86), в т.ч. | B14: 2 | C14: =C15+C16+C17+C18 -> 1 | D14: =SUM(D15:D18) -> 7006.5 | E14: =E15+E18+E17+E16 -> 1 | F14: =SUM(F15:F18) -> 7291.64 | G14: =E14-C14 -> 0
A15: Отчисления от членских профсоюзных взносов | B15: 3 | C15: =D15/D14 -> 0.78498537 | D15: 5500 | E15: =F15/F$14 -> 0.79323993 | F15: =смета!D15 -> 5784.02 | G15: =E15-C15 -> 0.0082545588
A16: Целевые поступления по коллективным договорам,тарифным соглашениям | B16: 4 | C16: =D16/D14 -> 0.21408692 | D16: 1500 | E16: =F16/F$14 -> 0.20571504 | F16: 1500 | G16: =E16-C16 -> -0.0083718812
A17: Добровольные взносы (пожертвования) членов профсоюза и других лиц на уставную деятельность | B17: 5 | C17: =D17/D14 -> 0 | E17: =F17/F$14 -> 0 | G17: =E17-C17 -> 0
A18: Прочие поступления | B18: 6 | C18: =D18/D14 -> 0.00092770998 | D18: 6.5 | E18: =F18/F$14 -> 0.0010450324 | F18: =смета!D18 -> 7.62 | G18: =E18-C18 -> 0.00011732241
A19: ИТОГО доходов с остатком | B19: 7 | D19: =D13+D14 -> 8711.23 | F19: =F13+F14 -> 8996.37 | G19: =E19-C19 -> 0
A20: Расходы (дебет счета 26) | G20: =E20-C20 -> 0
A21: Целевые мероприятия: | B21: 1 | C21: =C22+C23+C24+C25+C26+C27+C28 -> 0.90589155 | D21: =SUM(D22:D28) -> 6950 | E21: =SUM(E22:E28) -> 0.91124393 | F21: =SUM(F22:F28) -> 7454.03 | G21: =E21-C21 -> 0.0053523736
A22: Фонд помощи | B22: 1.1. | C22: =D22/D$33 -> 0.2346194 | D22: 1800 | E22: =F22/F$33 -> 0.22175876 | F22: =декабрь!AL29 -> 1814 | G22: =E22-C22 -> -0.012860631
A23: Обучение профсоюзных кадров и актива | B23: 1.2. | C23: =D23/D$33 -> 0 | D23: 0 | E23: =F23/F$33 -> 0 | F23: =декабрь!AO29 -> 0 | G23: =E23-C23 -> 0
A24: Туристско-экскурсионная деятельность, в т.ч. услуги ТЭУП «Беларустурист» | B24: 1.3. | C24: =D24/D$33 -> 0 | D24: 0 | E24: =F24/F$33 -> 0 | F24: 0 | G24: =E24-C24 -> 0
A25: Спортивная и культурно-массовая работа: т.ч. | B25: 1.4. | C25: =D25/D$33 -> 0.65172054 | D25: 5000 | E25: =F25/F$33 -> 0.66795231 | F25: 5463.89 | G25: =E25-C25 -> 0.016231771
A26: Информационная работа, в т.ч. Подписка на газету «Беларускi час» | B26: 1.5. | C26: =D26/D$33 -> 0.019551616 | D26: 150 | E26: =F26/F$33 -> 0.021532849 | F26: =декабрь!AS29 -> 176.14 | G26: =E26-C26 -> 0.0019812331
A27: Организационные расходы | B27: 1.6. | C27: =D27/D$33 -> 0 | D27: 0 | E27: =F27/F$33 -> 0 | F27: 0 | G27: =E27-C27 -> 0
A28: Расходы на целевые мероприятия (в районе, городе, области) | B28: 1.7. | C28: =D28/D$33 -> 0 | D28: 0 | E28: =F28/F$33 -> 0 | F28: =декабрь!AU29 -> 0 | G28: =E28-C28 -> 0
A29: Административно-хозяйственные расходы: | B29: 2 | C29: =SUM(C30:C32) -> 0.094108446 | D29: =SUM(D30:D32) -> 722 | E29: =E30+E31+E32 -> 0.088756073 | F29: =SUM(F30:F32) -> 726.03 | G29: =E29-C29 -> -0.0053523736
A30: Заработная плата штатных работников (вознаграждение профсоюзному активу за выполнение общественной нагрузки) | B30: 2.1. | C30: =D30/D33 -> 0.068039625 | D30: 522 | E30: =F30/F$33 -> 0.063813713 | F30: =декабрь!AT29 -> 522 | G30: =E30-C30 -> -0.0042259118
A31: Обязательные отчисления (ФСЗН, Белгосстрах) | B31: 2.2. | C31: ='[1]СМЕТА 2018'!I35 -> 0 | D31: =D$19*C31 -> 0 | E31: =F31/F$33 -> 0 | F31: 0 | G31: =E31-C31 -> 0
A32: Прочие расходы | B32: 2.3. | C32: =D32/D33 -> 0.026068822 | D32: 200 | E32: =F32/F$33 -> 0.02494236 | F32: =декабрь!AV29 -> 204.03 | G32: =E32-C32 -> -0.0011264619
A33: ИТОГО расходов | C33: =C21+C29 -> 1 | D33: =D29+D21 -> 7672 | E33: =E21+E29 -> 1 | F33: =F21+F29 -> 8180.06 | G33: =E33-C33 -> 0
A34: Остаток средств целевого финансирования на конец отчетного года | D34: =D19-D33 -> 1039.23 | F34: =F19-F33 -> 816.31 | G34: =E34-C34 -> 0
A36: Председатель ППО
C37: (подпись) | F37: И.О. Фамилия
A39: Казначей ППО
C40: (подпись) | F40: И.О. Фамилия

Sheet гл
I1: УТВЕРЖДЕНО
I2: Постановление
I3: Президиума Совета
I4: Федерации профсоюзов Беларуси
I5: 29 .06. 2016 г. № 246
I6: (в редакции постановления Президиума
I7: Совета Федерации профсоюзов Беларуси
I8: от 22.09.2020 №167)
A10: ФЕДЕРАЦИЯ ПРОФСОЮЗОВ БЕЛАРУСИ
A12: СВОДНЫЙ ФИНАНСОВЫЙ ОТЧЕТ
A14: ОБ ИСПОЛНЕНИИ ПРОФСОЮЗНОГО БЮДЖЕТА
E16: ЗА | F16: 2021 | H16: ГОД
A18: =смета!A3 -> Профсоюзная организация ____________________________
A19: (наименование комитета (совета) профсоюза
A20: =смета!A4 -> Юридический адрес ______________________________
A21: (почтовый адрес, электронный адрес)
A22: =смета!A5 -> Расчетный счет в банке __________________________________
A23: (№ расчетного счета)
A25: (УНП)
A26: =смета!A6 -> Телефоны ______________________________

Sheet табл.1,2
N1: Таблица 1
A3: СВЕДЕНИЯ
A5: ОБ УПЛАТЕ ЧЛЕНСКИХ ПРОФСОЮЗНЫХ ВЗНОСОВ, ПОЛУЧЕННЫХ С НАЧАЛА ГОДА
A8: Наименование | B8: Код строки | C8: Получено членских профсоюзных взносов и зачтено в счет их уплаты за отчетный год
C9: Профсоюзным организациям юридических лиц,их обособленных подразделений | F9: Районным, городским организациям | I9: Областным ( Минской городской) организациям | L9: Республиканскому (Центральному) комитету (совету) профсоюза | O9: Всего (сумма граф 3 - 6)
A10: 1 | B10: 2 | C10: 3 | F10: 4 | I10: 5 | L10: 6 | O10: 7
A11: Январь | B11: 1 | C11: =январь!AC22 -> 323.18 | I11: =C11/0.7*0.3 -> 138.50571 | L11: х | O11: =SUM(C11:N11) -> 461.68571
A12: Февраль | B12: 2 | C12: =февраль!AC23 -> 339.58 | I12: =C12/0.7*0.3 -> 145.53429 | L12: х | O12: =SUM(C12:N12) -> 485.11429
A13: Март | B13: 3 | C13: =март!AC22 -> 380.83 | I13: =C13/0.7*0.3 -> 163.21286 | L13: х | O13: =SUM(C13:N13) -> 544.04286
A14: Апрель | B14: 4 | C14: =апрель!AC22 -> 423.51 | I14: =C14/0.7*0.3 -> 181.50429 | L14: х | O14: =SUM(C14:N14) -> 605.01429
A15: Май | B15: 5 | C15: =май!AC22 -> 386.31 | I15: =C15/0.7*0.3 -> 165.56143 | L15: х | O15: =SUM(C15:N15) -> 551.87143
A16: Июнь | B16: 6 | C16: =июнь!AC26 -> 496.96 | I16: =C16/0.7*0.3 -> 212.98286 | L16: х | O16: =SUM(C16:N16) -> 709.94286
A17: Июль | B17: 7 | C17: =июль!AC22 -> 490.15 | I17: =C17/0.7*0.3 -> 210.06429 | L17: х | O17: =SUM(C17:N17) -> 700.21429
A18: Август | B18: 8 | C18: =август!AC22 -> 0 | I18: =C18/0.7*0.3 -> 0 | L18: х | O18: =SUM(C18:N18) -> 0
A19: Сентябрь | B19: 9 | C19: =сентябрь!AC23 -> 830.77 | I19: =C19/0.7*0.3 -> 356.04429 | L19: х | O19: =SUM(C19:N19) -> 1186.8143
A20: Октябрь | B20: 10 | C20: =октябрь!AC23 -> 431.95 | I20: =C20/0.7*0.3 -> 185.12143 | L20: х | O20: =SUM(C20:N20) -> 617.07143
A21: Ноябрь | B21: 11 | C21: =ноябрь!AC23 -> 460.4 | I21: =C21/0.7*0.3 -> 197.31429 | L21: х | O21: =SUM(C21:N21) -> 657.71429
A22: Декабрь | B22: 12 | C22: =декабрь!AC28 -> 1220.38 | I22: =C22/0.7*0.3 -> 523.02 | L22: х | O22: =SUM(C22:N22) -> 1743.4
A23: ИТОГО с начала года (сумма строк 1 - 12) | B23: 13 | C23: =SUM(C11:E22) -> 5784.02 | F23: =SUM(F11:H22) -> 0 | I23: =SUM(I11:K22) -> 2478.8657 | L23: х | O23: =SUM(O11:Q22) -> 8262.8857
N28: Таблица 2
A30: РАСПРЕДЕЛЕНИЕ ЧЛЕНСКИХ ПРОФСОЮЗНЫХ ВЗНОСОВ
A33: Наименование | B33: код строки | C33: Первичным профсоюзным организациям | E33: Районным, городским организациям профсоюзов | G33: Областным, минским городским организациям профсоюзов | I33: Республиканскому (Центральному) комитету (совету) профсоюза | K33: Федерации профсоюзов Беларуси (отчисления в единый централизованный фонд) | M33: Федерации профсоюзов Беларуси (обязательные отчисления ФПБ) | O33: Всего (сумма граф 3 - 8)
A34: 1 | B34: 2 | C34: 3 | E34: 4 | G34: 5 | I34: 6 | K34: 7 | M34: 8 | O34: 9
A35: Процент, утвержденный по плану | B35: 1 | C35: 0.7 | G35: 0.3 | I35: х | K35: х | M35: х | O35: =SUM(C35:N35) -> 1
A36: Фактически поступившая сумма | B36: 2 | C36: =C23 -> 5784.02 | E36: =F23 -> 0 | G36: =I23 -> 2478.8657 | I36: х | K36: х | M36: х | O36: =O23 -> 8262.8857
A37: Фактический процент | B37: 3 | C37: =C36/$O$36 -> 0.7 | G37: =G36/$O$36 -> 0.3 | I37: х | K37: х | M37: х | O37: =SUM(C37:N37) -> 1

Sheet табл.3
Q1: Таблица 3
A3: РАСПРЕДЕЛЕНИЕ ЧЛЕНСКИХ ПРОФСОЮЗНЫХ ВЗНОСОВ
A5: В РАЗРЕЗЕ ОБЛАСТЕЙ И Г. МИНСКА НАРАСТАЮЩИМ ИТОГОМ С НАЧАЛА ГОДА
Q6: рублей
A7: Области и г.Минск | B7: Код строки | C7: Профсоюзным организациям юридических лиц, их обособленных подразделений | E7: Районным, городским организациям | G7: Областным (Минской городской) организациям а | I7: Объединенным отраслевым профсоюзным организациям | K7: Республиканскому (Центральному) комитету (совету) | M7: Федерации профсоюзов Беларуси (отчисления в единый централизованный фонд) | O7: Федерации профсоюзов Беларуси (обязательные отчисления ФПБ) | Q7: Всего (сумма граф 3,5,7,9,11, 13,15) | R7: Всего (сумма граф 4,6,8,10,12, 14,16)
C8: % | D8: Сумма | E8: % | F8: Сумма | G8: % | H8: Сумма | I8: % | J8: Сумма | K8: % | L8: Сумма | M8: % | N8: Сумма | O8: % | P8: Сумма | Q8: % | R8: Сумма
A9: 1 | B9: 2 | C9: 3 | D9: 4 | E9: 5 | F9: 6 | G9: 7 | H9: 8 | I9: 9 | J9: 10 | K9: 11 | L9: 12 | M9: 13 | N9: 14 | O9: 15 | P9: 16 | Q9: 17 | R9: 18
A10: Брестская | B10: 1.
A11: Витебская | B11: 2.
A12: Гомельская | B12: 3.
A13: Гродненская | B13: 4.
A14: Минская | B14: 5.
A15: Могилевская | B15: 6.
A16: г. Минск | B16: 7. | C16: 70 | D16: 5784.02 | G16: 30 | H16: 2478.87 | Q16: 100 | R16: =D16+H16 -> 8262.89
A17: Итого (сумма строк 1 - 7) | B17: 8. | C17: 70 | D17: =D16 -> 5784.02 | G17: 30 | H17: =H16 -> 2478.87 | Q17: 100 | R17: =R16 -> 8262.89

Sheet табл.4
U1: Таблица 4
A3: ИСПОЛНЕНИЕ ПРОФСОЮЗНОГО БЮДЖЕТА
A5: РАЗДЕЛ I "ДОХОДЫ"
A8: Раздел | B8: Наименование статей | C8: Код строки | D8: Членские профсоюзные взносы, всего (сумма граф 3.1 - 3.4) | G8: в том числе организационным структурам | S8: Целевые поступления по коллективным договорам, тарифным соглашениям | T8: Прочие поступления | U8: ВСЕГО (сумма граф 3, 4, 5)
G9: Первичным профсоюзным организациям | J9: Районным, городским организациям профсоюзов | M9: Областным, минским городским организациям профсоюзов | P9: Республиканскому (Центральному) комитету (совету) профсоюза
A10: 1 | B10: 1 | C10: 2 | D10: 3 | G10: 3.1 | J10: 3.2 | M10: 3.3 | P10: 3.4 | S10: 4 | T10: 5 | U10: 6
A11: ДОХОДЫ (Счет 86 "Целевое финансирование") | B11: Остаток средств целевого финансирования на 1 января 20__ г. | C11: 1 | D11: =SUM(G11:R11) -> 1704.73 | G11: =январь!AB7-январь!AA7 -> 1704.73 | J11: х | M11: х | P11: х | S11: =январь!AX7-январь!AW7 -> 0 | U11: =SUM(D11,S11,T11) -> 1704.73
B12: Доходы (сумма строк 3 - 5), в том числе | C12: 2 | D12: =SUM(D13:F15) -> 5791.64 | G12: =SUM(G13:I15) -> 5791.64 | J12: х | M12: х | P12: х | S12: =SUM(S13:S15) -> 1500 | T12: =T15 -> 0 | U12: =SUM(U13:U15) -> 7291.64
B13: членские профсоюзные взносы | C13: 3 | D13: =SUM(G13:R13) -> 5784.02 | G13: =декабрь!AC29 -> 5784.02 | J13: х | M13: х | P13: х | S13: х | T13: х | U13: =SUM(D13,S13,T13) -> 5784.02
B14: целевые поступления по коллективным договорам, тарифным соглашениям | C14: 4 | D14: х | G14: х | J14: х | M14: х | P14: х | S14: =смета!E16 -> 1500 | U14: =SUM(D14,S14,T14) -> 1500
B15: прочие поступления, в том числе | C15: 5 | D15: =SUM(D16:F20) -> 7.62 | G15: =SUM(G16:I20) -> 7.62 | J15: х | M15: х | P15: х | S15: х | T15: =SUM(T16:T20) -> 0 | U15: =SUM(U16:U20) -> 7.62
B16: % банка по расчетному счету | C16: 5.1 | D16: =SUM(G16:R16) -> 7.62 | G16: =декабрь!AD29 -> 7.62 | J16: х | M16: х | P16: х | S16: х | T16: х | U16: =SUM(D16,S16,T16) -> 7.62
B17: % банка по депозитному счету | C17: 5.2 | D17: =SUM(G17:R17) -> 0 | G17: =декабрь!AE29 -> 0 | J17: х | M17: х | P17: х | S17: х | T17: х | U17: =SUM(D17,S17,T17) -> 0
C18: 5.3 | D18: =SUM(G18:R18) -> 0 | J18: х | M18: х | P18: х | S18: х | U18: =SUM(D18,S18,T18) -> 0
C19: 5.4 | D19: =SUM(G19:R19) -> 0 | J19: х | M19: х | P19: х | S19: х | U19: =SUM(D19,S19,T19) -> 0
C20: 5.5 | D20: =SUM(G20:R20) -> 0 | J20: х | M20: х | P20: х | S20: х | U20: =SUM(D20,S20,T20) -> 0
B21: ИТОГО (сумма строк 1 - 2) | C21: 6 | D21: =D11+D12 -> 7496.37 | G21: =G11+G12 -> 7496.37 | J21: х | M21: х | P21: х | S21: =S11+S12 -> 1500 | T21: =T11+T12 -> 0 | U21: =U11+U12 -> 8996.37

Sheet табл.4продолж
T1: продолжение таблицы 4
A3: РАЗДЕЛ II "РАСХОДЫ"
A5: Раздел | B5: Наименование статей | C5: код строки | D5: Использовано
D6: Расходы за счет членских профсоюзных взносов (сумма граф 3.2 - 3.5) | H6: в том числе использовано организационными структурами | T6: Расходов за счет целевых поступлений по коллективным договорам, тарифным соглашениям | U6: Расходы за счет прочих поступлений | V6: ВСЕГО, (сумма граф 3, 4, 5)
G7: Фактический % использования членских профсоюзных взносов | H7: Первичными профсоюзными организациями | K7: Районными, городскими организациями профсоюзов | N7: Областными, Минскими городскими организациями профсоюзов | Q7: Республиканским (Центральным) комитетом (советом) профсоюза
A8: 1 | B8: 1 | C8: 2 | D8: 3 | G8: 3.1 | K8: 3.2 | N8: 3.3 | Q8: 3.4 | T8: 4 | U8: 5 | V8: 6
A9: РАСХОДЫ (Счет 86 "Целевое финансирование") | B9: ЦЕЛЕВЫЕ МЕРОПРИЯТИЯ | K9: х | N9: х | Q9: х
B10: Расходы из Фонда помощи (сумма строк 1.1 - 1.2), в том числе | C10: 1 | D10: =SUM(D11:F12) -> 1814 | G10: =H10/$H$47 -> 0.27155445 | H10: =SUM(H11:J12) -> 1814 | K10: х | N10: х | Q10: х | T10: =SUM(T11:T12) -> 0 | U10: х | V10: =SUM(D10,T10,U10) -> 1814
B11: материальная помощь | C11: 1.1 | D11: =SUM(H11:S11) -> 1814 | G11: =H11/$H$47 -> 0.27155445 | H11: =SUM(декабрь!AL29:AM29) -> 1814 | K11: х | N11: х | Q11: х | T11: =декабрь!BB29 -> 0 | U11: х | V11: =SUM(D11,T11,U11) -> 1814
B12: безвозмездная (спонсорская) помощь | C12: 1.2 | D12: =SUM(H12:S12) -> 0 | G12: =H12/$H$47 -> 0 | H12: =декабрь!AN29 -> 0 | K12: х | N12: х | Q12: х | T12: х | U12: х | V12: =SUM(D12,T12,U12) -> 0
B13: Обучение профсоюзных кадров и актива | C13: 2 | D13: =SUM(H13:S13) -> 0 | G13: =H13/$H$47 -> 0 | H13: =декабрь!AO29 -> 0 | K13: х | N13: х | Q13: х | V13: =SUM(D13,T13,U13) -> 0
B14: Туристско-экскурсионная деятельность, в том числе | C14: 3 | D14: =SUM(H14:S14) -> 0 | G14: =H14/$H$47 -> 0 | H14: =декабрь!AP29 -> 0 | K14: х | N14: х | Q14: х | T14: =декабрь!BA28 -> 0 | V14: =SUM(D14,T14,U14) -> 0
B15: услуги ТЭУП "Беларустурист" | C15: 3.1 | D15: =SUM(H15:S15) -> 0 | G15: =H15/$H$47 -> 0 | K15: х | N15: х | Q15: х | V15: =SUM(D15,T15,U15) -> 0
B16: Спортивная и культурно-массовая работа (сумма строк 4.1 - 4.2), в том числе | C16: 4 | D16: =SUM(D17:F18) -> 3963.89 | G16: =H16/$H$47 -> 0.59339138 | H16: =SUM(H17:J18) -> 3963.89 | K16: х | N16: х | Q16: х | T16: =SUM(T17:T18) -> 1500 | V16: =SUM(D16,T16,U16) -> 5463.89
B17: культурно-массовая работа | C17: 4.1 | D17: =SUM(H17:S17) -> 3963.89 | G17: =H17/$H$47 -> 0.59339138 | H17: =декабрь!AQ29 -> 3963.89 | K17: х | N17: х | Q17: х | T17: =декабрь!BC29 -> 1500 | V17: =SUM(D17,T17,U17) -> 5463.89
B18: спортивные мероприятия | C18: 4.2 | D18: =SUM(H18:S18) -> 0 | G18: =H18/$H$47 -> 0 | H18: =декабрь!AR29 -> 0 | K18: х | N18: х | Q18: х | T18: =декабрь!BD29 -> 0 | V18: =SUM(D18,T18,U18) -> 0
B19: Информационная работа, в том числе | C19: 5 | D19: =SUM(H19:S19) -> 176.14 | G19: =H19/$H$47 -> 0.026368027 | H19: =декабрь!AS29 -> 176.14 | K19: х | N19: х | Q19: х | V19: =SUM(D19,T19,U19) -> 176.14
B20: подписка на "Беларускі Час" | C20: 5.1 | D20: =SUM(H20:S20) -> 0 | G20: =H20/$H$47 -> 0 | K20: х | N20: х | Q20: х | V20: =SUM(D20,T20,U20) -> 0
B21: Организационные расходы, в том числе | C21: 6 | D21: =SUM(H21:S21) -> 0 | G21: =H21/$H$47 -> 0 | K21: х | N21: х | Q21: х | T21: х | U21: х | V21: =SUM(D21,T21,U21) -> 0
B22: представительские расходы | C22: 6.1 | D22: =SUM(H22:S22) -> 0 | G22: =H22/$H$47 -> 0 | K22: х | N22: х | Q22: х | T22: х | U22: х | V22: =SUM(D22,T22,U22) -> 0
C23: 6.2 | D23: =SUM(H23:S23) -> 0 | G23: =H23/$H$47 -> 0 | K23: х | N23: х | Q23: х | T23: х | U23: х | V23: =SUM(D23,T23,U23) -> 0
B24: Расходы на целевые мероприятия (в районе, городе, области) | C24: 7 | D24: =SUM(H24:S24) -> 0 | H24: =декабрь!AU29 -> 0 | K24: х | N24: х | Q24: х | T24: х | U24: х | V24: =SUM(D24,T24,U24) -> 0
B25: АДМИНИСТРАТИВНО-ХОЗЯЙСТВЕННЫЕ РАСХОДЫ: | G25: =SUM(G26,G27,G28,G36,G37,G40,G41,G42) -> 0.10868615 | K25: х | N25: х | Q25: х | T25: х | U25: х | V25: =SUM(D25,T25,U25) -> 0
A26: РАСХОДЫ (Счет 86 "Целевое финансирование") | B26: Заработная плата штатным работникам без начислений (вознаграждение профсоюзному активу за выполнение общественной нагрузки | C26: 8 | D26: =SUM(H26:P26) -> 522 | G26: =H26/$H$47 -> 0.078143011 | H26: =декабрь!AT29 -> 522 | K26: х | N26: х | Q26: х | T26: х | U26: х | V26: =SUM(D26,T26,U26) -> 522
B27: Обязательные отчисления (в ФСЗН и Белгосстрах) | C27: 9 | D27: =SUM(H27:P27) -> 0 | G27: =H27/$H$47 -> 0 | K27: х | N27: х | Q27: х | T27: х | U27: х | V27: =SUM(D27,T27,U27) -> 0
B28: Прочие расходы (сумма строк 10.1 - 10.7), в том числе: | C28: 10 | D28: =SUM(D29:F35) -> 204.03 | G28: =H28/$H$47 -> 0.030543139 | H28: =SUM(H29:J35) -> 204.03 | K28: х | N28: х | Q28: х | T28: =SUM(T29:T35) -> 0 | U28: =SUM(U29:U35) -> 0 | V28: =SUM(D28,T28,U28) -> 204.03
B29: услуги банка | C29: 10.1 | D29: =SUM(H29:P29) -> 204.03 | G29: =H29/$H$47 -> 0.030543139 | H29: =декабрь!AV29 -> 204.03 | K29: х | N29: х | Q29: х | V29: =SUM(D29,T29,U29) -> 204.03
B30: командировочные | C30: 10.2 | D30: =SUM(H30:P30) -> 0 | G30: =H30/$H$47 -> 0 | K30: х | N30: х | Q30: х | V30: =SUM(D30,T30,U30) -> 0
B31: соболезнования и ритуальные услуги | C31: 10.3 | D31: =SUM(H31:P31) -> 0 | G31: =H31/$H$47 -> 0 | K31: х | N31: х | Q31: х | V31: =SUM(D31,T31,U31) -> 0
C32: 10.4 | D32: =SUM(H32:P32) -> 0 | G32: =H32/$H$47 -> 0 | K32: х | N32: х | Q32: х | V32: =SUM(D32,T32,U32) -> 0
C33: 10.5 | D33: =SUM(H33:P33) -> 0 | G33: =H33/$H$47 -> 0 | K33: х | N33: х | Q33: х | V33: =SUM(D33,T33,U33) -> 0
C34: 10.6 | D34: =SUM(H34:P34) -> 0 | G34: =H34/$H$47 -> 0 | K34: х | N34: х | Q34: х | V34: =SUM(D34,T34,U34) -> 0
C35: 10.7 | D35: =SUM(H35:P35) -> 0 | G35: =H35/$H$47 -> 0 | K35: х | N35: х | Q35: х | V35: =SUM(D35,T35,U35) -> 0
B36: Выплата профсоюзных стипендий | C36: 11 | D36: =SUM(H36:P36) -> 0 | G36: =H36/$H$47 -> 0 | K36: х | N36: х | Q36: х | T36: х | U36: х | V36: =SUM(D36,T36,U36) -> 0
B37: Отчисления ФПБ (сумма строк 11.1 - 11.2), в том числе | C37: 12 | D37: =SUM(D38:F39) -> 0 | H37: х | K37: х | N37: х | Q37: х | T37: х | U37: х | V37: =SUM(D37,T37,U37) -> 0
B38: обязательные отчисления ФПБ | C38: 12.1 | D38: =SUM(H38:P38) -> 0 | H38: х | K38: х | N38: х | Q38: х | T38: х | U38: х | V38: =SUM(D38,T38,U38) -> 0
B39: отчисления в единый централизованный фонд | C39: 12.2 | D39: =SUM(H39:P39) -> 0 | H39: х | K39: х | N39: х | Q39: х | T39: х | U39: х | V39: =SUM(D39,T39,U39) -> 0
B40: Отчисления ФПБ по отдельным решениям руководящих органов | C40: 13 | D40: =SUM(H40:P40) -> 0 | G40: =H40/$H$47 -> 0 | K40: х | N40: х | Q40: х | T40: х | U40: х | V40: =SUM(D40,T40,U40) -> 0
B41: Содержание детских оздоровительных лагерей | C41: 14 | D41: =SUM(H41:P41) -> 0 | K41: х | N41: х | Q41: х | T41: х | U41: х | V41: =SUM(D41,T41,U41) -> 0
B42: Содержание спортивных объектов | C42: 15 | D42: =SUM(H42:P42) -> 0 | K42: х | N42: х | Q42: х | T42: х | U42: х | V42: =SUM(D42,T42,U42) -> 0
C43: 16 | K43: х | N43: х | Q43: х | T43: х | U43: х
C44: 17 | K44: х | N44: х | Q44: х | T44: х | U44: х
C45: 18 | K45: х | N45: х | Q45: х | T45: х | U45: х
C46: 19 | K46: х | N46: х | Q46: х | T46: х | U46: х
B47: ИТОГО (сумма строк 1 - 19) | C47: 20 | D47: =SUM(D10,D13,D14,D16,D19,D21,D24,D26,D27,D28,D36,D37,D40,D41,D42,D43,D44,D45,D46) -> 6680.06 | G47: =SUM(G10,G13,G14,G16,G19,G21,G24,G26,G27,G28,G36,G37,G40,G41,G42,G43,G44,G45,G46) -> 1 | H47: =SUM(H10,H13,H14,H16,H19,H21,H24,H26,H27,H28,H36,H37,H40,H41,H42,H43,H44,H45,H46) -> 6680.06 | K47: х | N47: х | Q47: х | T47: =SUM(T10,T13,T14,T16,T19,T21,T24,T26,T27,T28,T36,T37,T40,T41,T42,T43,T44,T45,T46) -> 1500 | U47: =SUM(U10,U13,U14,U16,U19,U21,U24,U26,U27,U28,U36,U37,U40,U41,U42,U43,U44,U45,U46) -> 0 | V47: =SUM(V10,V13,V14,V16,V19,V21,V24,V26,V27,V28,V36,V37,V40,V41,V42,V43,V44,V45,V46) -> 8180.06
B48: Остаток средств на конец отчетного периода (строка 1 плюс строка 2 раздела I минус строка 20 раздела II) | C48: 21 | D48: =табл.4!D21-табл.4продолж!D47 -> 816.31 | G48: х | H48: =табл.4!G21-табл.4продолж!H47 -> 816.31 | K48: х | N48: х | Q48: х | T48: =табл.4!S21-табл.4продолж!T47 -> 0 | U48: =табл.4!T21-табл.4продолж!U47 -> 0 | V48: =табл.4!U21-табл.4продолж!V47 -> 816.31

Sheet табл.5,6
P1: Таблица 5
A3: СВЕДЕНИЯ ПО ОТДЕЛЬНЫМ СТАТЬЯМ РАСХОДОВ В РАЗРЕЗЕ ОБЛАСТЕЙ И ПО г.МИНСКУ
A6: Статьи расходов | B6: Код строки в табл.4 | C6: Области | O6: г.Минск | Q6: Всего (сумма граф 3 - 9)
C7: Брестская | E7: Витебская | G7: Гомельская | I7: Гродненская | K7: Минская | M7: Могилевская
A8: 1 | B8: 2 | C8: 3 | E8: 4 | G8: 5 | I8: 6 | K8: 7 | M8: 8 | O8: 9 | Q8: 10
A9: Материальная помощь членам профсоюза | B9: 1.1 | I9: х | O9: =табл.4продолж!V11 -> 1814 | Q9: =O9 -> 1814
A10: Культурно-массовые мероприятия | B10: 4.1 | I10: х | O10: =табл.4продолж!V16 -> 5463.89 | Q10: =O10 -> 5463.89
A11: Спортивные мероприятия | B11: 4.2 | I11: х | O11: 0 | Q11: =O11 -> 0
A12: Содержание детских оздоровительных лагерей | B12: 14 | I12: х | O12: 0 | Q12: =O12 -> 0
A13: Содержание спортивных объектов | B13: 15 | I13: х | O13: 0 | Q13: =O13 -> 0
O15: Таблица 6
A17: СПРАВОЧНАЯ ИНФОРМАЦИЯ
A20: Наименование | L20: Код строки | M20: Данные по состоянию
M21: на 1 января отчетного года | P21: на 31 декабря отчетного года
A22: 1 | L22: 2 | M22: 3 | P22: 4
A23: Остаток средств на текущих (расчетных) счетах организаций профсоюзов | L23: 1 | M23: =январь!M7 -> 1704.73 | P23: =декабрь!M29 -> 816.31
A24: Остаток средств на счетах банковских вкладов (депозитах) организаций профсоюзов | L24: 2 | M24: =январь!O7 -> 0 | P24: =декабрь!O29 -> 0
A25: Остаток средств на других счетах организаций профсоюзов | L25: 3
A26: Остаток средств целевого финансирования организаций профсоюзов, в том числе | L26: 4 | M26: =табл.4!U11 -> 1704.73 | P26: =табл.4продолж!V48 -> 816.31
A27: средств Фонда помощи* | L27: 4.1 | M27: =январь!AG7-январь!AF7 -> 0
A28: средств Резервного фонда* | L28: 4.2
A29: другие статьи не включенные в фонд | L29: 4.3
A30: Задолженность (-) или переплата (+) по перечислению обязательных отчислений ФПБ | L30: 5
A31: Задолженность (-) или переплата (+) по перечислению отчислений в единый централизованный фонд | L31: 6
A32: Перечислено обязательных отчислений ФПБ за отчетный год | L32: 7 | M32: х
A33: в т.ч. перечислено обязательных отчислений ФПБ за реорганизованные организации профсоюзов | L33: 7.1 | M33: х
A34: Перечислено отчислений в единый централизованный фонд за отчетный год | L34: 8 | M34: х
A35: в т.ч. перечислено отчислений в единый централизованный фонд за реорганизованные организации профсоюзов | L35: 8.1 | M35: х
A37: * Заполняется профсоюзными организациями юридических лиц, их обособленными подразделениями.
A41: Председатель комитета (совета)
D42: (подпись) | J42: (И.О. Фамилия)
A44: Бухгалтер
D45: (подпись) | J45: (И.О. Фамилия)
A46: М.П.
